Workbook

Sheet FEDERAL RATES (HIDDEN)
B2: CEP ISP MULTIPLIER | C2: 1.6 | I2: PERFORMANCE- BASED CASH ASSISTANCE | J2: 0.07
B4: BREAKFAST RATES | C4: SEVERE | E4: NON-SEVERE | G4: PAID | I4: LUNCH RATES | J4: <60% | K4: ≥60% | L4: MAX
C5: FREE | D5: REDUCED | E5: FREE | F5: REDUCED | I5: CONTIGUOUS U.S.
B6: CONTIGUOUS U.S. | C6: 2.2 | D6: 1.9 | E6: 1.84 | F6: 1.54 | G6: 0.31 | I6: PAID | J6: 0.32 | K6: 0.39 | L6: 0.4
B7: ALASKA | C7: 3.53 | D7: 3.23 | E7: 2.95 | F7: 2.65 | G7: 0.47 | I7: REDUCED | J7: 3.01 | K7: 3.08 | L7: 3.18
B8: HAWAII / PUERTO RICO | C8: 2.57 | D8: 2.27 | E8: 2.15 | F8: 1.85 | G8: 0.36 | I8: FREE | J8: 3.41 | K8: 3.48 | L8: 3.58
B10: SNACKS | C10: FREE | D10: REDUCED | E10: PAID | I10: ALASKA
B11: CONTIGUOUS U.S. | C11: 0.94 | D11: 0.47 | E11: 0.08 | I11: PAID | J11: 0.53 | K11: 0.6 | L11: 0.63
B12: ALASKA | C12: 1.52 | D12: 0.76 | E12: 0.13 | I12: REDUCED | J12: 5.14 | K12: 5.21 | L12: 5.38
B13: HAWAII / PUERTO RICO | C13: 1.1 | D13: 0.55 | E13: 0.1 | I13: FREE | J13: 5.54 | K13: 5.61 | L13: 5.78
B15: SUPPER | C15: FREE | D15: REDUCED | E15: PAID | I15: HAWAII
B16: CONTIGUOUS U.S. | C16: 3.41 | D16: 3.01 | E16: 0.32 | I16: PAID | J16: 0.38 | K16: 0.45 | L16: 0.46
B17: ALASKA | C17: 5.54 | D17: 5.14 | E17: 0.53 | I17: REDUCED | J17: 3.6 | K17: 3.67 | L17: 3.78
B18: HAWAII / PUERTO RICO | C18: 4 | D18: 3.6 | E18: 0.38 | I18: FREE | J18: 4 | K18: 4.07 | L18: 4.18
B20: VALUE OF DONATED FOODS | C20: 0.2375
B21: https://www.federalregister.gov/documents/2019/08/07/2019-16903/national-school-lunch-special-milk-and-school-breakfast-programs-national-average-paymentsmaximum#p-31
B22: https://www.federalregister.gov/documents/2019/08/07/2019-16907/child-and-adult-care-food-program-national-average-payment-rates-day-care-home-food-service-payment
B23: https://www.ers.usda.gov/topics/food-nutrition-assistance/child-nutrition-programs/after-school-snacks-and-suppers/
B24: https://www.fns.usda.gov/usda-fis/value-donated-foods-notices

Sheet REIMBURSEMENT RATE OLD
A2: SELECT YOUR GEOGRAPHIC REGION: | B2: CONTIGUOUS US
B3: BREAKFAST | D3: ADJUSTMENT | E3: REIMBURSEMENT RATE
B4: BLENDED CURRENT PAID RATE | C4: =((#REF!/SUM(#REF!))*#REF!)+ ((#REF!/SUM(#REF!))*#REF!)+ ((#REF!/SUM(#REF!))*#REF!)+ ((#REF!/SUM(#REF!))*#REF!)+ ((#REF!/SUM(#REF!))*#REF!)+ ((#REF!/SUM(#REF!))*#REF!)+ ((#REF!/SUM(#REF!))*#REF!)+ ((#REF!/SUM(#REF!))*#REF!)+ ((#REF!/SUM(#REF!))*#REF!)+ ((#REF!/SUM(#REF!))*#REF!)+ ((#REF!/SUM(#REF!))*#REF!)+ ((#REF!/SUM(#REF!))*#REF!)+ ((#REF!/SUM(#REF!))*#REF!)+ ((#REF!/SUM(#REF!))*#REF!)+ ((#REF!/SUM(#REF!))*#REF!)+ ((#REF!/SUM(#REF!))*#REF!)+ ((#REF!/SUM(#REF!))*#REF!)+ ((#REF!/SUM(#REF!))*#REF!)+ ((#REF!/SUM(#REF!))*#REF!)+ ((#REF!/SUM(#REF!))*#REF!)+ ((#REF!/SUM(#REF!))*#REF!)+ ((#REF!/SUM(#REF!))*#REF!)+ ((#REF!/SUM(#REF!))*#REF!)+ ((#REF!/SUM(#REF!))*#REF!)+ ((#REF!/SUM(#REF!))*#REF!)+ ((#REF!/SUM(#REF!))*#REF!)+ ((#REF!/SUM(#REF!))*#REF!)+ ((#REF!/SUM(#REF!))*#REF!)+ ((#REF!/SUM(#REF!))*#REF!)+ ((#REF!/SUM(#REF!))*#REF!) -> #REF! | D4: 0 | E4: ='REIMBURSEMENT RATE OLD'!$C$4+D4 -> #REF!
B5: BLENDED FREE RATE | C5: =((#REF!/SUM(#REF!))*#REF!)+ ((#REF!/SUM(#REF!))*#REF!)+ ((#REF!/SUM(#REF!))*#REF!)+ ((#REF!/SUM(#REF!))*#REF!)+ ((#REF!/SUM(#REF!))*#REF!)+ ((#REF!/SUM(#REF!))*#REF!)+ ((#REF!/SUM(#REF!))*#REF!)+ ((#REF!/SUM(#REF!))*#REF!)+ ((#REF!/SUM(#REF!))*#REF!)+ ((#REF!/SUM(#REF!))*#REF!)+ ((#REF!/SUM(#REF!))*#REF!)+ ((#REF!/SUM(#REF!))*#REF!)+ ((#REF!/SUM(#REF!))*#REF!)+ ((#REF!/SUM(#REF!))*#REF!)+ ((#REF!/SUM(#REF!))*#REF!)+ ((#REF!/SUM(#REF!))*#REF!)+ ((#REF!/SUM(#REF!))*#REF!)+ ((#REF!/SUM(#REF!))*#REF!)+ ((#REF!/SUM(#REF!))*#REF!)+ ((#REF!/SUM(#REF!))*#REF!)+ ((#REF!/SUM(#REF!))*#REF!)+ ((#REF!/SUM(#REF!))*#REF!)+ ((#REF!/SUM(#REF!))*#REF!)+ ((#REF!/SUM(#REF!))*#REF!)+ ((#REF!/SUM(#REF!))*#REF!)+ ((#REF!/SUM(#REF!))*#REF!)+ ((#REF!/SUM(#REF!))*#REF!)+ ((#REF!/SUM(#REF!))*#REF!)+ ((#REF!/SUM(#REF!))*#REF!)+ ((#REF!/SUM(#REF!))*#REF!) -> #REF! | D5: 0 | E5: ='REIMBURSEMENT RATE OLD'!$C$5+D5 -> #REF!
B7: NSLP REIMBURSEMENT RATES
B8: IS YOUR SFA CERTIFIED TO RECEIVE AN EXTRA $0.07? | C8: YES
B9: DO YOU RECEIVE THE EXTRA $0.02? | C9: NO
B10: SELECT YOUR RATE TYPE: | C10: ≥60% | D10: ADJUSTMENT | E10: REIMBURSEMENT RATE
B11: PAID RATE | C11: =IF(AND('REIMBURSEMENT RATE OLD'!$B$2="CONTIGUOUS US",$C$10="<60%"),'FEDERAL RATES (HIDDEN)'!$J6,IF(AND('REIMBURSEMENT RATE OLD'!$B$2="CONTIGUOUS US",$C$10="≥60%"),'FEDERAL RATES (HIDDEN)'!$K6,IF(AND('REIMBURSEMENT RATE OLD'!$B$2="CONTIGUOUS US",$C$10="MAX"),'FEDERAL RATES (HIDDEN)'!$L6,IF(AND('REIMBURSEMENT RATE OLD'!$B$2="ALASKA",$C$10="<60%"),'FEDERAL RATES (HIDDEN)'!$J11,IF(AND('REIMBURSEMENT RATE OLD'!$B$2="ALASKA",$C$10="≥60%"),'FEDERAL RATES (HIDDEN)'!$K11,IF(AND('REIMBURSEMENT RATE OLD'!$B$2="ALASKA",$C$10="MAX"),'FEDERAL RATES (HIDDEN)'!$L11,IF(AND('REIMBURSEMENT RATE OLD'!$B$2="HAWAII",$C$10="<60%"),'FEDERAL RATES (HIDDEN)'!$J16,IF(AND('REIMBURSEMENT RATE OLD'!$B$2="HAWAII",$C$10="≥60%"),'FEDERAL RATES (HIDDEN)'!$K16,IF(AND('REIMBURSEMENT RATE OLD'!$B$2="HAWAII",$C$10="MAX"),'FEDERAL RATES (HIDDEN)'!$L16,"")))))))))+IF($C$8="YES",0.07,0)+IF($C$9="YES",0.02,0) -> 0.46 | D11: 0 | E11: ='REIMBURSEMENT RATE OLD'!$C$11+D11 -> 0.46
B12: FREE RATE | C12: =IF(AND('REIMBURSEMENT RATE OLD'!$B$2="CONTIGUOUS US",$C$10="<60%"),'FEDERAL RATES (HIDDEN)'!$J8,IF(AND('REIMBURSEMENT RATE OLD'!$B$2="CONTIGUOUS US",$C$10="≥60%"),'FEDERAL RATES (HIDDEN)'!$K8,IF(AND('REIMBURSEMENT RATE OLD'!$B$2="CONTIGUOUS US",$C$10="MAX"),'FEDERAL RATES (HIDDEN)'!$L8,IF(AND('REIMBURSEMENT RATE OLD'!$B$2="ALASKA",$C$10="<60%"),'FEDERAL RATES (HIDDEN)'!$J13,IF(AND('REIMBURSEMENT RATE OLD'!$B$2="ALASKA",$C$10="≥60%"),'FEDERAL RATES (HIDDEN)'!$K13,IF(AND('REIMBURSEMENT RATE OLD'!$B$2="ALASKA",$C$10="MAX"),'FEDERAL RATES (HIDDEN)'!$L13,IF(AND('REIMBURSEMENT RATE OLD'!$B$2="HAWAII",$C$10="<60%"),'FEDERAL RATES (HIDDEN)'!$J18,IF(AND('REIMBURSEMENT RATE OLD'!$B$2="HAWAII",$C$10="≥60%"),'FEDERAL RATES (HIDDEN)'!$K18,IF(AND('REIMBURSEMENT RATE OLD'!$B$2="HAWAII",$C$10="MAX"),'FEDERAL RATES (HIDDEN)'!$L18,"")))))))))+IF($C$8="YES",0.07,0)+IF($C$9="YES",0.02,0) -> 3.55 | D12: 0 | E12: ='REIMBURSEMENT RATE OLD'!$C$12+D12 -> 3.55

Sheet LANDING PAGE
B9: Welcome to FRAC's Community Eligibility modeling tool. This calculator is designed to help you assess the potential financial benefits of exercising the Community Eligibility Provision in your district. Community eligibility is a powerful tool for high-poverty schools to provide breakfast and lunch at no charge to all students. Community eligibility reduces administrative paperwork for schools so they can focus on providing healthy meals to help students learn and thrive; increases school meal participation by removing stigma; maximizes federal reimbursements; and makes it easier to implement innovative service models like Breakfast in the Classroom.
B11: BEFORE YOU GET STARTED, it will be easiest and most accurate to use the tool and you have a few pieces of district information handy:
B12: 1) District average daily attendance
B13: 2) Your district's identified student percentage (ISP).
B14: For an explanation of ISP, click here.
B15: 3) Your current per meal reimbursement rates.
B16: 4) Your current per meal food and materials expenses.
B17: 5) Your current hourly labor rate.
B19: Once you have this information, click | G19: HERE | H19: to proceed.

Sheet MPLH COMPS
B1: MEAL EQUIVALENTS1 | D1: CONVENTIONAL SYSTEM MLPH2 | F1: CONVENIENCE SYSTEM MLPH3
B2: LOW | C2: HIGH | D2: LOW | E2: HIGH | F2: LOW | G2: HIGH
B3: 1 | C3: 100 | D3: 8 | E3: 10 | F3: 10 | G3: 12
B4: 101 | C4: 150 | D4: 9 | E4: 11 | F4: 11 | G4: 13
B5: 151 | C5: 200 | D5: 10 | E5: 12 | F5: 12 | G5: 14
B6: 201 | C6: 250 | D6: 12 | E6: 14 | F6: 14 | G6: 15
B7: 251 | C7: 300 | D7: 13 | E7: 15 | F7: 15 | G7: 16
B8: 301 | C8: 400 | D8: 14 | E8: 16 | F8: 16 | G8: 18
B9: 401 | C9: 500 | D9: 14 | E9: 17 | F9: 18 | G9: 19
B10: 501 | C10: 600 | D10: 15 | E10: 17 | F10: 18 | G10: 19
B11: 601 | C11: 700 | D11: 16 | E11: 18 | F11: 19 | G11: 20
B12: 701 | C12: 800 | D12: 17 | E12: 19 | F12: 20 | G12: 22
B13: 801 | C13: 1000000 | D13: 18 | E13: 20 | F13: 21 | G13: 23
B16: 1 Meal equivalents (MEQ) include breakfast, snacks and a la carte sales. Lunch 1:1, Breakfast 3:2, Snack 3:1, A la carte MEQ = sales revenue divided by the amount of free lunch reimbursement plus the USDA food entitlement.
B17: 2 Conventional system is preparation of some foods from raw ingredients on premises (using some bakery breads and prepared pizza and washing dishes)
B18: 3 Convenience system is using maximum amount of processed foods (e.g. using all bakery breads, precooked chicken, ready to serve raw fruits and vegetables, pre-portioned condiments and washing only trays and using disposable dinnerware)
B20: Source: School Foodservice Management for the 21st Century (5th ed.), by D. Pannell -Martin, 1999, pp. 155 -156, Alexandria. VA

Sheet SCHOOL WORKSHEET
A1: SCHOOL | B1: INCLUDE IN CEP? | C1: CEP ISP GROUP | D1: TOTAL SITES IN GROUP | E1: # OF OPERATING DAYS | F1: # OF STUDENTS | J1: REIMBURSEMENT % | M1: AVERAGE DAILY ATTENDANCE | O1: PARTICIPATION RATES | AK1: FEDERAL / STATE / LOCAL REIMBURSEMENT RATES | AW1: MEAL PRICE TO STUDENTS | BB1: PER MEAL FOOD & MATERIALS EXPENSE | BH1: LABOR | BO1: REIMBURSEMENTS | BS1: SALES | BV1: DIRECT EXPENSES | BY1: SITE CONTRIBUTION MARGIN
AK2: BREAKFAST | AN2: SNACK | AQ2: LUNCH | AT2: SUPPER | AW2: BREAKFAST | AY2: LUNCH | BA2: ALA CARTE AVERAGE SALE
F3: FREE | G3: REDUCED | H3: PAID | I3: ENROLLED | J3: FREE | K3: REDUCED | L3: PAID | M3: ADA % | N3: ADA # | O3: BFAST | P3: FREE BFAST | Q3: REDUCED BFAST | R3: PAID BFAST | S3: TOTAL BFAST | T3: SNACK | U3: FREE SNACK | V3: REDUCED SNACK | W3: PAID SNACK | X3: TOTAL SNACKS | Y3: LUNCH | Z3: FREE LUNCH | AA3: REDUCED LUNCH | AB3: PAID LUNCH | AC3: TOTAL LUNCHES | AD3: SUPPER | AE3: FREE SUPPER | AF3: REDUCED SUPPER | AG3: PAID SUPPER | AH3: TOTAL SUPPERS | AI3: ALA CARTE | AJ3: TOTAL ALA CARTE | AK3: FREE | AL3: REDUCED | AM3: PAID | AN3: FREE | AO3: REDUCED | AP3: PAID | AQ3: FREE | AR3: REDUCED | AS3: PAID | AT3: FREE | AU3: REDUCED | AV3: PAID | AW3: REDUCED | AX3: PAID | AY3: REDUCED | AZ3: PAID | BB3: BREAKFAST | BC3: SNACK | BD3: LUNCH | BE3: SUPPER | BF3: ALA CARTE | BG3: FOOD WASTE % | BH3: MEAL SERVICE TYPE | BI3: DAILY MEAL EQUIVALENTS | BJ3: HOURS | BK3: MPLH | BL3: MLPH TARGET | BM3: HOURLY WAGE | BN3: BENEFITS % | BO3: BREAKFAST | BP3: SNACK | BQ3: LUNCH | BR3: SUPPER | BS3: BREAKFAST | BT3: LUNCH | BU3: ALA CARTE | BV3: FOOD | BW3: LABOR | BX3: TOTAL
A4: SCHOOL 1 | B4: FALSE | D4: =COUNTIFS(C:C,C4) -> 0 | E4: 0 | F4: 0 | G4: 0 | H4: 0 | I4: =SUM(F4:H4) -> 0 | J4: =IF($F4=0,0,IF($B4=FALSE,ROUND($F4/$I4,4), IF(AND($B4=TRUE,C4=0,ROUND($F4/$I4,4)>=0.4),MIN(1,ROUND(($F4/$I4)*'FEDERAL RATES (HIDDEN)'!$C$2,4)), IF(AND($B4=TRUE,C4=0,ROUND($F4/$I4,4)<0.4),ROUND($F4/$I4,4), IF(ROUND((SUMIFS($F:$F,$B:$B,TRUE,$C:$C,$C4)/SUMIFS($I:$I,$B:$B,TRUE,$C:$C,$C4)),4)>=0.4, MIN(1,ROUND((SUMIFS($F:$F,$B:$B,TRUE,$C:$C,$C4)/SUMIFS($I:$I,$B:$B,TRUE,$C:$C,$C4))*'FEDERAL RATES (HIDDEN)'!$C$2,4)), ROUND((SUMIFS($F:$F,$B:$B,TRUE,$C:$C,$C4)/SUMIFS($I:$I,$B:$B,TRUE,$C:$C,$C4)),4)))))) -> 0 | K4: =IF(OR($G4=0,$B4=TRUE),0,ROUND($G4/$I4,4)) -> 0 | L4: =IF($H4=0,0, IF($B4=TRUE,1-$J4, ROUND($H$4/$I4,4))) -> 0 | M4: 1 | N4: =ROUND(I4*M4,0) -> 0 | O4: 0 | P4: =ROUND($J4*$N4*$O4,0) -> 0 | Q4: =ROUND($K4*$N4*$O4,0) -> 0 | R4: =ROUND($L4*$N4*$O4,0) -> 0 | S4: =SUM(P4:R4) -> 0 | T4: 0 | U4: =ROUND($J4*$N4*$T4,0) -> 0 | V4: =ROUND($K4*$N4*$T4,0) -> 0 | W4: =ROUND($L4*$N4*$T4,0) -> 0 | X4: =SUM(U4:W4) -> 0 | Y4: 0 | Z4: =ROUND($J4*$N4*$Y4,0) -> 0 | AA4: =ROUND($K4*$N4*$Y4,0) -> 0 | AB4: =ROUND($L4*$N4*$Y4,0) -> 0 | AC4: =SUM(Z4:AB4) -> 0 | AD4: 0 | AE4: =ROUND($J4*$N4*$AD4,0) -> 0 | AF4: =ROUND($K4*$N4*$AD4,0) -> 0 | AG4: =ROUND($L4*$N4*$AD4,0) -> 0 | AH4: =SUM(AE4:AG4) -> 0 | AI4: 0 | AJ4: =ROUND($N4*AI4,0) -> 0 | AK4: 2.2 | AL4: 1.9 | AM4: 0.13 | AN4: 0.94 | AO4: 0.47 | AP4: 0.08 | AQ4: 3.55 | AR4: 3.15 | AS4: 0.46 | AT4: 3.86 | AU4: 3.01 | AV4: 0.32 | AW4: 0 | AX4: 1.25 | AY4: 0 | AZ4: 2.5 | BA4: 1 | BB4: 0.95 | BC4: 0.5 | BD4: 2 | BE4: 2 | BF4: 0.5 | BG4: 0 | BH4: CONVENTIONAL | BI4: =(S4*(2/3))+ (X4*(1/3))+ (AC4)+ (AH4)+ ((AJ4)/(AZ4+'FEDERAL RATES (HIDDEN)'!$C$20)) -> 0 | BJ4: 32 | BK4: =IF(OR(BJ4=0,BI4=0),0,BI4/BJ4) -> 0 | BL4: =IF(AND(BH4="CONVENTIONAL",$BI4>='MPLH COMPS'!$B$3,$BI4<='MPLH COMPS'!$C$3),'MPLH COMPS'!$D$3&" - "&'MPLH COMPS'!$E$3, IF(AND(BH4="CONVENTIONAL",$BI4>='MPLH COMPS'!$B$4,$BI4<='MPLH COMPS'!$C$4),'MPLH COMPS'!$D$4&" - "&'MPLH COMPS'!$E$4, IF(AND(BH4="CONVENTIONAL",$BI4>='MPLH COMPS'!$B$5,$BI4<='MPLH COMPS'!$C$5),'MPLH COMPS'!$D$5&" - "&'MPLH COMPS'!$E$5, IF(AND(BH4="CONVENTIONAL",$BI4>='MPLH COMPS'!$B$6,$BI4<='MPLH COMPS'!$C$6),'MPLH COMPS'!$D$6&" - "&'MPLH COMPS'!$E$6, IF(AND(BH4="CONVENTIONAL",$BI4>='MPLH COMPS'!$B$7,$BI4<='MPLH COMPS'!$C$7),'MPLH COMPS'!$D$7&" - "&'MPLH COMPS'!$E$7, IF(AND(BH4="CONVENTIONAL",$BI4>='MPLH COMPS'!$B$8,$BI4<='MPLH COMPS'!$C$8),'MPLH COMPS'!$D$8&" - "&'MPLH COMPS'!$E$8, IF(AND(BH4="CONVENTIONAL",$BI4>='MPLH COMPS'!$B$9,$BI4<='MPLH COMPS'!$C$9),'MPLH COMPS'!$D$9&" - "&'MPLH COMPS'!$E$9, IF(AND(BH4="CONVENTIONAL",$BI4>='MPLH COMPS'!$B$10,$BI4<='MPLH COMPS'!$C$10),'MPLH COMPS'!$D$10&" - "&'MPLH COMPS'!$E$10, IF(AND(BH4="CONVENTIONAL",$BI4>='MPLH COMPS'!$B$11,$BI4<='MPLH COMPS'!$C$11),'MPLH COMPS'!$D$11&" - "&'MPLH COMPS'!$E$11, IF(AND(BH4="CONVENTIONAL",$BI4>='MPLH COMPS'!$B$12,$BI4<='MPLH COMPS'!$C$12),'MPLH COMPS'!$D$12&" - "&'MPLH COMPS'!$E$12, IF(AND(BH4="CONVENTIONAL",$BI4>='MPLH COMPS'!$B$13,$BI4<='MPLH COMPS'!$C$13),'MPLH COMPS'!$D$13&" - "&'MPLH COMPS'!$E$13, IF(AND(BH4="CONVENIENCE",$BI4>='MPLH COMPS'!$B$3,$BI4<='MPLH COMPS'!$C$3),'MPLH COMPS'!$F$3&" - "&'MPLH COMPS'!$G$3, IF(AND(BH4="CONVENIENCE",$BI4>='MPLH COMPS'!$B$4,$BI4<='MPLH COMPS'!$C$4),'MPLH COMPS'!$F$4&" - "&'MPLH COMPS'!$G$4, IF(AND(BH4="CONVENIENCE",$BI4>='MPLH COMPS'!$B$5,$BI4<='MPLH COMPS'!$C$5),'MPLH COMPS'!$F$5&" - "&'MPLH COMPS'!$G$5, IF(AND(BH4="CONVENIENCE",$BI4>='MPLH COMPS'!$B$6,$BI4<='MPLH COMPS'!$C$6),'MPLH COMPS'!$F$6&" - "&'MPLH COMPS'!$G$6, IF(AND(BH4="CONVENIENCE",$BI4>='MPLH COMPS'!$B$7,$BI4<='MPLH COMPS'!$C$7),'MPLH COMPS'!$F$7&" - "&'MPLH COMPS'!$G$7, IF(AND(BH4="CONVENIENCE",$BI4>='MPLH COMPS'!$B$8,$BI4<='MPLH COMPS'!$C$8),'MPLH COMPS'!$F$8&" - "&'MPLH COMPS'!$G$8, IF(AND(BH4="CONVENIENCE",$BI4>='MPLH COMPS'!$B$9,$BI4<='MPLH COMPS'!$C$9),'MPLH COMPS'!$F$9&" - "&'MPLH COMPS'!$G$9, IF(AND(BH4="CONVENIENCE",$BI4>='MPLH COMPS'!$B$10,$BI4<='MPLH COMPS'!$C$10),'MPLH COMPS'!$F$10&" - "&'MPLH COMPS'!$G$10, IF(AND(BH4="CONVENIENCE",$BI4>='MPLH COMPS'!$B$11,$BI4<='MPLH COMPS'!$C$11),'MPLH COMPS'!$F$11&" - "&'MPLH COMPS'!$G$11, IF(AND(BH4="CONVENIENCE",$BI4>='MPLH COMPS'!$B$12,$BI4<='MPLH COMPS'!$C$12),'MPLH COMPS'!$F$12&" - "&'MPLH COMPS'!$G$12, IF(AND(BH4="CONVENIENCE",$BI4>='MPLH COMPS'!$B$13,$BI4<='MPLH COMPS'!$C$13),'MPLH COMPS'!$F$13&" - "&'MPLH COMPS'!$G$13, "")))))))))))))))))))))) | BM4: 14 | BN4: 0 | BO4: =(($P4*$AK4)+($Q4*$AL4)+($R4*$AM4))*$E4 -> 0 | BP4: =(($U4*$AN4)+($V4*$AO4)+($W4*$AP4))*$E4 -> 0 | BQ4: =(($Z4*$AQ4)+($AA4*$AR4)+($AB4*$AS4))*$E4 -> 0 | BR4: =(($AE4*$AT4)+($AF4*$AU4)+($AG4*$AV4))*$E4 -> 0 | BS4: =IF($B4=FALSE,(($Q4*$AW4)+($R4*$AX4))*$E4,0) -> 0 | BT4: =IF($B4=FALSE,(($AA4*$AY4)+($AB4*$AZ4))*$E4,0) -> 0 | BU4: =AJ4*BA4*$E4 -> 0 | BV4: =($S4*(1+$BG4)*$BB4*$E4)+ ($X4*(1+$BG4)*$BC4*$E4)+ ($AC4*(1+$BG4)*$BD4*$E4)+ ($AH4*(1+$BG4)*$BE4*$E4)+ ($AJ4*(1+$BG4)*$BF4*$E4) -> 0 | BW4: =(($BJ4*$BM4)+($BJ4*$BM4*$BN4))*$E4 -> 0 | BX4: =BV4+BW4 -> 0 | BY4: =SUM(BO4:BU4)-BX4 -> 0
A5: SCHOOL 2 | B5: FALSE | D5: =COUNTIFS(C:C,C5) -> 0 | I5: =SUM(F5:H5) -> 0 | J5: =IF($F5=0,0,IF($B5=FALSE,ROUND($F5/$I5,4), IF(AND($B5=TRUE,C5=0,ROUND($F5/$I5,4)>=0.4),MIN(1,ROUND(($F5/$I5)*'FEDERAL RATES (HIDDEN)'!$C$2,4)), IF(AND($B5=TRUE,C5=0,ROUND($F5/$I5,4)<0.4),ROUND($F5/$I5,4), IF(ROUND((SUMIFS($F:$F,$B:$B,TRUE,$C:$C,$C5)/SUMIFS($I:$I,$B:$B,TRUE,$C:$C,$C5)),4)>=0.4, MIN(1,ROUND((SUMIFS($F:$F,$B:$B,TRUE,$C:$C,$C5)/SUMIFS($I:$I,$B:$B,TRUE,$C:$C,$C5))*'FEDERAL RATES (HIDDEN)'!$C$2,4)), ROUND((SUMIFS($F:$F,$B:$B,TRUE,$C:$C,$C5)/SUMIFS($I:$I,$B:$B,TRUE,$C:$C,$C5)),4)))))) -> 0 | K5: =IF(OR($G5=0,$B5=TRUE),0,ROUND($G5/$I5,4)) -> 0 | L5: =IF($H5=0,0, IF($B5=TRUE,1-$J5, ROUND($H$4/$I5,4))) -> 0 | M5: 1 | N5: =ROUND(I5*M5,0) -> 0 | P5: =ROUND($J5*$N5*$O5,0) -> 0 | Q5: =ROUND($K5*$N5*$O5,0) -> 0 | R5: =ROUND($L5*$N5*$O5,0) -> 0 | S5: =SUM(P5:R5) -> 0 | U5: =ROUND($J5*$N5*$T5,0) -> 0 | V5: =ROUND($K5*$N5*$T5,0) -> 0 | W5: =ROUND($L5*$N5*$T5,0) -> 0 | X5: =SUM(U5:W5) -> 0 | Z5: =ROUND($J5*$N5*$Y5,0) -> 0 | AA5: =ROUND($K5*$N5*$Y5,0) -> 0 | AB5: =ROUND($L5*$N5*$Y5,0) -> 0 | AC5: =SUM(Z5:AB5) -> 0 | AE5: =ROUND($J5*$N5*$AD5,0) -> 0 | AF5: =ROUND($K5*$N5*$AD5,0) -> 0 | AG5: =ROUND($L5*$N5*$AD5,0) -> 0 | AH5: =SUM(AE5:AG5) -> 0 | AJ5: =ROUND($N5*AI5,0) -> 0 | BI5: =(P5*(2/3))+ (X5*(1/3))+ (AC5)+ (AH5)+ ((AJ5)/(AZ5+'FEDERAL RATES (HIDDEN)'!$C$20)) -> 0 | BK5: =IF(OR(BJ5=0,BI5=0),0,BI5/BJ5) -> 0 | BL5: =IF(AND(BH5="CONVENTIONAL",$BI5>='MPLH COMPS'!$B$3,$BI5<='MPLH COMPS'!$C$3),'MPLH COMPS'!$D$3&" - "&'MPLH COMPS'!$E$3, IF(AND(BH5="CONVENTIONAL",$BI5>='MPLH COMPS'!$B$4,$BI5<='MPLH COMPS'!$C$4),'MPLH COMPS'!$D$4&" - "&'MPLH COMPS'!$E$4, IF(AND(BH5="CONVENTIONAL",$BI5>='MPLH COMPS'!$B$5,$BI5<='MPLH COMPS'!$C$5),'MPLH COMPS'!$D$5&" - "&'MPLH COMPS'!$E$5, IF(AND(BH5="CONVENTIONAL",$BI5>='MPLH COMPS'!$B$6,$BI5<='MPLH COMPS'!$C$6),'MPLH COMPS'!$D$6&" - "&'MPLH COMPS'!$E$6, IF(AND(BH5="CONVENTIONAL",$BI5>='MPLH COMPS'!$B$7,$BI5<='MPLH COMPS'!$C$7),'MPLH COMPS'!$D$7&" - "&'MPLH COMPS'!$E$7, IF(AND(BH5="CONVENTIONAL",$BI5>='MPLH COMPS'!$B$8,$BI5<='MPLH COMPS'!$C$8),'MPLH COMPS'!$D$8&" - "&'MPLH COMPS'!$E$8, IF(AND(BH5="CONVENTIONAL",$BI5>='MPLH COMPS'!$B$9,$BI5<='MPLH COMPS'!$C$9),'MPLH COMPS'!$D$9&" - "&'MPLH COMPS'!$E$9, IF(AND(BH5="CONVENTIONAL",$BI5>='MPLH COMPS'!$B$10,$BI5<='MPLH COMPS'!$C$10),'MPLH COMPS'!$D$10&" - "&'MPLH COMPS'!$E$10, IF(AND(BH5="CONVENTIONAL",$BI5>='MPLH COMPS'!$B$11,$BI5<='MPLH COMPS'!$C$11),'MPLH COMPS'!$D$11&" - "&'MPLH COMPS'!$E$11, IF(AND(BH5="CONVENTIONAL",$BI5>='MPLH COMPS'!$B$12,$BI5<='MPLH COMPS'!$C$12),'MPLH COMPS'!$D$12&" - "&'MPLH COMPS'!$E$12, IF(AND(BH5="CONVENTIONAL",$BI5>='MPLH COMPS'!$B$13,$BI5<='MPLH COMPS'!$C$13),'MPLH COMPS'!$D$13&" - "&'MPLH COMPS'!$E$13, IF(AND(BH5="CONVENIENCE",$BI5>='MPLH COMPS'!$B$3,$BI5<='MPLH COMPS'!$C$3),'MPLH COMPS'!$F$3&" - "&'MPLH COMPS'!$G$3, IF(AND(BH5="CONVENIENCE",$BI5>='MPLH COMPS'!$B$4,$BI5<='MPLH COMPS'!$C$4),'MPLH COMPS'!$F$4&" - "&'MPLH COMPS'!$G$4, IF(AND(BH5="CONVENIENCE",$BI5>='MPLH COMPS'!$B$5,$BI5<='MPLH COMPS'!$C$5),'MPLH COMPS'!$F$5&" - "&'MPLH COMPS'!$G$5, IF(AND(BH5="CONVENIENCE",$BI5>='MPLH COMPS'!$B$6,$BI5<='MPLH COMPS'!$C$6),'MPLH COMPS'!$F$6&" - "&'MPLH COMPS'!$G$6, IF(AND(BH5="CONVENIENCE",$BI5>='MPLH COMPS'!$B$7,$BI5<='MPLH COMPS'!$C$7),'MPLH COMPS'!$F$7&" - "&'MPLH COMPS'!$G$7, IF(AND(BH5="CONVENIENCE",$BI5>='MPLH COMPS'!$B$8,$BI5<='MPLH COMPS'!$C$8),'MPLH COMPS'!$F$8&" - "&'MPLH COMPS'!$G$8, IF(AND(BH5="CONVENIENCE",$BI5>='MPLH COMPS'!$B$9,$BI5<='MPLH COMPS'!$C$9),'MPLH COMPS'!$F$9&" - "&'MPLH COMPS'!$G$9, IF(AND(BH5="CONVENIENCE",$BI5>='MPLH COMPS'!$B$10,$BI5<='MPLH COMPS'!$C$10),'MPLH COMPS'!$F$10&" - "&'MPLH COMPS'!$G$10, IF(AND(BH5="CONVENIENCE",$BI5>='MPLH COMPS'!$B$11,$BI5<='MPLH COMPS'!$C$11),'MPLH COMPS'!$F$11&" - "&'MPLH COMPS'!$G$11, IF(AND(BH5="CONVENIENCE",$BI5>='MPLH COMPS'!$B$12,$BI5<='MPLH COMPS'!$C$12),'MPLH COMPS'!$F$12&" - "&'MPLH COMPS'!$G$12, IF(AND(BH5="CONVENIENCE",$BI5>='MPLH COMPS'!$B$13,$BI5<='MPLH COMPS'!$C$13),'MPLH COMPS'!$F$13&" - "&'MPLH COMPS'!$G$13, "")))))))))))))))))))))) | BO5: =(($P5*$AK5)+($Q5*$AL5)+($R5*$AM5))*$E5 -> 0 | BP5: =(($U5*$AN5)+($V5*$AO5)+($W5*$AP5))*$E5 -> 0 | BQ5: =(($Z5*$AQ5)+($AA5*$AR5)+($AB5*$AS5))*$E5 -> 0 | BR5: =(($AE5*$AT5)+($AF5*$AU5)+($AG5*$AV5))*$E5 -> 0 | BS5: =IF($B5=FALSE,(($Q5*$AW5)+($R5*$AX5))*$E5,0) -> 0 | BT5: =IF($B5=FALSE,(($AA5*$AY5)+($AB5*$AZ5))*$E5,0) -> 0 | BU5: =AJ5*BA5*$E5 -> 0 | BV5: =($S5*(1+$BG5)*$BB5*$E5)+ ($X5*(1+$BG5)*$BC5*$E5)+ ($AC5*(1+$BG5)*$BD5*$E5)+ ($AH5*(1+$BG5)*$BE5*$E5)+ ($AJ5*(1+$BG5)*$BF5*$E5) -> 0 | BW5: =(($BJ5*$BM5)+($BJ5*$BM5*$BN5))*$E5 -> 0 | BX5: =BV5+BW5 -> 0 | BY5: =SUM(BO5:BU5)-BX5 -> 0
A6: SCHOOL 3 | B6: FALSE | D6: =COUNTIFS(C:C,C6) -> 0 | I6: =SUM(F6:H6) -> 0 | J6: =IF($F6=0,0,IF($B6=FALSE,ROUND($F6/$I6,4), IF(AND($B6=TRUE,C6=0,ROUND($F6/$I6,4)>=0.4),MIN(1,ROUND(($F6/$I6)*'FEDERAL RATES (HIDDEN)'!$C$2,4)), IF(AND($B6=TRUE,C6=0,ROUND($F6/$I6,4)<0.4),ROUND($F6/$I6,4), IF(ROUND((SUMIFS($F:$F,$B:$B,TRUE,$C:$C,$C6)/SUMIFS($I:$I,$B:$B,TRUE,$C:$C,$C6)),4)>=0.4, MIN(1,ROUND((SUMIFS($F:$F,$B:$B,TRUE,$C:$C,$C6)/SUMIFS($I:$I,$B:$B,TRUE,$C:$C,$C6))*'FEDERAL RATES (HIDDEN)'!$C$2,4)), ROUND((SUMIFS($F:$F,$B:$B,TRUE,$C:$C,$C6)/SUMIFS($I:$I,$B:$B,TRUE,$C:$C,$C6)),4)))))) -> 0 | K6: =IF(OR($G6=0,$B6=TRUE),0,ROUND($G6/$I6,4)) -> 0 | L6: =IF($H6=0,0, IF($B6=TRUE,1-$J6, ROUND($H$4/$I6,4))) -> 0 | M6: 1 | N6: =ROUND(I6*M6,0) -> 0 | P6: =ROUND($J6*$N6*$O6,0) -> 0 | Q6: =ROUND($K6*$N6*$O6,0) -> 0 | R6: =ROUND($L6*$N6*$O6,0) -> 0 | S6: =SUM(P6:R6) -> 0 | U6: =ROUND($J6*$N6*$T6,0) -> 0 | V6: =ROUND($K6*$N6*$T6,0) -> 0 | W6: =ROUND($L6*$N6*$T6,0) -> 0 | X6: =SUM(U6:W6) -> 0 | Z6: =ROUND($J6*$N6*$Y6,0) -> 0 | AA6: =ROUND($K6*$N6*$Y6,0) -> 0 | AB6: =ROUND($L6*$N6*$Y6,0) -> 0 | AC6: =SUM(Z6:AB6) -> 0 | AE6: =ROUND($J6*$N6*$AD6,0) -> 0 | AF6: =ROUND($K6*$N6*$AD6,0) -> 0 | AG6: =ROUND($L6*$N6*$AD6,0) -> 0 | AH6: =SUM(AE6:AG6) -> 0 | AJ6: =ROUND($N6*AI6,0) -> 0 | BI6: =(P6*(2/3))+ (X6*(1/3))+ (AC6)+ (AH6)+ ((AJ6)/(AZ6+'FEDERAL RATES (HIDDEN)'!$C$20)) -> 0 | BK6: =IF(OR(BJ6=0,BI6=0),0,BI6/BJ6) -> 0 | BL6: =IF(AND(BH6="CONVENTIONAL",$BI6>='MPLH COMPS'!$B$3,$BI6<='MPLH COMPS'!$C$3),'MPLH COMPS'!$D$3&" - "&'MPLH COMPS'!$E$3, IF(AND(BH6="CONVENTIONAL",$BI6>='MPLH COMPS'!$B$4,$BI6<='MPLH COMPS'!$C$4),'MPLH COMPS'!$D$4&" - "&'MPLH COMPS'!$E$4, IF(AND(BH6="CONVENTIONAL",$BI6>='MPLH COMPS'!$B$5,$BI6<='MPLH COMPS'!$C$5),'MPLH COMPS'!$D$5&" - "&'MPLH COMPS'!$E$5, IF(AND(BH6="CONVENTIONAL",$BI6>='MPLH COMPS'!$B$6,$BI6<='MPLH COMPS'!$C$6),'MPLH COMPS'!$D$6&" - "&'MPLH COMPS'!$E$6, IF(AND(BH6="CONVENTIONAL",$BI6>='MPLH COMPS'!$B$7,$BI6<='MPLH COMPS'!$C$7),'MPLH COMPS'!$D$7&" - "&'MPLH COMPS'!$E$7, IF(AND(BH6="CONVENTIONAL",$BI6>='MPLH COMPS'!$B$8,$BI6<='MPLH COMPS'!$C$8),'MPLH COMPS'!$D$8&" - "&'MPLH COMPS'!$E$8, IF(AND(BH6="CONVENTIONAL",$BI6>='MPLH COMPS'!$B$9,$BI6<='MPLH COMPS'!$C$9),'MPLH COMPS'!$D$9&" - "&'MPLH COMPS'!$E$9, IF(AND(BH6="CONVENTIONAL",$BI6>='MPLH COMPS'!$B$10,$BI6<='MPLH COMPS'!$C$10),'MPLH COMPS'!$D$10&" - "&'MPLH COMPS'!$E$10, IF(AND(BH6="CONVENTIONAL",$BI6>='MPLH COMPS'!$B$11,$BI6<='MPLH COMPS'!$C$11),'MPLH COMPS'!$D$11&" - "&'MPLH COMPS'!$E$11, IF(AND(BH6="CONVENTIONAL",$BI6>='MPLH COMPS'!$B$12,$BI6<='MPLH COMPS'!$C$12),'MPLH COMPS'!$D$12&" - "&'MPLH COMPS'!$E$12, IF(AND(BH6="CONVENTIONAL",$BI6>='MPLH COMPS'!$B$13,$BI6<='MPLH COMPS'!$C$13),'MPLH COMPS'!$D$13&" - "&'MPLH COMPS'!$E$13, IF(AND(BH6="CONVENIENCE",$BI6>='MPLH COMPS'!$B$3,$BI6<='MPLH COMPS'!$C$3),'MPLH COMPS'!$F$3&" - "&'MPLH COMPS'!$G$3, IF(AND(BH6="CONVENIENCE",$BI6>='MPLH COMPS'!$B$4,$BI6<='MPLH COMPS'!$C$4),'MPLH COMPS'!$F$4&" - "&'MPLH COMPS'!$G$4, IF(AND(BH6="CONVENIENCE",$BI6>='MPLH COMPS'!$B$5,$BI6<='MPLH COMPS'!$C$5),'MPLH COMPS'!$F$5&" - "&'MPLH COMPS'!$G$5, IF(AND(BH6="CONVENIENCE",$BI6>='MPLH COMPS'!$B$6,$BI6<='MPLH COMPS'!$C$6),'MPLH COMPS'!$F$6&" - "&'MPLH COMPS'!$G$6, IF(AND(BH6="CONVENIENCE",$BI6>='MPLH COMPS'!$B$7,$BI6<='MPLH COMPS'!$C$7),'MPLH COMPS'!$F$7&" - "&'MPLH COMPS'!$G$7, IF(AND(BH6="CONVENIENCE",$BI6>='MPLH COMPS'!$B$8,$BI6<='MPLH COMPS'!$C$8),'MPLH COMPS'!$F$8&" - "&'MPLH COMPS'!$G$8, IF(AND(BH6="CONVENIENCE",$BI6>='MPLH COMPS'!$B$9,$BI6<='MPLH COMPS'!$C$9),'MPLH COMPS'!$F$9&" - "&'MPLH COMPS'!$G$9, IF(AND(BH6="CONVENIENCE",$BI6>='MPLH COMPS'!$B$10,$BI6<='MPLH COMPS'!$C$10),'MPLH COMPS'!$F$10&" - "&'MPLH COMPS'!$G$10, IF(AND(BH6="CONVENIENCE",$BI6>='MPLH COMPS'!$B$11,$BI6<='MPLH COMPS'!$C$11),'MPLH COMPS'!$F$11&" - "&'MPLH COMPS'!$G$11, IF(AND(BH6="CONVENIENCE",$BI6>='MPLH COMPS'!$B$12,$BI6<='MPLH COMPS'!$C$12),'MPLH COMPS'!$F$12&" - "&'MPLH COMPS'!$G$12, IF(AND(BH6="CONVENIENCE",$BI6>='MPLH COMPS'!$B$13,$BI6<='MPLH COMPS'!$C$13),'MPLH COMPS'!$F$13&" - "&'MPLH COMPS'!$G$13, "")))))))))))))))))))))) | BO6: =(($P6*$AK6)+($Q6*$AL6)+($R6*$AM6))*$E6 -> 0 | BP6: =(($U6*$AN6)+($V6*$AO6)+($W6*$AP6))*$E6 -> 0 | BQ6: =(($Z6*$AQ6)+($AA6*$AR6)+($AB6*$AS6))*$E6 -> 0 | BR6: =(($AE6*$AT6)+($AF6*$AU6)+($AG6*$AV6))*$E6 -> 0 | BS6: =IF($B6=FALSE,(($Q6*$AW6)+($R6*$AX6))*$E6,0) -> 0 | BT6: =IF($B6=FALSE,(($AA6*$AY6)+($AB6*$AZ6))*$E6,0) -> 0 | BU6: =AJ6*BA6*$E6 -> 0 | BV6: =($S6*(1+$BG6)*$BB6*$E6)+ ($X6*(1+$BG6)*$BC6*$E6)+ ($AC6*(1+$BG6)*$BD6*$E6)+ ($AH6*(1+$BG6)*$BE6*$E6)+ ($AJ6*(1+$BG6)*$BF6*$E6) -> 0 | BW6: =(($BJ6*$BM6)+($BJ6*$BM6*$BN6))*$E6 -> 0 | BX6: =BV6+BW6 -> 0 | BY6: =SUM(BO6:BU6)-BX6 -> 0
A7: SCHOOL 4 | B7: FALSE | D7: =COUNTIFS(C:C,C7) -> 0 | I7: =SUM(F7:H7) -> 0 | J7: =IF($F7=0,0,IF($B7=FALSE,ROUND($F7/$I7,4), IF(AND($B7=TRUE,C7=0,ROUND($F7/$I7,4)>=0.4),MIN(1,ROUND(($F7/$I7)*'FEDERAL RATES (HIDDEN)'!$C$2,4)), IF(AND($B7=TRUE,C7=0,ROUND($F7/$I7,4)<0.4),ROUND($F7/$I7,4), IF(ROUND((SUMIFS($F:$F,$B:$B,TRUE,$C:$C,$C7)/SUMIFS($I:$I,$B:$B,TRUE,$C:$C,$C7)),4)>=0.4, MIN(1,ROUND((SUMIFS($F:$F,$B:$B,TRUE,$C:$C,$C7)/SUMIFS($I:$I,$B:$B,TRUE,$C:$C,$C7))*'FEDERAL RATES (HIDDEN)'!$C$2,4)), ROUND((SUMIFS($F:$F,$B:$B,TRUE,$C:$C,$C7)/SUMIFS($I:$I,$B:$B,TRUE,$C:$C,$C7)),4)))))) -> 0 | K7: =IF(OR($G7=0,$B7=TRUE),0,ROUND($G7/$I7,4)) -> 0 | L7: =IF($H7=0,0, IF($B7=TRUE,1-$J7, ROUND($H$4/$I7,4))) -> 0 | M7: 1 | N7: =ROUND(I7*M7,0) -> 0 | P7: =ROUND($J7*$N7*$O7,0) -> 0 | Q7: =ROUND($K7*$N7*$O7,0) -> 0 | R7: =ROUND($L7*$N7*$O7,0) -> 0 | S7: =SUM(P7:R7) -> 0 | U7: =ROUND($J7*$N7*$T7,0) -> 0 | V7: =ROUND($K7*$N7*$T7,0) -> 0 | W7: =ROUND($L7*$N7*$T7,0) -> 0 | X7: =SUM(U7:W7) -> 0 | Z7: =ROUND($J7*$N7*$Y7,0) -> 0 | AA7: =ROUND($K7*$N7*$Y7,0) -> 0 | AB7: =ROUND($L7*$N7*$Y7,0) -> 0 | AC7: =SUM(Z7:AB7) -> 0 | AE7: =ROUND($J7*$N7*$AD7,0) -> 0 | AF7: =ROUND($K7*$N7*$AD7,0) -> 0 | AG7: =ROUND($L7*$N7*$AD7,0) -> 0 | AH7: =SUM(AE7:AG7) -> 0 | AJ7: =ROUND($N7*AI7,0) -> 0 | BI7: =(P7*(2/3))+ (X7*(1/3))+ (AC7)+ (AH7)+ ((AJ7)/(AZ7+'FEDERAL RATES (HIDDEN)'!$C$20)) -> 0 | BK7: =IF(OR(BJ7=0,BI7=0),0,BI7/BJ7) -> 0 | BL7: =IF(AND(BH7="CONVENTIONAL",$BI7>='MPLH COMPS'!$B$3,$BI7<='MPLH COMPS'!$C$3),'MPLH COMPS'!$D$3&" - "&'MPLH COMPS'!$E$3, IF(AND(BH7="CONVENTIONAL",$BI7>='MPLH COMPS'!$B$4,$BI7<='MPLH COMPS'!$C$4),'MPLH COMPS'!$D$4&" - "&'MPLH COMPS'!$E$4, IF(AND(BH7="CONVENTIONAL",$BI7>='MPLH COMPS'!$B$5,$BI7<='MPLH COMPS'!$C$5),'MPLH COMPS'!$D$5&" - "&'MPLH COMPS'!$E$5, IF(AND(BH7="CONVENTIONAL",$BI7>='MPLH COMPS'!$B$6,$BI7<='MPLH COMPS'!$C$6),'MPLH COMPS'!$D$6&" - "&'MPLH COMPS'!$E$6, IF(AND(BH7="CONVENTIONAL",$BI7>='MPLH COMPS'!$B$7,$BI7<='MPLH COMPS'!$C$7),'MPLH COMPS'!$D$7&" - "&'MPLH COMPS'!$E$7, IF(AND(BH7="CONVENTIONAL",$BI7>='MPLH COMPS'!$B$8,$BI7<='MPLH COMPS'!$C$8),'MPLH COMPS'!$D$8&" - "&'MPLH COMPS'!$E$8, IF(AND(BH7="CONVENTIONAL",$BI7>='MPLH COMPS'!$B$9,$BI7<='MPLH COMPS'!$C$9),'MPLH COMPS'!$D$9&" - "&'MPLH COMPS'!$E$9, IF(AND(BH7="CONVENTIONAL",$BI7>='MPLH COMPS'!$B$10,$BI7<='MPLH COMPS'!$C$10),'MPLH COMPS'!$D$10&" - "&'MPLH COMPS'!$E$10, IF(AND(BH7="CONVENTIONAL",$BI7>='MPLH COMPS'!$B$11,$BI7<='MPLH COMPS'!$C$11),'MPLH COMPS'!$D$11&" - "&'MPLH COMPS'!$E$11, IF(AND(BH7="CONVENTIONAL",$BI7>='MPLH COMPS'!$B$12,$BI7<='MPLH COMPS'!$C$12),'MPLH COMPS'!$D$12&" - "&'MPLH COMPS'!$E$12, IF(AND(BH7="CONVENTIONAL",$BI7>='MPLH COMPS'!$B$13,$BI7<='MPLH COMPS'!$C$13),'MPLH COMPS'!$D$13&" - "&'MPLH COMPS'!$E$13, IF(AND(BH7="CONVENIENCE",$BI7>='MPLH COMPS'!$B$3,$BI7<='MPLH COMPS'!$C$3),'MPLH COMPS'!$F$3&" - "&'MPLH COMPS'!$G$3, IF(AND(BH7="CONVENIENCE",$BI7>='MPLH COMPS'!$B$4,$BI7<='MPLH COMPS'!$C$4),'MPLH COMPS'!$F$4&" - "&'MPLH COMPS'!$G$4, IF(AND(BH7="CONVENIENCE",$BI7>='MPLH COMPS'!$B$5,$BI7<='MPLH COMPS'!$C$5),'MPLH COMPS'!$F$5&" - "&'MPLH COMPS'!$G$5, IF(AND(BH7="CONVENIENCE",$BI7>='MPLH COMPS'!$B$6,$BI7<='MPLH COMPS'!$C$6),'MPLH COMPS'!$F$6&" - "&'MPLH COMPS'!$G$6, IF(AND(BH7="CONVENIENCE",$BI7>='MPLH COMPS'!$B$7,$BI7<='MPLH COMPS'!$C$7),'MPLH COMPS'!$F$7&" - "&'MPLH COMPS'!$G$7, IF(AND(BH7="CONVENIENCE",$BI7>='MPLH COMPS'!$B$8,$BI7<='MPLH COMPS'!$C$8),'MPLH COMPS'!$F$8&" - "&'MPLH COMPS'!$G$8, IF(AND(BH7="CONVENIENCE",$BI7>='MPLH COMPS'!$B$9,$BI7<='MPLH COMPS'!$C$9),'MPLH COMPS'!$F$9&" - "&'MPLH COMPS'!$G$9, IF(AND(BH7="CONVENIENCE",$BI7>='MPLH COMPS'!$B$10,$BI7<='MPLH COMPS'!$C$10),'MPLH COMPS'!$F$10&" - "&'MPLH COMPS'!$G$10, IF(AND(BH7="CONVENIENCE",$BI7>='MPLH COMPS'!$B$11,$BI7<='MPLH COMPS'!$C$11),'MPLH COMPS'!$F$11&" - "&'MPLH COMPS'!$G$11, IF(AND(BH7="CONVENIENCE",$BI7>='MPLH COMPS'!$B$12,$BI7<='MPLH COMPS'!$C$12),'MPLH COMPS'!$F$12&" - "&'MPLH COMPS'!$G$12, IF(AND(BH7="CONVENIENCE",$BI7>='MPLH COMPS'!$B$13,$BI7<='MPLH COMPS'!$C$13),'MPLH COMPS'!$F$13&" - "&'MPLH COMPS'!$G$13, "")))))))))))))))))))))) | BO7: =(($P7*$AK7)+($Q7*$AL7)+($R7*$AM7))*$E7 -> 0 | BP7: =(($U7*$AN7)+($V7*$AO7)+($W7*$AP7))*$E7 -> 0 | BQ7: =(($Z7*$AQ7)+($AA7*$AR7)+($AB7*$AS7))*$E7 -> 0 | BR7: =(($AE7*$AT7)+($AF7*$AU7)+($AG7*$AV7))*$E7 -> 0 | BS7: =IF($B7=FALSE,(($Q7*$AW7)+($R7*$AX7))*$E7,0) -> 0 | BT7: =IF($B7=FALSE,(($AA7*$AY7)+($AB7*$AZ7))*$E7,0) -> 0 | BU7: =AJ7*BA7*$E7 -> 0 | BV7: =($S7*(1+$BG7)*$BB7*$E7)+ ($X7*(1+$BG7)*$BC7*$E7)+ ($AC7*(1+$BG7)*$BD7*$E7)+ ($AH7*(1+$BG7)*$BE7*$E7)+ ($AJ7*(1+$BG7)*$BF7*$E7) -> 0 | BW7: =(($BJ7*$BM7)+($BJ7*$BM7*$BN7))*$E7 -> 0 | BX7: =BV7+BW7 -> 0 | BY7: =SUM(BO7:BU7)-BX7 -> 0
A8: SCHOOL 5 | B8: FALSE | D8: =COUNTIFS(C:C,C8) -> 0 | I8: =SUM(F8:H8) -> 0 | J8: =IF($F8=0,0,IF($B8=FALSE,ROUND($F8/$I8,4), IF(AND($B8=TRUE,C8=0,ROUND($F8/$I8,4)>=0.4),MIN(1,ROUND(($F8/$I8)*'FEDERAL RATES (HIDDEN)'!$C$2,4)), IF(AND($B8=TRUE,C8=0,ROUND($F8/$I8,4)<0.4),ROUND($F8/$I8,4), IF(ROUND((SUMIFS($F:$F,$B:$B,TRUE,$C:$C,$C8)/SUMIFS($I:$I,$B:$B,TRUE,$C:$C,$C8)),4)>=0.4, MIN(1,ROUND((SUMIFS($F:$F,$B:$B,TRUE,$C:$C,$C8)/SUMIFS($I:$I,$B:$B,TRUE,$C:$C,$C8))*'FEDERAL RATES (HIDDEN)'!$C$2,4)), ROUND((SUMIFS($F:$F,$B:$B,TRUE,$C:$C,$C8)/SUMIFS($I:$I,$B:$B,TRUE,$C:$C,$C8)),4)))))) -> 0 | K8: =IF(OR($G8=0,$B8=TRUE),0,ROUND($G8/$I8,4)) -> 0 | L8: =IF($H8=0,0, IF($B8=TRUE,1-$J8, ROUND($H$4/$I8,4))) -> 0 | M8: 1 | N8: =ROUND(I8*M8,0) -> 0 | P8: =ROUND($J8*$N8*$O8,0) -> 0 | Q8: =ROUND($K8*$N8*$O8,0) -> 0 | R8: =ROUND($L8*$N8*$O8,0) -> 0 | S8: =SUM(P8:R8) -> 0 | U8: =ROUND($J8*$N8*$T8,0) -> 0 | V8: =ROUND($K8*$N8*$T8,0) -> 0 | W8: =ROUND($L8*$N8*$T8,0) -> 0 | X8: =SUM(U8:W8) -> 0 | Z8: =ROUND($J8*$N8*$Y8,0) -> 0 | AA8: =ROUND($K8*$N8*$Y8,0) -> 0 | AB8: =ROUND($L8*$N8*$Y8,0) -> 0 | AC8: =SUM(Z8:AB8) -> 0 | AE8: =ROUND($J8*$N8*$AD8,0) -> 0 | AF8: =ROUND($K8*$N8*$AD8,0) -> 0 | AG8: =ROUND($L8*$N8*$AD8,0) -> 0 | AH8: =SUM(AE8:AG8) -> 0 | AJ8: =ROUND($N8*AI8,0) -> 0 | BI8: =(P8*(2/3))+ (X8*(1/3))+ (AC8)+ (AH8)+ ((AJ8)/(AZ8+'FEDERAL RATES (HIDDEN)'!$C$20)) -> 0 | BK8: =IF(OR(BJ8=0,BI8=0),0,BI8/BJ8) -> 0 | BL8: =IF(AND(BH8="CONVENTIONAL",$BI8>='MPLH COMPS'!$B$3,$BI8<='MPLH COMPS'!$C$3),'MPLH COMPS'!$D$3&" - "&'MPLH COMPS'!$E$3, IF(AND(BH8="CONVENTIONAL",$BI8>='MPLH COMPS'!$B$4,$BI8<='MPLH COMPS'!$C$4),'MPLH COMPS'!$D$4&" - "&'MPLH COMPS'!$E$4, IF(AND(BH8="CONVENTIONAL",$BI8>='MPLH COMPS'!$B$5,$BI8<='MPLH COMPS'!$C$5),'MPLH COMPS'!$D$5&" - "&'MPLH COMPS'!$E$5, IF(AND(BH8="CONVENTIONAL",$BI8>='MPLH COMPS'!$B$6,$BI8<='MPLH COMPS'!$C$6),'MPLH COMPS'!$D$6&" - "&'MPLH COMPS'!$E$6, IF(AND(BH8="CONVENTIONAL",$BI8>='MPLH COMPS'!$B$7,$BI8<='MPLH COMPS'!$C$7),'MPLH COMPS'!$D$7&" - "&'MPLH COMPS'!$E$7, IF(AND(BH8="CONVENTIONAL",$BI8>='MPLH COMPS'!$B$8,$BI8<='MPLH COMPS'!$C$8),'MPLH COMPS'!$D$8&" - "&'MPLH COMPS'!$E$8, IF(AND(BH8="CONVENTIONAL",$BI8>='MPLH COMPS'!$B$9,$BI8<='MPLH COMPS'!$C$9),'MPLH COMPS'!$D$9&" - "&'MPLH COMPS'!$E$9, IF(AND(BH8="CONVENTIONAL",$BI8>='MPLH COMPS'!$B$10,$BI8<='MPLH COMPS'!$C$10),'MPLH COMPS'!$D$10&" - "&'MPLH COMPS'!$E$10, IF(AND(BH8="CONVENTIONAL",$BI8>='MPLH COMPS'!$B$11,$BI8<='MPLH COMPS'!$C$11),'MPLH COMPS'!$D$11&" - "&'MPLH COMPS'!$E$11, IF(AND(BH8="CONVENTIONAL",$BI8>='MPLH COMPS'!$B$12,$BI8<='MPLH COMPS'!$C$12),'MPLH COMPS'!$D$12&" - "&'MPLH COMPS'!$E$12, IF(AND(BH8="CONVENTIONAL",$BI8>='MPLH COMPS'!$B$13,$BI8<='MPLH COMPS'!$C$13),'MPLH COMPS'!$D$13&" - "&'MPLH COMPS'!$E$13, IF(AND(BH8="CONVENIENCE",$BI8>='MPLH COMPS'!$B$3,$BI8<='MPLH COMPS'!$C$3),'MPLH COMPS'!$F$3&" - "&'MPLH COMPS'!$G$3, IF(AND(BH8="CONVENIENCE",$BI8>='MPLH COMPS'!$B$4,$BI8<='MPLH COMPS'!$C$4),'MPLH COMPS'!$F$4&" - "&'MPLH COMPS'!$G$4, IF(AND(BH8="CONVENIENCE",$BI8>='MPLH COMPS'!$B$5,$BI8<='MPLH COMPS'!$C$5),'MPLH COMPS'!$F$5&" - "&'MPLH COMPS'!$G$5, IF(AND(BH8="CONVENIENCE",$BI8>='MPLH COMPS'!$B$6,$BI8<='MPLH COMPS'!$C$6),'MPLH COMPS'!$F$6&" - "&'MPLH COMPS'!$G$6, IF(AND(BH8="CONVENIENCE",$BI8>='MPLH COMPS'!$B$7,$BI8<='MPLH COMPS'!$C$7),'MPLH COMPS'!$F$7&" - "&'MPLH COMPS'!$G$7, IF(AND(BH8="CONVENIENCE",$BI8>='MPLH COMPS'!$B$8,$BI8<='MPLH COMPS'!$C$8),'MPLH COMPS'!$F$8&" - "&'MPLH COMPS'!$G$8, IF(AND(BH8="CONVENIENCE",$BI8>='MPLH COMPS'!$B$9,$BI8<='MPLH COMPS'!$C$9),'MPLH COMPS'!$F$9&" - "&'MPLH COMPS'!$G$9, IF(AND(BH8="CONVENIENCE",$BI8>='MPLH COMPS'!$B$10,$BI8<='MPLH COMPS'!$C$10),'MPLH COMPS'!$F$10&" - "&'MPLH COMPS'!$G$10, IF(AND(BH8="CONVENIENCE",$BI8>='MPLH COMPS'!$B$11,$BI8<='MPLH COMPS'!$C$11),'MPLH COMPS'!$F$11&" - "&'MPLH COMPS'!$G$11, IF(AND(BH8="CONVENIENCE",$BI8>='MPLH COMPS'!$B$12,$BI8<='MPLH COMPS'!$C$12),'MPLH COMPS'!$F$12&" - "&'MPLH COMPS'!$G$12, IF(AND(BH8="CONVENIENCE",$BI8>='MPLH COMPS'!$B$13,$BI8<='MPLH COMPS'!$C$13),'MPLH COMPS'!$F$13&" - "&'MPLH COMPS'!$G$13, "")))))))))))))))))))))) | BO8: =(($P8*$AK8)+($Q8*$AL8)+($R8*$AM8))*$E8 -> 0 | BP8: =(($U8*$AN8)+($V8*$AO8)+($W8*$AP8))*$E8 -> 0 | BQ8: =(($Z8*$AQ8)+($AA8*$AR8)+($AB8*$AS8))*$E8 -> 0 | BR8: =(($AE8*$AT8)+($AF8*$AU8)+($AG8*$AV8))*$E8 -> 0 | BS8: =IF($B8=FALSE,(($Q8*$AW8)+($R8*$AX8))*$E8,0) -> 0 | BT8: =IF($B8=FALSE,(($AA8*$AY8)+($AB8*$AZ8))*$E8,0) -> 0 | BU8: =AJ8*BA8*$E8 -> 0 | BV8: =($S8*(1+$BG8)*$BB8*$E8)+ ($X8*(1+$BG8)*$BC8*$E8)+ ($AC8*(1+$BG8)*$BD8*$E8)+ ($AH8*(1+$BG8)*$BE8*$E8)+ ($AJ8*(1+$BG8)*$BF8*$E8) -> 0 | BW8: =(($BJ8*$BM8)+($BJ8*$BM8*$BN8))*$E8 -> 0 | BX8: =BV8+BW8 -> 0 | BY8: =SUM(BO8:BU8)-BX8 -> 0
A9: SCHOOL 6 | B9: FALSE | D9: =COUNTIFS(C:C,C9) -> 0 | I9: =SUM(F9:H9) -> 0 | J9: =IF($F9=0,0,IF($B9=FALSE,ROUND($F9/$I9,4), IF(AND($B9=TRUE,C9=0,ROUND($F9/$I9,4)>=0.4),MIN(1,ROUND(($F9/$I9)*'FEDERAL RATES (HIDDEN)'!$C$2,4)), IF(AND($B9=TRUE,C9=0,ROUND($F9/$I9,4)<0.4),ROUND($F9/$I9,4), IF(ROUND((SUMIFS($F:$F,$B:$B,TRUE,$C:$C,$C9)/SUMIFS($I:$I,$B:$B,TRUE,$C:$C,$C9)),4)>=0.4, MIN(1,ROUND((SUMIFS($F:$F,$B:$B,TRUE,$C:$C,$C9)/SUMIFS($I:$I,$B:$B,TRUE,$C:$C,$C9))*'FEDERAL RATES (HIDDEN)'!$C$2,4)), ROUND((SUMIFS($F:$F,$B:$B,TRUE,$C:$C,$C9)/SUMIFS($I:$I,$B:$B,TRUE,$C:$C,$C9)),4)))))) -> 0 | K9: =IF(OR($G9=0,$B9=TRUE),0,ROUND($G9/$I9,4)) -> 0 | L9: =IF($H9=0,0, IF($B9=TRUE,1-$J9, ROUND($H$4/$I9,4))) -> 0 | M9: 1 | N9: =ROUND(I9*M9,0) -> 0 | P9: =ROUND($J9*$N9*$O9,0) -> 0 | Q9: =ROUND($K9*$N9*$O9,0) -> 0 | R9: =ROUND($L9*$N9*$O9,0) -> 0 | S9: =SUM(P9:R9) -> 0 | U9: =ROUND($J9*$N9*$T9,0) -> 0 | V9: =ROUND($K9*$N9*$T9,0) -> 0 | W9: =ROUND($L9*$N9*$T9,0) -> 0 | X9: =SUM(U9:W9) -> 0 | Z9: =ROUND($J9*$N9*$Y9,0) -> 0 | AA9: =ROUND($K9*$N9*$Y9,0) -> 0 | AB9: =ROUND($L9*$N9*$Y9,0) -> 0 | AC9: =SUM(Z9:AB9) -> 0 | AE9: =ROUND($J9*$N9*$AD9,0) -> 0 | AF9: =ROUND($K9*$N9*$AD9,0) -> 0 | AG9: =ROUND($L9*$N9*$AD9,0) -> 0 | AH9: =SUM(AE9:AG9) -> 0 | AJ9: =ROUND($N9*AI9,0) -> 0 | BI9: =(P9*(2/3))+ (X9*(1/3))+ (AC9)+ (AH9)+ ((AJ9)/(AZ9+'FEDERAL RATES (HIDDEN)'!$C$20)) -> 0 | BK9: =IF(OR(BJ9=0,BI9=0),0,BI9/BJ9) -> 0 | BL9: =IF(AND(BH9="CONVENTIONAL",$BI9>='MPLH COMPS'!$B$3,$BI9<='MPLH COMPS'!$C$3),'MPLH COMPS'!$D$3&" - "&'MPLH COMPS'!$E$3, IF(AND(BH9="CONVENTIONAL",$BI9>='MPLH COMPS'!$B$4,$BI9<='MPLH COMPS'!$C$4),'MPLH COMPS'!$D$4&" - "&'MPLH COMPS'!$E$4, IF(AND(BH9="CONVENTIONAL",$BI9>='MPLH COMPS'!$B$5,$BI9<='MPLH COMPS'!$C$5),'MPLH COMPS'!$D$5&" - "&'MPLH COMPS'!$E$5, IF(AND(BH9="CONVENTIONAL",$BI9>='MPLH COMPS'!$B$6,$BI9<='MPLH COMPS'!$C$6),'MPLH COMPS'!$D$6&" - "&'MPLH COMPS'!$E$6, IF(AND(BH9="CONVENTIONAL",$BI9>='MPLH COMPS'!$B$7,$BI9<='MPLH COMPS'!$C$7),'MPLH COMPS'!$D$7&" - "&'MPLH COMPS'!$E$7, IF(AND(BH9="CONVENTIONAL",$BI9>='MPLH COMPS'!$B$8,$BI9<='MPLH COMPS'!$C$8),'MPLH COMPS'!$D$8&" - "&'MPLH COMPS'!$E$8, IF(AND(BH9="CONVENTIONAL",$BI9>='MPLH COMPS'!$B$9,$BI9<='MPLH COMPS'!$C$9),'MPLH COMPS'!$D$9&" - "&'MPLH COMPS'!$E$9, IF(AND(BH9="CONVENTIONAL",$BI9>='MPLH COMPS'!$B$10,$BI9<='MPLH COMPS'!$C$10),'MPLH COMPS'!$D$10&" - "&'MPLH COMPS'!$E$10, IF(AND(BH9="CONVENTIONAL",$BI9>='MPLH COMPS'!$B$11,$BI9<='MPLH COMPS'!$C$11),'MPLH COMPS'!$D$11&" - "&'MPLH COMPS'!$E$11, IF(AND(BH9="CONVENTIONAL",$BI9>='MPLH COMPS'!$B$12,$BI9<='MPLH COMPS'!$C$12),'MPLH COMPS'!$D$12&" - "&'MPLH COMPS'!$E$12, IF(AND(BH9="CONVENTIONAL",$BI9>='MPLH COMPS'!$B$13,$BI9<='MPLH COMPS'!$C$13),'MPLH COMPS'!$D$13&" - "&'MPLH COMPS'!$E$13, IF(AND(BH9="CONVENIENCE",$BI9>='MPLH COMPS'!$B$3,$BI9<='MPLH COMPS'!$C$3),'MPLH COMPS'!$F$3&" - "&'MPLH COMPS'!$G$3, IF(AND(BH9="CONVENIENCE",$BI9>='MPLH COMPS'!$B$4,$BI9<='MPLH COMPS'!$C$4),'MPLH COMPS'!$F$4&" - "&'MPLH COMPS'!$G$4, IF(AND(BH9="CONVENIENCE",$BI9>='MPLH COMPS'!$B$5,$BI9<='MPLH COMPS'!$C$5),'MPLH COMPS'!$F$5&" - "&'MPLH COMPS'!$G$5, IF(AND(BH9="CONVENIENCE",$BI9>='MPLH COMPS'!$B$6,$BI9<='MPLH COMPS'!$C$6),'MPLH COMPS'!$F$6&" - "&'MPLH COMPS'!$G$6, IF(AND(BH9="CONVENIENCE",$BI9>='MPLH COMPS'!$B$7,$BI9<='MPLH COMPS'!$C$7),'MPLH COMPS'!$F$7&" - "&'MPLH COMPS'!$G$7, IF(AND(BH9="CONVENIENCE",$BI9>='MPLH COMPS'!$B$8,$BI9<='MPLH COMPS'!$C$8),'MPLH COMPS'!$F$8&" - "&'MPLH COMPS'!$G$8, IF(AND(BH9="CONVENIENCE",$BI9>='MPLH COMPS'!$B$9,$BI9<='MPLH COMPS'!$C$9),'MPLH COMPS'!$F$9&" - "&'MPLH COMPS'!$G$9, IF(AND(BH9="CONVENIENCE",$BI9>='MPLH COMPS'!$B$10,$BI9<='MPLH COMPS'!$C$10),'MPLH COMPS'!$F$10&" - "&'MPLH COMPS'!$G$10, IF(AND(BH9="CONVENIENCE",$BI9>='MPLH COMPS'!$B$11,$BI9<='MPLH COMPS'!$C$11),'MPLH COMPS'!$F$11&" - "&'MPLH COMPS'!$G$11, IF(AND(BH9="CONVENIENCE",$BI9>='MPLH COMPS'!$B$12,$BI9<='MPLH COMPS'!$C$12),'MPLH COMPS'!$F$12&" - "&'MPLH COMPS'!$G$12, IF(AND(BH9="CONVENIENCE",$BI9>='MPLH COMPS'!$B$13,$BI9<='MPLH COMPS'!$C$13),'MPLH COMPS'!$F$13&" - "&'MPLH COMPS'!$G$13, "")))))))))))))))))))))) | BO9: =(($P9*$AK9)+($Q9*$AL9)+($R9*$AM9))*$E9 -> 0 | BP9: =(($U9*$AN9)+($V9*$AO9)+($W9*$AP9))*$E9 -> 0 | BQ9: =(($Z9*$AQ9)+($AA9*$AR9)+($AB9*$AS9))*$E9 -> 0 | BR9: =(($AE9*$AT9)+($AF9*$AU9)+($AG9*$AV9))*$E9 -> 0 | BS9: =IF($B9=FALSE,(($Q9*$AW9)+($R9*$AX9))*$E9,0) -> 0 | BT9: =IF($B9=FALSE,(($AA9*$AY9)+($AB9*$AZ9))*$E9,0) -> 0 | BU9: =AJ9*BA9*$E9 -> 0 | BV9: =($S9*(1+$BG9)*$BB9*$E9)+ ($X9*(1+$BG9)*$BC9*$E9)+ ($AC9*(1+$BG9)*$BD9*$E9)+ ($AH9*(1+$BG9)*$BE9*$E9)+ ($AJ9*(1+$BG9)*$BF9*$E9) -> 0 | BW9: =(($BJ9*$BM9)+($BJ9*$BM9*$BN9))*$E9 -> 0 | BX9: =BV9+BW9 -> 0 | BY9: =SUM(BO9:BU9)-BX9 -> 0
A10: SCHOOL 7 | B10: FALSE | D10: =COUNTIFS(C:C,C10) -> 0 | I10: =SUM(F10:H10) -> 0 | J10: =IF($F10=0,0,IF($B10=FALSE,ROUND($F10/$I10,4), IF(AND($B10=TRUE,C10=0,ROUND($F10/$I10,4)>=0.4),MIN(1,ROUND(($F10/$I10)*'FEDERAL RATES (HIDDEN)'!$C$2,4)), IF(AND($B10=TRUE,C10=0,ROUND($F10/$I10,4)<0.4),ROUND($F10/$I10,4), IF(ROUND((SUMIFS($F:$F,$B:$B,TRUE,$C:$C,$C10)/SUMIFS($I:$I,$B:$B,TRUE,$C:$C,$C10)),4)>=0.4, MIN(1,ROUND((SUMIFS($F:$F,$B:$B,TRUE,$C:$C,$C10)/SUMIFS($I:$I,$B:$B,TRUE,$C:$C,$C10))*'FEDERAL RATES (HIDDEN)'!$C$2,4)), ROUND((SUMIFS($F:$F,$B:$B,TRUE,$C:$C,$C10)/SUMIFS($I:$I,$B:$B,TRUE,$C:$C,$C10)),4)))))) -> 0 | K10: =IF(OR($G10=0,$B10=TRUE),0,ROUND($G10/$I10,4)) -> 0 | L10: =IF($H10=0,0, IF($B10=TRUE,1-$J10, ROUND($H$4/$I10,4))) -> 0 | M10: 1 | N10: =ROUND(I10*M10,0) -> 0 | P10: =ROUND($J10*$N10*$O10,0) -> 0 | Q10: =ROUND($K10*$N10*$O10,0) -> 0 | R10: =ROUND($L10*$N10*$O10,0) -> 0 | S10: =SUM(P10:R10) -> 0 | U10: =ROUND($J10*$N10*$T10,0) -> 0 | V10: =ROUND($K10*$N10*$T10,0) -> 0 | W10: =ROUND($L10*$N10*$T10,0) -> 0 | X10: =SUM(U10:W10) -> 0 | Z10: =ROUND($J10*$N10*$Y10,0) -> 0 | AA10: =ROUND($K10*$N10*$Y10,0) -> 0 | AB10: =ROUND($L10*$N10*$Y10,0) -> 0 | AC10: =SUM(Z10:AB10) -> 0 | AE10: =ROUND($J10*$N10*$AD10,0) -> 0 | AF10: =ROUND($K10*$N10*$AD10,0) -> 0 | AG10: =ROUND($L10*$N10*$AD10,0) -> 0 | AH10: =SUM(AE10:AG10) -> 0 | AJ10: =ROUND($N10*AI10,0) -> 0 | BI10: =(P10*(2/3))+ (X10*(1/3))+ (AC10)+ (AH10)+ ((AJ10)/(AZ10+'FEDERAL RATES (HIDDEN)'!$C$20)) -> 0 | BK10: =IF(OR(BJ10=0,BI10=0),0,BI10/BJ10) -> 0 | BL10: =IF(AND(BH10="CONVENTIONAL",$BI10>='MPLH COMPS'!$B$3,$BI10<='MPLH COMPS'!$C$3),'MPLH COMPS'!$D$3&" - "&'MPLH COMPS'!$E$3, IF(AND(BH10="CONVENTIONAL",$BI10>='MPLH COMPS'!$B$4,$BI10<='MPLH COMPS'!$C$4),'MPLH COMPS'!$D$4&" - "&'MPLH COMPS'!$E$4, IF(AND(BH10="CONVENTIONAL",$BI10>='MPLH COMPS'!$B$5,$BI10<='MPLH COMPS'!$C$5),'MPLH COMPS'!$D$5&" - "&'MPLH COMPS'!$E$5, IF(AND(BH10="CONVENTIONAL",$BI10>='MPLH COMPS'!$B$6,$BI10<='MPLH COMPS'!$C$6),'MPLH COMPS'!$D$6&" - "&'MPLH COMPS'!$E$6, IF(AND(BH10="CONVENTIONAL",$BI10>='MPLH COMPS'!$B$7,$BI10<='MPLH COMPS'!$C$7),'MPLH COMPS'!$D$7&" - "&'MPLH COMPS'!$E$7, IF(AND(BH10="CONVENTIONAL",$BI10>='MPLH COMPS'!$B$8,$BI10<='MPLH COMPS'!$C$8),'MPLH COMPS'!$D$8&" - "&'MPLH COMPS'!$E$8, IF(AND(BH10="CONVENTIONAL",$BI10>='MPLH COMPS'!$B$9,$BI10<='MPLH COMPS'!$C$9),'MPLH COMPS'!$D$9&" - "&'MPLH COMPS'!$E$9, IF(AND(BH10="CONVENTIONAL",$BI10>='MPLH COMPS'!$B$10,$BI10<='MPLH COMPS'!$C$10),'MPLH COMPS'!$D$10&" - "&'MPLH COMPS'!$E$10, IF(AND(BH10="CONVENTIONAL",$BI10>='MPLH COMPS'!$B$11,$BI10<='MPLH COMPS'!$C$11),'MPLH COMPS'!$D$11&" - "&'MPLH COMPS'!$E$11, IF(AND(BH10="CONVENTIONAL",$BI10>='MPLH COMPS'!$B$12,$BI10<='MPLH COMPS'!$C$12),'MPLH COMPS'!$D$12&" - "&'MPLH COMPS'!$E$12, IF(AND(BH10="CONVENTIONAL",$BI10>='MPLH COMPS'!$B$13,$BI10<='MPLH COMPS'!$C$13),'MPLH COMPS'!$D$13&" - "&'MPLH COMPS'!$E$13, IF(AND(BH10="CONVENIENCE",$BI10>='MPLH COMPS'!$B$3,$BI10<='MPLH COMPS'!$C$3),'MPLH COMPS'!$F$3&" - "&'MPLH COMPS'!$G$3, IF(AND(BH10="CONVENIENCE",$BI10>='MPLH COMPS'!$B$4,$BI10<='MPLH COMPS'!$C$4),'MPLH COMPS'!$F$4&" - "&'MPLH COMPS'!$G$4, IF(AND(BH10="CONVENIENCE",$BI10>='MPLH COMPS'!$B$5,$BI10<='MPLH COMPS'!$C$5),'MPLH COMPS'!$F$5&" - "&'MPLH COMPS'!$G$5, IF(AND(BH10="CONVENIENCE",$BI10>='MPLH COMPS'!$B$6,$BI10<='MPLH COMPS'!$C$6),'MPLH COMPS'!$F$6&" - "&'MPLH COMPS'!$G$6, IF(AND(BH10="CONVENIENCE",$BI10>='MPLH COMPS'!$B$7,$BI10<='MPLH COMPS'!$C$7),'MPLH COMPS'!$F$7&" - "&'MPLH COMPS'!$G$7, IF(AND(BH10="CONVENIENCE",$BI10>='MPLH COMPS'!$B$8,$BI10<='MPLH COMPS'!$C$8),'MPLH COMPS'!$F$8&" - "&'MPLH COMPS'!$G$8, IF(AND(BH10="CONVENIENCE",$BI10>='MPLH COMPS'!$B$9,$BI10<='MPLH COMPS'!$C$9),'MPLH COMPS'!$F$9&" - "&'MPLH COMPS'!$G$9, IF(AND(BH10="CONVENIENCE",$BI10>='MPLH COMPS'!$B$10,$BI10<='MPLH COMPS'!$C$10),'MPLH COMPS'!$F$10&" - "&'MPLH COMPS'!$G$10, IF(AND(BH10="CONVENIENCE",$BI10>='MPLH COMPS'!$B$11,$BI10<='MPLH COMPS'!$C$11),'MPLH COMPS'!$F$11&" - "&'MPLH COMPS'!$G$11, IF(AND(BH10="CONVENIENCE",$BI10>='MPLH COMPS'!$B$12,$BI10<='MPLH COMPS'!$C$12),'MPLH COMPS'!$F$12&" - "&'MPLH COMPS'!$G$12, IF(AND(BH10="CONVENIENCE",$BI10>='MPLH COMPS'!$B$13,$BI10<='MPLH COMPS'!$C$13),'MPLH COMPS'!$F$13&" - "&'MPLH COMPS'!$G$13, "")))))))))))))))))))))) | BO10: =(($P10*$AK10)+($Q10*$AL10)+($R10*$AM10))*$E10 -> 0 | BP10: =(($U10*$AN10)+($V10*$AO10)+($W10*$AP10))*$E10 -> 0 | BQ10: =(($Z10*$AQ10)+($AA10*$AR10)+($AB10*$AS10))*$E10 -> 0 | BR10: =(($AE10*$AT10)+($AF10*$AU10)+($AG10*$AV10))*$E10 -> 0 | BS10: =IF($B10=FALSE,(($Q10*$AW10)+($R10*$AX10))*$E10,0) -> 0 | BT10: =IF($B10=FALSE,(($AA10*$AY10)+($AB10*$AZ10))*$E10,0) -> 0 | BU10: =AJ10*BA10*$E10 -> 0 | BV10: =($S10*(1+$BG10)*$BB10*$E10)+ ($X10*(1+$BG10)*$BC10*$E10)+ ($AC10*(1+$BG10)*$BD10*$E10)+ ($AH10*(1+$BG10)*$BE10*$E10)+ ($AJ10*(1+$BG10)*$BF10*$E10) -> 0 | BW10: =(($BJ10*$BM10)+($BJ10*$BM10*$BN10))*$E10 -> 0 | BX10: =BV10+BW10 -> 0 | BY10: =SUM(BO10:BU10)-BX10 -> 0
A11: SCHOOL 8 | B11: FALSE | D11: =COUNTIFS(C:C,C11) -> 0 | I11: =SUM(F11:H11) -> 0 | J11: =IF($F11=0,0,IF($B11=FALSE,ROUND($F11/$I11,4), IF(AND($B11=TRUE,C11=0,ROUND($F11/$I11,4)>=0.4),MIN(1,ROUND(($F11/$I11)*'FEDERAL RATES (HIDDEN)'!$C$2,4)), IF(AND($B11=TRUE,C11=0,ROUND($F11/$I11,4)<0.4),ROUND($F11/$I11,4), IF(ROUND((SUMIFS($F:$F,$B:$B,TRUE,$C:$C,$C11)/SUMIFS($I:$I,$B:$B,TRUE,$C:$C,$C11)),4)>=0.4, MIN(1,ROUND((SUMIFS($F:$F,$B:$B,TRUE,$C:$C,$C11)/SUMIFS($I:$I,$B:$B,TRUE,$C:$C,$C11))*'FEDERAL RATES (HIDDEN)'!$C$2,4)), ROUND((SUMIFS($F:$F,$B:$B,TRUE,$C:$C,$C11)/SUMIFS($I:$I,$B:$B,TRUE,$C:$C,$C11)),4)))))) -> 0 | K11: =IF(OR($G11=0,$B11=TRUE),0,ROUND($G11/$I11,4)) -> 0 | L11: =IF($H11=0,0, IF($B11=TRUE,1-$J11, ROUND($H$4/$I11,4))) -> 0 | M11: 1 | N11: =ROUND(I11*M11,0) -> 0 | P11: =ROUND($J11*$N11*$O11,0) -> 0 | Q11: =ROUND($K11*$N11*$O11,0) -> 0 | R11: =ROUND($L11*$N11*$O11,0) -> 0 | S11: =SUM(P11:R11) -> 0 | U11: =ROUND($J11*$N11*$T11,0) -> 0 | V11: =ROUND($K11*$N11*$T11,0) -> 0 | W11: =ROUND($L11*$N11*$T11,0) -> 0 | X11: =SUM(U11:W11) -> 0 | Z11: =ROUND($J11*$N11*$Y11,0) -> 0 | AA11: =ROUND($K11*$N11*$Y11,0) -> 0 | AB11: =ROUND($L11*$N11*$Y11,0) -> 0 | AC11: =SUM(Z11:AB11) -> 0 | AE11: =ROUND($J11*$N11*$AD11,0) -> 0 | AF11: =ROUND($K11*$N11*$AD11,0) -> 0 | AG11: =ROUND($L11*$N11*$AD11,0) -> 0 | AH11: =SUM(AE11:AG11) -> 0 | AJ11: =ROUND($N11*AI11,0) -> 0 | BI11: =(P11*(2/3))+ (X11*(1/3))+ (AC11)+ (AH11)+ ((AJ11)/(AZ11+'FEDERAL RATES (HIDDEN)'!$C$20)) -> 0 | BK11: =IF(OR(BJ11=0,BI11=0),0,BI11/BJ11) -> 0 | BL11: =IF(AND(BH11="CONVENTIONAL",$BI11>='MPLH COMPS'!$B$3,$BI11<='MPLH COMPS'!$C$3),'MPLH COMPS'!$D$3&" - "&'MPLH COMPS'!$E$3, IF(AND(BH11="CONVENTIONAL",$BI11>='MPLH COMPS'!$B$4,$BI11<='MPLH COMPS'!$C$4),'MPLH COMPS'!$D$4&" - "&'MPLH COMPS'!$E$4, IF(AND(BH11="CONVENTIONAL",$BI11>='MPLH COMPS'!$B$5,$BI11<='MPLH COMPS'!$C$5),'MPLH COMPS'!$D$5&" - "&'MPLH COMPS'!$E$5, IF(AND(BH11="CONVENTIONAL",$BI11>='MPLH COMPS'!$B$6,$BI11<='MPLH COMPS'!$C$6),'MPLH COMPS'!$D$6&" - "&'MPLH COMPS'!$E$6, IF(AND(BH11="CONVENTIONAL",$BI11>='MPLH COMPS'!$B$7,$BI11<='MPLH COMPS'!$C$7),'MPLH COMPS'!$D$7&" - "&'MPLH COMPS'!$E$7, IF(AND(BH11="CONVENTIONAL",$BI11>='MPLH COMPS'!$B$8,$BI11<='MPLH COMPS'!$C$8),'MPLH COMPS'!$D$8&" - "&'MPLH COMPS'!$E$8, IF(AND(BH11="CONVENTIONAL",$BI11>='MPLH COMPS'!$B$9,$BI11<='MPLH COMPS'!$C$9),'MPLH COMPS'!$D$9&" - "&'MPLH COMPS'!$E$9, IF(AND(BH11="CONVENTIONAL",$BI11>='MPLH COMPS'!$B$10,$BI11<='MPLH COMPS'!$C$10),'MPLH COMPS'!$D$10&" - "&'MPLH COMPS'!$E$10, IF(AND(BH11="CONVENTIONAL",$BI11>='MPLH COMPS'!$B$11,$BI11<='MPLH COMPS'!$C$11),'MPLH COMPS'!$D$11&" - "&'MPLH COMPS'!$E$11, IF(AND(BH11="CONVENTIONAL",$BI11>='MPLH COMPS'!$B$12,$BI11<='MPLH COMPS'!$C$12),'MPLH COMPS'!$D$12&" - "&'MPLH COMPS'!$E$12, IF(AND(BH11="CONVENTIONAL",$BI11>='MPLH COMPS'!$B$13,$BI11<='MPLH COMPS'!$C$13),'MPLH COMPS'!$D$13&" - "&'MPLH COMPS'!$E$13, IF(AND(BH11="CONVENIENCE",$BI11>='MPLH COMPS'!$B$3,$BI11<='MPLH COMPS'!$C$3),'MPLH COMPS'!$F$3&" - "&'MPLH COMPS'!$G$3, IF(AND(BH11="CONVENIENCE",$BI11>='MPLH COMPS'!$B$4,$BI11<='MPLH COMPS'!$C$4),'MPLH COMPS'!$F$4&" - "&'MPLH COMPS'!$G$4, IF(AND(BH11="CONVENIENCE",$BI11>='MPLH COMPS'!$B$5,$BI11<='MPLH COMPS'!$C$5),'MPLH COMPS'!$F$5&" - "&'MPLH COMPS'!$G$5, IF(AND(BH11="CONVENIENCE",$BI11>='MPLH COMPS'!$B$6,$BI11<='MPLH COMPS'!$C$6),'MPLH COMPS'!$F$6&" - "&'MPLH COMPS'!$G$6, IF(AND(BH11="CONVENIENCE",$BI11>='MPLH COMPS'!$B$7,$BI11<='MPLH COMPS'!$C$7),'MPLH COMPS'!$F$7&" - "&'MPLH COMPS'!$G$7, IF(AND(BH11="CONVENIENCE",$BI11>='MPLH COMPS'!$B$8,$BI11<='MPLH COMPS'!$C$8),'MPLH COMPS'!$F$8&" - "&'MPLH COMPS'!$G$8, IF(AND(BH11="CONVENIENCE",$BI11>='MPLH COMPS'!$B$9,$BI11<='MPLH COMPS'!$C$9),'MPLH COMPS'!$F$9&" - "&'MPLH COMPS'!$G$9, IF(AND(BH11="CONVENIENCE",$BI11>='MPLH COMPS'!$B$10,$BI11<='MPLH COMPS'!$C$10),'MPLH COMPS'!$F$10&" - "&'MPLH COMPS'!$G$10, IF(AND(BH11="CONVENIENCE",$BI11>='MPLH COMPS'!$B$11,$BI11<='MPLH COMPS'!$C$11),'MPLH COMPS'!$F$11&" - "&'MPLH COMPS'!$G$11, IF(AND(BH11="CONVENIENCE",$BI11>='MPLH COMPS'!$B$12,$BI11<='MPLH COMPS'!$C$12),'MPLH COMPS'!$F$12&" - "&'MPLH COMPS'!$G$12, IF(AND(BH11="CONVENIENCE",$BI11>='MPLH COMPS'!$B$13,$BI11<='MPLH COMPS'!$C$13),'MPLH COMPS'!$F$13&" - "&'MPLH COMPS'!$G$13, "")))))))))))))))))))))) | BO11: =(($P11*$AK11)+($Q11*$AL11)+($R11*$AM11))*$E11 -> 0 | BP11: =(($U11*$AN11)+($V11*$AO11)+($W11*$AP11))*$E11 -> 0 | BQ11: =(($Z11*$AQ11)+($AA11*$AR11)+($AB11*$AS11))*$E11 -> 0 | BR11: =(($AE11*$AT11)+($AF11*$AU11)+($AG11*$AV11))*$E11 -> 0 | BS11: =IF($B11=FALSE,(($Q11*$AW11)+($R11*$AX11))*$E11,0) -> 0 | BT11: =IF($B11=FALSE,(($AA11*$AY11)+($AB11*$AZ11))*$E11,0) -> 0 | BU11: =AJ11*BA11*$E11 -> 0 | BV11: =($S11*(1+$BG11)*$BB11*$E11)+ ($X11*(1+$BG11)*$BC11*$E11)+ ($AC11*(1+$BG11)*$BD11*$E11)+ ($AH11*(1+$BG11)*$BE11*$E11)+ ($AJ11*(1+$BG11)*$BF11*$E11) -> 0 | BW11: =(($BJ11*$BM11)+($BJ11*$BM11*$BN11))*$E11 -> 0 | BX11: =BV11+BW11 -> 0 | BY11: =SUM(BO11:BU11)-BX11 -> 0
A12: SCHOOL 9 | B12: FALSE | D12: =COUNTIFS(C:C,C12) -> 0 | I12: =SUM(F12:H12) -> 0 | J12: =IF($F12=0,0,IF($B12=FALSE,ROUND($F12/$I12,4), IF(AND($B12=TRUE,C12=0,ROUND($F12/$I12,4)>=0.4),MIN(1,ROUND(($F12/$I12)*'FEDERAL RATES (HIDDEN)'!$C$2,4)), IF(AND($B12=TRUE,C12=0,ROUND($F12/$I12,4)<0.4),ROUND($F12/$I12,4), IF(ROUND((SUMIFS($F:$F,$B:$B,TRUE,$C:$C,$C12)/SUMIFS($I:$I,$B:$B,TRUE,$C:$C,$C12)),4)>=0.4, MIN(1,ROUND((SUMIFS($F:$F,$B:$B,TRUE,$C:$C,$C12)/SUMIFS($I:$I,$B:$B,TRUE,$C:$C,$C12))*'FEDERAL RATES (HIDDEN)'!$C$2,4)), ROUND((SUMIFS($F:$F,$B:$B,TRUE,$C:$C,$C12)/SUMIFS($I:$I,$B:$B,TRUE,$C:$C,$C12)),4)))))) -> 0 | K12: =IF(OR($G12=0,$B12=TRUE),0,ROUND($G12/$I12,4)) -> 0 | L12: =IF($H12=0,0, IF($B12=TRUE,1-$J12, ROUND($H$4/$I12,4))) -> 0 | M12: 1 | N12: =ROUND(I12*M12,0) -> 0 | P12: =ROUND($J12*$N12*$O12,0) -> 0 | Q12: =ROUND($K12*$N12*$O12,0) -> 0 | R12: =ROUND($L12*$N12*$O12,0) -> 0 | S12: =SUM(P12:R12) -> 0 | U12: =ROUND($J12*$N12*$T12,0) -> 0 | V12: =ROUND($K12*$N12*$T12,0) -> 0 | W12: =ROUND($L12*$N12*$T12,0) -> 0 | X12: =SUM(U12:W12) -> 0 | Z12: =ROUND($J12*$N12*$Y12,0) -> 0 | AA12: =ROUND($K12*$N12*$Y12,0) -> 0 | AB12: =ROUND($L12*$N12*$Y12,0) -> 0 | AC12: =SUM(Z12:AB12) -> 0 | AE12: =ROUND($J12*$N12*$AD12,0) -> 0 | AF12: =ROUND($K12*$N12*$AD12,0) -> 0 | AG12: =ROUND($L12*$N12*$AD12,0) -> 0 | AH12: =SUM(AE12:AG12) -> 0 | AJ12: =ROUND($N12*AI12,0) -> 0 | BI12: =(P12*(2/3))+ (X12*(1/3))+ (AC12)+ (AH12)+ ((AJ12)/(AZ12+'FEDERAL RATES (HIDDEN)'!$C$20)) -> 0 | BK12: =IF(OR(BJ12=0,BI12=0),0,BI12/BJ12) -> 0 | BL12: =IF(AND(BH12="CONVENTIONAL",$BI12>='MPLH COMPS'!$B$3,$BI12<='MPLH COMPS'!$C$3),'MPLH COMPS'!$D$3&" - "&'MPLH COMPS'!$E$3, IF(AND(BH12="CONVENTIONAL",$BI12>='MPLH COMPS'!$B$4,$BI12<='MPLH COMPS'!$C$4),'MPLH COMPS'!$D$4&" - "&'MPLH COMPS'!$E$4, IF(AND(BH12="CONVENTIONAL",$BI12>='MPLH COMPS'!$B$5,$BI12<='MPLH COMPS'!$C$5),'MPLH COMPS'!$D$5&" - "&'MPLH COMPS'!$E$5, IF(AND(BH12="CONVENTIONAL",$BI12>='MPLH COMPS'!$B$6,$BI12<='MPLH COMPS'!$C$6),'MPLH COMPS'!$D$6&" - "&'MPLH COMPS'!$E$6, IF(AND(BH12="CONVENTIONAL",$BI12>='MPLH COMPS'!$B$7,$BI12<='MPLH COMPS'!$C$7),'MPLH COMPS'!$D$7&" - "&'MPLH COMPS'!$E$7, IF(AND(BH12="CONVENTIONAL",$BI12>='MPLH COMPS'!$B$8,$BI12<='MPLH COMPS'!$C$8),'MPLH COMPS'!$D$8&" - "&'MPLH COMPS'!$E$8, IF(AND(BH12="CONVENTIONAL",$BI12>='MPLH COMPS'!$B$9,$BI12<='MPLH COMPS'!$C$9),'MPLH COMPS'!$D$9&" - "&'MPLH COMPS'!$E$9, IF(AND(BH12="CONVENTIONAL",$BI12>='MPLH COMPS'!$B$10,$BI12<='MPLH COMPS'!$C$10),'MPLH COMPS'!$D$10&" - "&'MPLH COMPS'!$E$10, IF(AND(BH12="CONVENTIONAL",$BI12>='MPLH COMPS'!$B$11,$BI12<='MPLH COMPS'!$C$11),'MPLH COMPS'!$D$11&" - "&'MPLH COMPS'!$E$11, IF(AND(BH12="CONVENTIONAL",$BI12>='MPLH COMPS'!$B$12,$BI12<='MPLH COMPS'!$C$12),'MPLH COMPS'!$D$12&" - "&'MPLH COMPS'!$E$12, IF(AND(BH12="CONVENTIONAL",$BI12>='MPLH COMPS'!$B$13,$BI12<='MPLH COMPS'!$C$13),'MPLH COMPS'!$D$13&" - "&'MPLH COMPS'!$E$13, IF(AND(BH12="CONVENIENCE",$BI12>='MPLH COMPS'!$B$3,$BI12<='MPLH COMPS'!$C$3),'MPLH COMPS'!$F$3&" - "&'MPLH COMPS'!$G$3, IF(AND(BH12="CONVENIENCE",$BI12>='MPLH COMPS'!$B$4,$BI12<='MPLH COMPS'!$C$4),'MPLH COMPS'!$F$4&" - "&'MPLH COMPS'!$G$4, IF(AND(BH12="CONVENIENCE",$BI12>='MPLH COMPS'!$B$5,$BI12<='MPLH COMPS'!$C$5),'MPLH COMPS'!$F$5&" - "&'MPLH COMPS'!$G$5, IF(AND(BH12="CONVENIENCE",$BI12>='MPLH COMPS'!$B$6,$BI12<='MPLH COMPS'!$C$6),'MPLH COMPS'!$F$6&" - "&'MPLH COMPS'!$G$6, IF(AND(BH12="CONVENIENCE",$BI12>='MPLH COMPS'!$B$7,$BI12<='MPLH COMPS'!$C$7),'MPLH COMPS'!$F$7&" - "&'MPLH COMPS'!$G$7, IF(AND(BH12="CONVENIENCE",$BI12>='MPLH COMPS'!$B$8,$BI12<='MPLH COMPS'!$C$8),'MPLH COMPS'!$F$8&" - "&'MPLH COMPS'!$G$8, IF(AND(BH12="CONVENIENCE",$BI12>='MPLH COMPS'!$B$9,$BI12<='MPLH COMPS'!$C$9),'MPLH COMPS'!$F$9&" - "&'MPLH COMPS'!$G$9, IF(AND(BH12="CONVENIENCE",$BI12>='MPLH COMPS'!$B$10,$BI12<='MPLH COMPS'!$C$10),'MPLH COMPS'!$F$10&" - "&'MPLH COMPS'!$G$10, IF(AND(BH12="CONVENIENCE",$BI12>='MPLH COMPS'!$B$11,$BI12<='MPLH COMPS'!$C$11),'MPLH COMPS'!$F$11&" - "&'MPLH COMPS'!$G$11, IF(AND(BH12="CONVENIENCE",$BI12>='MPLH COMPS'!$B$12,$BI12<='MPLH COMPS'!$C$12),'MPLH COMPS'!$F$12&" - "&'MPLH COMPS'!$G$12, IF(AND(BH12="CONVENIENCE",$BI12>='MPLH COMPS'!$B$13,$BI12<='MPLH COMPS'!$C$13),'MPLH COMPS'!$F$13&" - "&'MPLH COMPS'!$G$13, "")))))))))))))))))))))) | BO12: =(($P12*$AK12)+($Q12*$AL12)+($R12*$AM12))*$E12 -> 0 | BP12: =(($U12*$AN12)+($V12*$AO12)+($W12*$AP12))*$E12 -> 0 | BQ12: =(($Z12*$AQ12)+($AA12*$AR12)+($AB12*$AS12))*$E12 -> 0 | BR12: =(($AE12*$AT12)+($AF12*$AU12)+($AG12*$AV12))*$E12 -> 0 | BS12: =IF($B12=FALSE,(($Q12*$AW12)+($R12*$AX12))*$E12,0) -> 0 | BT12: =IF($B12=FALSE,(($AA12*$AY12)+($AB12*$AZ12))*$E12,0) -> 0 | BU12: =AJ12*BA12*$E12 -> 0 | BV12: =($S12*(1+$BG12)*$BB12*$E12)+ ($X12*(1+$BG12)*$BC12*$E12)+ ($AC12*(1+$BG12)*$BD12*$E12)+ ($AH12*(1+$BG12)*$BE12*$E12)+ ($AJ12*(1+$BG12)*$BF12*$E12) -> 0 | BW12: =(($BJ12*$BM12)+($BJ12*$BM12*$BN12))*$E12 -> 0 | BX12: =BV12+BW12 -> 0 | BY12: =SUM(BO12:BU12)-BX12 -> 0
A13: SCHOOL 10 | B13: FALSE | D13: =COUNTIFS(C:C,C13) -> 0 | I13: =SUM(F13:H13) -> 0 | J13: =IF($F13=0,0,IF($B13=FALSE,ROUND($F13/$I13,4), IF(AND($B13=TRUE,C13=0,ROUND($F13/$I13,4)>=0.4),MIN(1,ROUND(($F13/$I13)*'FEDERAL RATES (HIDDEN)'!$C$2,4)), IF(AND($B13=TRUE,C13=0,ROUND($F13/$I13,4)<0.4),ROUND($F13/$I13,4), IF(ROUND((SUMIFS($F:$F,$B:$B,TRUE,$C:$C,$C13)/SUMIFS($I:$I,$B:$B,TRUE,$C:$C,$C13)),4)>=0.4, MIN(1,ROUND((SUMIFS($F:$F,$B:$B,TRUE,$C:$C,$C13)/SUMIFS($I:$I,$B:$B,TRUE,$C:$C,$C13))*'FEDERAL RATES (HIDDEN)'!$C$2,4)), ROUND((SUMIFS($F:$F,$B:$B,TRUE,$C:$C,$C13)/SUMIFS($I:$I,$B:$B,TRUE,$C:$C,$C13)),4)))))) -> 0 | K13: =IF(OR($G13=0,$B13=TRUE),0,ROUND($G13/$I13,4)) -> 0 | L13: =IF($H13=0,0, IF($B13=TRUE,1-$J13, ROUND($H$4/$I13,4))) -> 0 | M13: 1 | N13: =ROUND(I13*M13,0) -> 0 | P13: =ROUND($J13*$N13*$O13,0) -> 0 | Q13: =ROUND($K13*$N13*$O13,0) -> 0 | R13: =ROUND($L13*$N13*$O13,0) -> 0 | S13: =SUM(P13:R13) -> 0 | U13: =ROUND($J13*$N13*$T13,0) -> 0 | V13: =ROUND($K13*$N13*$T13,0) -> 0 | W13: =ROUND($L13*$N13*$T13,0) -> 0 | X13: =SUM(U13:W13) -> 0 | Z13: =ROUND($J13*$N13*$Y13,0) -> 0 | AA13: =ROUND($K13*$N13*$Y13,0) -> 0 | AB13: =ROUND($L13*$N13*$Y13,0) -> 0 | AC13: =SUM(Z13:AB13) -> 0 | AE13: =ROUND($J13*$N13*$AD13,0) -> 0 | AF13: =ROUND($K13*$N13*$AD13,0) -> 0 | AG13: =ROUND($L13*$N13*$AD13,0) -> 0 | AH13: =SUM(AE13:AG13) -> 0 | AJ13: =ROUND($N13*AI13,0) -> 0 | BI13: =(P13*(2/3))+ (X13*(1/3))+ (AC13)+ (AH13)+ ((AJ13)/(AZ13+'FEDERAL RATES (HIDDEN)'!$C$20)) -> 0 | BK13: =IF(OR(BJ13=0,BI13=0),0,BI13/BJ13) -> 0 | BL13: =IF(AND(BH13="CONVENTIONAL",$BI13>='MPLH COMPS'!$B$3,$BI13<='MPLH COMPS'!$C$3),'MPLH COMPS'!$D$3&" - "&'MPLH COMPS'!$E$3, IF(AND(BH13="CONVENTIONAL",$BI13>='MPLH COMPS'!$B$4,$BI13<='MPLH COMPS'!$C$4),'MPLH COMPS'!$D$4&" - "&'MPLH COMPS'!$E$4, IF(AND(BH13="CONVENTIONAL",$BI13>='MPLH COMPS'!$B$5,$BI13<='MPLH COMPS'!$C$5),'MPLH COMPS'!$D$5&" - "&'MPLH COMPS'!$E$5, IF(AND(BH13="CONVENTIONAL",$BI13>='MPLH COMPS'!$B$6,$BI13<='MPLH COMPS'!$C$6),'MPLH COMPS'!$D$6&" - "&'MPLH COMPS'!$E$6, IF(AND(BH13="CONVENTIONAL",$BI13>='MPLH COMPS'!$B$7,$BI13<='MPLH COMPS'!$C$7),'MPLH COMPS'!$D$7&" - "&'MPLH COMPS'!$E$7, IF(AND(BH13="CONVENTIONAL",$BI13>='MPLH COMPS'!$B$8,$BI13<='MPLH COMPS'!$C$8),'MPLH COMPS'!$D$8&" - "&'MPLH COMPS'!$E$8, IF(AND(BH13="CONVENTIONAL",$BI13>='MPLH COMPS'!$B$9,$BI13<='MPLH COMPS'!$C$9),'MPLH COMPS'!$D$9&" - "&'MPLH COMPS'!$E$9, IF(AND(BH13="CONVENTIONAL",$BI13>='MPLH COMPS'!$B$10,$BI13<='MPLH COMPS'!$C$10),'MPLH COMPS'!$D$10&" - "&'MPLH COMPS'!$E$10, IF(AND(BH13="CONVENTIONAL",$BI13>='MPLH COMPS'!$B$11,$BI13<='MPLH COMPS'!$C$11),'MPLH COMPS'!$D$11&" - "&'MPLH COMPS'!$E$11, IF(AND(BH13="CONVENTIONAL",$BI13>='MPLH COMPS'!$B$12,$BI13<='MPLH COMPS'!$C$12),'MPLH COMPS'!$D$12&" - "&'MPLH COMPS'!$E$12, IF(AND(BH13="CONVENTIONAL",$BI13>='MPLH COMPS'!$B$13,$BI13<='MPLH COMPS'!$C$13),'MPLH COMPS'!$D$13&" - "&'MPLH COMPS'!$E$13, IF(AND(BH13="CONVENIENCE",$BI13>='MPLH COMPS'!$B$3,$BI13<='MPLH COMPS'!$C$3),'MPLH COMPS'!$F$3&" - "&'MPLH COMPS'!$G$3, IF(AND(BH13="CONVENIENCE",$BI13>='MPLH COMPS'!$B$4,$BI13<='MPLH COMPS'!$C$4),'MPLH COMPS'!$F$4&" - "&'MPLH COMPS'!$G$4, IF(AND(BH13="CONVENIENCE",$BI13>='MPLH COMPS'!$B$5,$BI13<='MPLH COMPS'!$C$5),'MPLH COMPS'!$F$5&" - "&'MPLH COMPS'!$G$5, IF(AND(BH13="CONVENIENCE",$BI13>='MPLH COMPS'!$B$6,$BI13<='MPLH COMPS'!$C$6),'MPLH COMPS'!$F$6&" - "&'MPLH COMPS'!$G$6, IF(AND(BH13="CONVENIENCE",$BI13>='MPLH COMPS'!$B$7,$BI13<='MPLH COMPS'!$C$7),'MPLH COMPS'!$F$7&" - "&'MPLH COMPS'!$G$7, IF(AND(BH13="CONVENIENCE",$BI13>='MPLH COMPS'!$B$8,$BI13<='MPLH COMPS'!$C$8),'MPLH COMPS'!$F$8&" - "&'MPLH COMPS'!$G$8, IF(AND(BH13="CONVENIENCE",$BI13>='MPLH COMPS'!$B$9,$BI13<='MPLH COMPS'!$C$9),'MPLH COMPS'!$F$9&" - "&'MPLH COMPS'!$G$9, IF(AND(BH13="CONVENIENCE",$BI13>='MPLH COMPS'!$B$10,$BI13<='MPLH COMPS'!$C$10),'MPLH COMPS'!$F$10&" - "&'MPLH COMPS'!$G$10, IF(AND(BH13="CONVENIENCE",$BI13>='MPLH COMPS'!$B$11,$BI13<='MPLH COMPS'!$C$11),'MPLH COMPS'!$F$11&" - "&'MPLH COMPS'!$G$11, IF(AND(BH13="CONVENIENCE",$BI13>='MPLH COMPS'!$B$12,$BI13<='MPLH COMPS'!$C$12),'MPLH COMPS'!$F$12&" - "&'MPLH COMPS'!$G$12, IF(AND(BH13="CONVENIENCE",$BI13>='MPLH COMPS'!$B$13,$BI13<='MPLH COMPS'!$C$13),'MPLH COMPS'!$F$13&" - "&'MPLH COMPS'!$G$13, "")))))))))))))))))))))) | BO13: =(($P13*$AK13)+($Q13*$AL13)+($R13*$AM13))*$E13 -> 0 | BP13: =(($U13*$AN13)+($V13*$AO13)+($W13*$AP13))*$E13 -> 0 | BQ13: =(($Z13*$AQ13)+($AA13*$AR13)+($AB13*$AS13))*$E13 -> 0 | BR13: =(($AE13*$AT13)+($AF13*$AU13)+($AG13*$AV13))*$E13 -> 0 | BS13: =IF($B13=FALSE,(($Q13*$AW13)+($R13*$AX13))*$E13,0) -> 0 | BT13: =IF($B13=FALSE,(($AA13*$AY13)+($AB13*$AZ13))*$E13,0) -> 0 | BU13: =AJ13*BA13*$E13 -> 0 | BV13: =($S13*(1+$BG13)*$BB13*$E13)+ ($X13*(1+$BG13)*$BC13*$E13)+ ($AC13*(1+$BG13)*$BD13*$E13)+ ($AH13*(1+$BG13)*$BE13*$E13)+ ($AJ13*(1+$BG13)*$BF13*$E13) -> 0 | BW13: =(($BJ13*$BM13)+($BJ13*$BM13*$BN13))*$E13 -> 0 | BX13: =BV13+BW13 -> 0 | BY13: =SUM(BO13:BU13)-BX13 -> 0
A14: SCHOOL 11 | B14: FALSE | D14: =COUNTIFS(C:C,C14) -> 0 | I14: =SUM(F14:H14) -> 0 | J14: =IF($F14=0,0,IF($B14=FALSE,ROUND($F14/$I14,4), IF(AND($B14=TRUE,C14=0,ROUND($F14/$I14,4)>=0.4),MIN(1,ROUND(($F14/$I14)*'FEDERAL RATES (HIDDEN)'!$C$2,4)), IF(AND($B14=TRUE,C14=0,ROUND($F14/$I14,4)<0.4),ROUND($F14/$I14,4), IF(ROUND((SUMIFS($F:$F,$B:$B,TRUE,$C:$C,$C14)/SUMIFS($I:$I,$B:$B,TRUE,$C:$C,$C14)),4)>=0.4, MIN(1,ROUND((SUMIFS($F:$F,$B:$B,TRUE,$C:$C,$C14)/SUMIFS($I:$I,$B:$B,TRUE,$C:$C,$C14))*'FEDERAL RATES (HIDDEN)'!$C$2,4)), ROUND((SUMIFS($F:$F,$B:$B,TRUE,$C:$C,$C14)/SUMIFS($I:$I,$B:$B,TRUE,$C:$C,$C14)),4)))))) -> 0 | K14: =IF(OR($G14=0,$B14=TRUE),0,ROUND($G14/$I14,4)) -> 0 | L14: =IF($H14=0,0, IF($B14=TRUE,1-$J14, ROUND($H$4/$I14,4))) -> 0 | M14: 1 | N14: =ROUND(I14*M14,0) -> 0 | P14: =ROUND($J14*$N14*$O14,0) -> 0 | Q14: =ROUND($K14*$N14*$O14,0) -> 0 | R14: =ROUND($L14*$N14*$O14,0) -> 0 | S14: =SUM(P14:R14) -> 0 | U14: =ROUND($J14*$N14*$T14,0) -> 0 | V14: =ROUND($K14*$N14*$T14,0) -> 0 | W14: =ROUND($L14*$N14*$T14,0) -> 0 | X14: =SUM(U14:W14) -> 0 | Z14: =ROUND($J14*$N14*$Y14,0) -> 0 | AA14: =ROUND($K14*$N14*$Y14,0) -> 0 | AB14: =ROUND($L14*$N14*$Y14,0) -> 0 | AC14: =SUM(Z14:AB14) -> 0 | AE14: =ROUND($J14*$N14*$AD14,0) -> 0 | AF14: =ROUND($K14*$N14*$AD14,0) -> 0 | AG14: =ROUND($L14*$N14*$AD14,0) -> 0 | AH14: =SUM(AE14:AG14) -> 0 | AJ14: =ROUND($N14*AI14,0) -> 0 | BI14: =(P14*(2/3))+ (X14*(1/3))+ (AC14)+ (AH14)+ ((AJ14)/(AZ14+'FEDERAL RATES (HIDDEN)'!$C$20)) -> 0 | BK14: =IF(OR(BJ14=0,BI14=0),0,BI14/BJ14) -> 0 | BL14: =IF(AND(BH14="CONVENTIONAL",$BI14>='MPLH COMPS'!$B$3,$BI14<='MPLH COMPS'!$C$3),'MPLH COMPS'!$D$3&" - "&'MPLH COMPS'!$E$3, IF(AND(BH14="CONVENTIONAL",$BI14>='MPLH COMPS'!$B$4,$BI14<='MPLH COMPS'!$C$4),'MPLH COMPS'!$D$4&" - "&'MPLH COMPS'!$E$4, IF(AND(BH14="CONVENTIONAL",$BI14>='MPLH COMPS'!$B$5,$BI14<='MPLH COMPS'!$C$5),'MPLH COMPS'!$D$5&" - "&'MPLH COMPS'!$E$5, IF(AND(BH14="CONVENTIONAL",$BI14>='MPLH COMPS'!$B$6,$BI14<='MPLH COMPS'!$C$6),'MPLH COMPS'!$D$6&" - "&'MPLH COMPS'!$E$6, IF(AND(BH14="CONVENTIONAL",$BI14>='MPLH COMPS'!$B$7,$BI14<='MPLH COMPS'!$C$7),'MPLH COMPS'!$D$7&" - "&'MPLH COMPS'!$E$7, IF(AND(BH14="CONVENTIONAL",$BI14>='MPLH COMPS'!$B$8,$BI14<='MPLH COMPS'!$C$8),'MPLH COMPS'!$D$8&" - "&'MPLH COMPS'!$E$8, IF(AND(BH14="CONVENTIONAL",$BI14>='MPLH COMPS'!$B$9,$BI14<='MPLH COMPS'!$C$9),'MPLH COMPS'!$D$9&" - "&'MPLH COMPS'!$E$9, IF(AND(BH14="CONVENTIONAL",$BI14>='MPLH COMPS'!$B$10,$BI14<='MPLH COMPS'!$C$10),'MPLH COMPS'!$D$10&" - "&'MPLH COMPS'!$E$10, IF(AND(BH14="CONVENTIONAL",$BI14>='MPLH COMPS'!$B$11,$BI14<='MPLH COMPS'!$C$11),'MPLH COMPS'!$D$11&" - "&'MPLH COMPS'!$E$11, IF(AND(BH14="CONVENTIONAL",$BI14>='MPLH COMPS'!$B$12,$BI14<='MPLH COMPS'!$C$12),'MPLH COMPS'!$D$12&" - "&'MPLH COMPS'!$E$12, IF(AND(BH14="CONVENTIONAL",$BI14>='MPLH COMPS'!$B$13,$BI14<='MPLH COMPS'!$C$13),'MPLH COMPS'!$D$13&" - "&'MPLH COMPS'!$E$13, IF(AND(BH14="CONVENIENCE",$BI14>='MPLH COMPS'!$B$3,$BI14<='MPLH COMPS'!$C$3),'MPLH COMPS'!$F$3&" - "&'MPLH COMPS'!$G$3, IF(AND(BH14="CONVENIENCE",$BI14>='MPLH COMPS'!$B$4,$BI14<='MPLH COMPS'!$C$4),'MPLH COMPS'!$F$4&" - "&'MPLH COMPS'!$G$4, IF(AND(BH14="CONVENIENCE",$BI14>='MPLH COMPS'!$B$5,$BI14<='MPLH COMPS'!$C$5),'MPLH COMPS'!$F$5&" - "&'MPLH COMPS'!$G$5, IF(AND(BH14="CONVENIENCE",$BI14>='MPLH COMPS'!$B$6,$BI14<='MPLH COMPS'!$C$6),'MPLH COMPS'!$F$6&" - "&'MPLH COMPS'!$G$6, IF(AND(BH14="CONVENIENCE",$BI14>='MPLH COMPS'!$B$7,$BI14<='MPLH COMPS'!$C$7),'MPLH COMPS'!$F$7&" - "&'MPLH COMPS'!$G$7, IF(AND(BH14="CONVENIENCE",$BI14>='MPLH COMPS'!$B$8,$BI14<='MPLH COMPS'!$C$8),'MPLH COMPS'!$F$8&" - "&'MPLH COMPS'!$G$8, IF(AND(BH14="CONVENIENCE",$BI14>='MPLH COMPS'!$B$9,$BI14<='MPLH COMPS'!$C$9),'MPLH COMPS'!$F$9&" - "&'MPLH COMPS'!$G$9, IF(AND(BH14="CONVENIENCE",$BI14>='MPLH COMPS'!$B$10,$BI14<='MPLH COMPS'!$C$10),'MPLH COMPS'!$F$10&" - "&'MPLH COMPS'!$G$10, IF(AND(BH14="CONVENIENCE",$BI14>='MPLH COMPS'!$B$11,$BI14<='MPLH COMPS'!$C$11),'MPLH COMPS'!$F$11&" - "&'MPLH COMPS'!$G$11, IF(AND(BH14="CONVENIENCE",$BI14>='MPLH COMPS'!$B$12,$BI14<='MPLH COMPS'!$C$12),'MPLH COMPS'!$F$12&" - "&'MPLH COMPS'!$G$12, IF(AND(BH14="CONVENIENCE",$BI14>='MPLH COMPS'!$B$13,$BI14<='MPLH COMPS'!$C$13),'MPLH COMPS'!$F$13&" - "&'MPLH COMPS'!$G$13, "")))))))))))))))))))))) | BO14: =(($P14*$AK14)+($Q14*$AL14)+($R14*$AM14))*$E14 -> 0 | BP14: =(($U14*$AN14)+($V14*$AO14)+($W14*$AP14))*$E14 -> 0 | BQ14: =(($Z14*$AQ14)+($AA14*$AR14)+($AB14*$AS14))*$E14 -> 0 | BR14: =(($AE14*$AT14)+($AF14*$AU14)+($AG14*$AV14))*$E14 -> 0 | BS14: =IF($B14=FALSE,(($Q14*$AW14)+($R14*$AX14))*$E14,0) -> 0 | BT14: =IF($B14=FALSE,(($AA14*$AY14)+($AB14*$AZ14))*$E14,0) -> 0 | BU14: =AJ14*BA14*$E14 -> 0 | BV14: =($S14*(1+$BG14)*$BB14*$E14)+ ($X14*(1+$BG14)*$BC14*$E14)+ ($AC14*(1+$BG14)*$BD14*$E14)+ ($AH14*(1+$BG14)*$BE14*$E14)+ ($AJ14*(1+$BG14)*$BF14*$E14) -> 0 | BW14: =(($BJ14*$BM14)+($BJ14*$BM14*$BN14))*$E14 -> 0 | BX14: =BV14+BW14 -> 0 | BY14: =SUM(BO14:BU14)-BX14 -> 0
A15: SCHOOL 12 | B15: FALSE | D15: =COUNTIFS(C:C,C15) -> 0 | I15: =SUM(F15:H15) -> 0 | J15: =IF($F15=0,0,IF($B15=FALSE,ROUND($F15/$I15,4), IF(AND($B15=TRUE,C15=0,ROUND($F15/$I15,4)>=0.4),MIN(1,ROUND(($F15/$I15)*'FEDERAL RATES (HIDDEN)'!$C$2,4)), IF(AND($B15=TRUE,C15=0,ROUND($F15/$I15,4)<0.4),ROUND($F15/$I15,4), IF(ROUND((SUMIFS($F:$F,$B:$B,TRUE,$C:$C,$C15)/SUMIFS($I:$I,$B:$B,TRUE,$C:$C,$C15)),4)>=0.4, MIN(1,ROUND((SUMIFS($F:$F,$B:$B,TRUE,$C:$C,$C15)/SUMIFS($I:$I,$B:$B,TRUE,$C:$C,$C15))*'FEDERAL RATES (HIDDEN)'!$C$2,4)), ROUND((SUMIFS($F:$F,$B:$B,TRUE,$C:$C,$C15)/SUMIFS($I:$I,$B:$B,TRUE,$C:$C,$C15)),4)))))) -> 0 | K15: =IF(OR($G15=0,$B15=TRUE),0,ROUND($G15/$I15,4)) -> 0 | L15: =IF($H15=0,0, IF($B15=TRUE,1-$J15, ROUND($H$4/$I15,4))) -> 0 | M15: 1 | N15: =ROUND(I15*M15,0) -> 0 | P15: =ROUND($J15*$N15*$O15,0) -> 0 | Q15: =ROUND($K15*$N15*$O15,0) -> 0 | R15: =ROUND($L15*$N15*$O15,0) -> 0 | S15: =SUM(P15:R15) -> 0 | U15: =ROUND($J15*$N15*$T15,0) -> 0 | V15: =ROUND($K15*$N15*$T15,0) -> 0 | W15: =ROUND($L15*$N15*$T15,0) -> 0 | X15: =SUM(U15:W15) -> 0 | Z15: =ROUND($J15*$N15*$Y15,0) -> 0 | AA15: =ROUND($K15*$N15*$Y15,0) -> 0 | AB15: =ROUND($L15*$N15*$Y15,0) -> 0 | AC15: =SUM(Z15:AB15) -> 0 | AE15: =ROUND($J15*$N15*$AD15,0) -> 0 | AF15: =ROUND($K15*$N15*$AD15,0) -> 0 | AG15: =ROUND($L15*$N15*$AD15,0) -> 0 | AH15: =SUM(AE15:AG15) -> 0 | AJ15: =ROUND($N15*AI15,0) -> 0 | BI15: =(P15*(2/3))+ (X15*(1/3))+ (AC15)+ (AH15)+ ((AJ15)/(AZ15+'FEDERAL RATES (HIDDEN)'!$C$20)) -> 0 | BK15: =IF(OR(BJ15=0,BI15=0),0,BI15/BJ15) -> 0 | BL15: =IF(AND(BH15="CONVENTIONAL",$BI15>='MPLH COMPS'!$B$3,$BI15<='MPLH COMPS'!$C$3),'MPLH COMPS'!$D$3&" - "&'MPLH COMPS'!$E$3, IF(AND(BH15="CONVENTIONAL",$BI15>='MPLH COMPS'!$B$4,$BI15<='MPLH COMPS'!$C$4),'MPLH COMPS'!$D$4&" - "&'MPLH COMPS'!$E$4, IF(AND(BH15="CONVENTIONAL",$BI15>='MPLH COMPS'!$B$5,$BI15<='MPLH COMPS'!$C$5),'MPLH COMPS'!$D$5&" - "&'MPLH COMPS'!$E$5, IF(AND(BH15="CONVENTIONAL",$BI15>='MPLH COMPS'!$B$6,$BI15<='MPLH COMPS'!$C$6),'MPLH COMPS'!$D$6&" - "&'MPLH COMPS'!$E$6, IF(AND(BH15="CONVENTIONAL",$BI15>='MPLH COMPS'!$B$7,$BI15<='MPLH COMPS'!$C$7),'MPLH COMPS'!$D$7&" - "&'MPLH COMPS'!$E$7, IF(AND(BH15="CONVENTIONAL",$BI15>='MPLH COMPS'!$B$8,$BI15<='MPLH COMPS'!$C$8),'MPLH COMPS'!$D$8&" - "&'MPLH COMPS'!$E$8, IF(AND(BH15="CONVENTIONAL",$BI15>='MPLH COMPS'!$B$9,$BI15<='MPLH COMPS'!$C$9),'MPLH COMPS'!$D$9&" - "&'MPLH COMPS'!$E$9, IF(AND(BH15="CONVENTIONAL",$BI15>='MPLH COMPS'!$B$10,$BI15<='MPLH COMPS'!$C$10),'MPLH COMPS'!$D$10&" - "&'MPLH COMPS'!$E$10, IF(AND(BH15="CONVENTIONAL",$BI15>='MPLH COMPS'!$B$11,$BI15<='MPLH COMPS'!$C$11),'MPLH COMPS'!$D$11&" - "&'MPLH COMPS'!$E$11, IF(AND(BH15="CONVENTIONAL",$BI15>='MPLH COMPS'!$B$12,$BI15<='MPLH COMPS'!$C$12),'MPLH COMPS'!$D$12&" - "&'MPLH COMPS'!$E$12, IF(AND(BH15="CONVENTIONAL",$BI15>='MPLH COMPS'!$B$13,$BI15<='MPLH COMPS'!$C$13),'MPLH COMPS'!$D$13&" - "&'MPLH COMPS'!$E$13, IF(AND(BH15="CONVENIENCE",$BI15>='MPLH COMPS'!$B$3,$BI15<='MPLH COMPS'!$C$3),'MPLH COMPS'!$F$3&" - "&'MPLH COMPS'!$G$3, IF(AND(BH15="CONVENIENCE",$BI15>='MPLH COMPS'!$B$4,$BI15<='MPLH COMPS'!$C$4),'MPLH COMPS'!$F$4&" - "&'MPLH COMPS'!$G$4, IF(AND(BH15="CONVENIENCE",$BI15>='MPLH COMPS'!$B$5,$BI15<='MPLH COMPS'!$C$5),'MPLH COMPS'!$F$5&" - "&'MPLH COMPS'!$G$5, IF(AND(BH15="CONVENIENCE",$BI15>='MPLH COMPS'!$B$6,$BI15<='MPLH COMPS'!$C$6),'MPLH COMPS'!$F$6&" - "&'MPLH COMPS'!$G$6, IF(AND(BH15="CONVENIENCE",$BI15>='MPLH COMPS'!$B$7,$BI15<='MPLH COMPS'!$C$7),'MPLH COMPS'!$F$7&" - "&'MPLH COMPS'!$G$7, IF(AND(BH15="CONVENIENCE",$BI15>='MPLH COMPS'!$B$8,$BI15<='MPLH COMPS'!$C$8),'MPLH COMPS'!$F$8&" - "&'MPLH COMPS'!$G$8, IF(AND(BH15="CONVENIENCE",$BI15>='MPLH COMPS'!$B$9,$BI15<='MPLH COMPS'!$C$9),'MPLH COMPS'!$F$9&" - "&'MPLH COMPS'!$G$9, IF(AND(BH15="CONVENIENCE",$BI15>='MPLH COMPS'!$B$10,$BI15<='MPLH COMPS'!$C$10),'MPLH COMPS'!$F$10&" - "&'MPLH COMPS'!$G$10, IF(AND(BH15="CONVENIENCE",$BI15>='MPLH COMPS'!$B$11,$BI15<='MPLH COMPS'!$C$11),'MPLH COMPS'!$F$11&" - "&'MPLH COMPS'!$G$11, IF(AND(BH15="CONVENIENCE",$BI15>='MPLH COMPS'!$B$12,$BI15<='MPLH COMPS'!$C$12),'MPLH COMPS'!$F$12&" - "&'MPLH COMPS'!$G$12, IF(AND(BH15="CONVENIENCE",$BI15>='MPLH COMPS'!$B$13,$BI15<='MPLH COMPS'!$C$13),'MPLH COMPS'!$F$13&" - "&'MPLH COMPS'!$G$13, "")))))))))))))))))))))) | BO15: =(($P15*$AK15)+($Q15*$AL15)+($R15*$AM15))*$E15 -> 0 | BP15: =(($U15*$AN15)+($V15*$AO15)+($W15*$AP15))*$E15 -> 0 | BQ15: =(($Z15*$AQ15)+($AA15*$AR15)+($AB15*$AS15))*$E15 -> 0 | BR15: =(($AE15*$AT15)+($AF15*$AU15)+($AG15*$AV15))*$E15 -> 0 | BS15: =IF($B15=FALSE,(($Q15*$AW15)+($R15*$AX15))*$E15,0) -> 0 | BT15: =IF($B15=FALSE,(($AA15*$AY15)+($AB15*$AZ15))*$E15,0) -> 0 | BU15: =AJ15*BA15*$E15 -> 0 | BV15: =($S15*(1+$BG15)*$BB15*$E15)+ ($X15*(1+$BG15)*$BC15*$E15)+ ($AC15*(1+$BG15)*$BD15*$E15)+ ($AH15*(1+$BG15)*$BE15*$E15)+ ($AJ15*(1+$BG15)*$BF15*$E15) -> 0 | BW15: =(($BJ15*$BM15)+($BJ15*$BM15*$BN15))*$E15 -> 0 | BX15: =BV15+BW15 -> 0 | BY15: =SUM(BO15:BU15)-BX15 -> 0
A16: SCHOOL 13 | B16: FALSE | D16: =COUNTIFS(C:C,C16) -> 0 | I16: =SUM(F16:H16) -> 0 | J16: =IF($F16=0,0,IF($B16=FALSE,ROUND($F16/$I16,4), IF(AND($B16=TRUE,C16=0,ROUND($F16/$I16,4)>=0.4),MIN(1,ROUND(($F16/$I16)*'FEDERAL RATES (HIDDEN)'!$C$2,4)), IF(AND($B16=TRUE,C16=0,ROUND($F16/$I16,4)<0.4),ROUND($F16/$I16,4), IF(ROUND((SUMIFS($F:$F,$B:$B,TRUE,$C:$C,$C16)/SUMIFS($I:$I,$B:$B,TRUE,$C:$C,$C16)),4)>=0.4, MIN(1,ROUND((SUMIFS($F:$F,$B:$B,TRUE,$C:$C,$C16)/SUMIFS($I:$I,$B:$B,TRUE,$C:$C,$C16))*'FEDERAL RATES (HIDDEN)'!$C$2,4)), ROUND((SUMIFS($F:$F,$B:$B,TRUE,$C:$C,$C16)/SUMIFS($I:$I,$B:$B,TRUE,$C:$C,$C16)),4)))))) -> 0 | K16: =IF(OR($G16=0,$B16=TRUE),0,ROUND($G16/$I16,4)) -> 0 | L16: =IF($H16=0,0, IF($B16=TRUE,1-$J16, ROUND($H$4/$I16,4))) -> 0 | M16: 1 | N16: =ROUND(I16*M16,0) -> 0 | P16: =ROUND($J16*$N16*$O16,0) -> 0 | Q16: =ROUND($K16*$N16*$O16,0) -> 0 | R16: =ROUND($L16*$N16*$O16,0) -> 0 | S16: =SUM(P16:R16) -> 0 | U16: =ROUND($J16*$N16*$T16,0) -> 0 | V16: =ROUND($K16*$N16*$T16,0) -> 0 | W16: =ROUND($L16*$N16*$T16,0) -> 0 | X16: =SUM(U16:W16) -> 0 | Z16: =ROUND($J16*$N16*$Y16,0) -> 0 | AA16: =ROUND($K16*$N16*$Y16,0) -> 0 | AB16: =ROUND($L16*$N16*$Y16,0) -> 0 | AC16: =SUM(Z16:AB16) -> 0 | AE16: =ROUND($J16*$N16*$AD16,0) -> 0 | AF16: =ROUND($K16*$N16*$AD16,0) -> 0 | AG16: =ROUND($L16*$N16*$AD16,0) -> 0 | AH16: =SUM(AE16:AG16) -> 0 | AJ16: =ROUND($N16*AI16,0) -> 0 | BI16: =(P16*(2/3))+ (X16*(1/3))+ (AC16)+ (AH16)+ ((AJ16)/(AZ16+'FEDERAL RATES (HIDDEN)'!$C$20)) -> 0 | BK16: =IF(OR(BJ16=0,BI16=0),0,BI16/BJ16) -> 0 | BL16: =IF(AND(BH16="CONVENTIONAL",$BI16>='MPLH COMPS'!$B$3,$BI16<='MPLH COMPS'!$C$3),'MPLH COMPS'!$D$3&" - "&'MPLH COMPS'!$E$3, IF(AND(BH16="CONVENTIONAL",$BI16>='MPLH COMPS'!$B$4,$BI16<='MPLH COMPS'!$C$4),'MPLH COMPS'!$D$4&" - "&'MPLH COMPS'!$E$4, IF(AND(BH16="CONVENTIONAL",$BI16>='MPLH COMPS'!$B$5,$BI16<='MPLH COMPS'!$C$5),'MPLH COMPS'!$D$5&" - "&'MPLH COMPS'!$E$5, IF(AND(BH16="CONVENTIONAL",$BI16>='MPLH COMPS'!$B$6,$BI16<='MPLH COMPS'!$C$6),'MPLH COMPS'!$D$6&" - "&'MPLH COMPS'!$E$6, IF(AND(BH16="CONVENTIONAL",$BI16>='MPLH COMPS'!$B$7,$BI16<='MPLH COMPS'!$C$7),'MPLH COMPS'!$D$7&" - "&'MPLH COMPS'!$E$7, IF(AND(BH16="CONVENTIONAL",$BI16>='MPLH COMPS'!$B$8,$BI16<='MPLH COMPS'!$C$8),'MPLH COMPS'!$D$8&" - "&'MPLH COMPS'!$E$8, IF(AND(BH16="CONVENTIONAL",$BI16>='MPLH COMPS'!$B$9,$BI16<='MPLH COMPS'!$C$9),'MPLH COMPS'!$D$9&" - "&'MPLH COMPS'!$E$9, IF(AND(BH16="CONVENTIONAL",$BI16>='MPLH COMPS'!$B$10,$BI16<='MPLH COMPS'!$C$10),'MPLH COMPS'!$D$10&" - "&'MPLH COMPS'!$E$10, IF(AND(BH16="CONVENTIONAL",$BI16>='MPLH COMPS'!$B$11,$BI16<='MPLH COMPS'!$C$11),'MPLH COMPS'!$D$11&" - "&'MPLH COMPS'!$E$11, IF(AND(BH16="CONVENTIONAL",$BI16>='MPLH COMPS'!$B$12,$BI16<='MPLH COMPS'!$C$12),'MPLH COMPS'!$D$12&" - "&'MPLH COMPS'!$E$12, IF(AND(BH16="CONVENTIONAL",$BI16>='MPLH COMPS'!$B$13,$BI16<='MPLH COMPS'!$C$13),'MPLH COMPS'!$D$13&" - "&'MPLH COMPS'!$E$13, IF(AND(BH16="CONVENIENCE",$BI16>='MPLH COMPS'!$B$3,$BI16<='MPLH COMPS'!$C$3),'MPLH COMPS'!$F$3&" - "&'MPLH COMPS'!$G$3, IF(AND(BH16="CONVENIENCE",$BI16>='MPLH COMPS'!$B$4,$BI16<='MPLH COMPS'!$C$4),'MPLH COMPS'!$F$4&" - "&'MPLH COMPS'!$G$4, IF(AND(BH16="CONVENIENCE",$BI16>='MPLH COMPS'!$B$5,$BI16<='MPLH COMPS'!$C$5),'MPLH COMPS'!$F$5&" - "&'MPLH COMPS'!$G$5, IF(AND(BH16="CONVENIENCE",$BI16>='MPLH COMPS'!$B$6,$BI16<='MPLH COMPS'!$C$6),'MPLH COMPS'!$F$6&" - "&'MPLH COMPS'!$G$6, IF(AND(BH16="CONVENIENCE",$BI16>='MPLH COMPS'!$B$7,$BI16<='MPLH COMPS'!$C$7),'MPLH COMPS'!$F$7&" - "&'MPLH COMPS'!$G$7, IF(AND(BH16="CONVENIENCE",$BI16>='MPLH COMPS'!$B$8,$BI16<='MPLH COMPS'!$C$8),'MPLH COMPS'!$F$8&" - "&'MPLH COMPS'!$G$8, IF(AND(BH16="CONVENIENCE",$BI16>='MPLH COMPS'!$B$9,$BI16<='MPLH COMPS'!$C$9),'MPLH COMPS'!$F$9&" - "&'MPLH COMPS'!$G$9, IF(AND(BH16="CONVENIENCE",$BI16>='MPLH COMPS'!$B$10,$BI16<='MPLH COMPS'!$C$10),'MPLH COMPS'!$F$10&" - "&'MPLH COMPS'!$G$10, IF(AND(BH16="CONVENIENCE",$BI16>='MPLH COMPS'!$B$11,$BI16<='MPLH COMPS'!$C$11),'MPLH COMPS'!$F$11&" - "&'MPLH COMPS'!$G$11, IF(AND(BH16="CONVENIENCE",$BI16>='MPLH COMPS'!$B$12,$BI16<='MPLH COMPS'!$C$12),'MPLH COMPS'!$F$12&" - "&'MPLH COMPS'!$G$12, IF(AND(BH16="CONVENIENCE",$BI16>='MPLH COMPS'!$B$13,$BI16<='MPLH COMPS'!$C$13),'MPLH COMPS'!$F$13&" - "&'MPLH COMPS'!$G$13, "")))))))))))))))))))))) | BO16: =(($P16*$AK16)+($Q16*$AL16)+($R16*$AM16))*$E16 -> 0 | BP16: =(($U16*$AN16)+($V16*$AO16)+($W16*$AP16))*$E16 -> 0 | BQ16: =(($Z16*$AQ16)+($AA16*$AR16)+($AB16*$AS16))*$E16 -> 0 | BR16: =(($AE16*$AT16)+($AF16*$AU16)+($AG16*$AV16))*$E16 -> 0 | BS16: =IF($B16=FALSE,(($Q16*$AW16)+($R16*$AX16))*$E16,0) -> 0 | BT16: =IF($B16=FALSE,(($AA16*$AY16)+($AB16*$AZ16))*$E16,0) -> 0 | BU16: =AJ16*BA16*$E16 -> 0 | BV16: =($S16*(1+$BG16)*$BB16*$E16)+ ($X16*(1+$BG16)*$BC16*$E16)+ ($AC16*(1+$BG16)*$BD16*$E16)+ ($AH16*(1+$BG16)*$BE16*$E16)+ ($AJ16*(1+$BG16)*$BF16*$E16) -> 0 | BW16: =(($BJ16*$BM16)+($BJ16*$BM16*$BN16))*$E16 -> 0 | BX16: =BV16+BW16 -> 0 | BY16: =SUM(BO16:BU16)-BX16 -> 0
... A203: SCHOOL 200 | B203: FALSE | D203: =COUNTIFS(C:C,C203) -> 0 | I203: =SUM(F203:H203) -> 0 | J203: =IF($F203=0,0,IF($B203=FALSE,ROUND($F203/$I203,4), IF(AND($B203=TRUE,C203=0,ROUND($F203/$I203,4)>=0.4),MIN(1,ROUND(($F203/$I203)*'FEDERAL RATES (HIDDEN)'!$C$2,4)), IF(AND($B203=TRUE,C203=0,ROUND($F203/$I203,4)<0.4),ROUND($F203/$I203,4), IF(ROUND((SUMIFS($F:$F,$B:$B,TRUE,$C:$C,$C203)/SUMIFS($I:$I,$B:$B,TRUE,$C:$C,$C203)),4)>=0.4, MIN(1,ROUND((SUMIFS($F:$F,$B:$B,TRUE,$C:$C,$C203)/SUMIFS($I:$I,$B:$B,TRUE,$C:$C,$C203))*'FEDERAL RATES (HIDDEN)'!$C$2,4)), ROUND((SUMIFS($F:$F,$B:$B,TRUE,$C:$C,$C203)/SUMIFS($I:$I,$B:$B,TRUE,$C:$C,$C203)),4)))))) -> 0 | K203: =IF(OR($G203=0,$B203=TRUE),0,ROUND($G203/$I203,4)) -> 0 | L203: =IF($H203=0,0, IF($B203=TRUE,1-$J203, ROUND($H$4/$I203,4))) -> 0 | M203: 1 | N203: =ROUND(I203*M203,0) -> 0 | P203: =ROUND($J203*$N203*$O203,0) -> 0 | Q203: =ROUND($K203*$N203*$O203,0) -> 0 | R203: =ROUND($L203*$N203*$O203,0) -> 0 | S203: =SUM(P203:R203) -> 0 | U203: =ROUND($J203*$N203*$T203,0) -> 0 | V203: =ROUND($K203*$N203*$T203,0) -> 0 | W203: =ROUND($L203*$N203*$T203,0) -> 0 | X203: =SUM(U203:W203) -> 0 | Z203: =ROUND($J203*$N203*$Y203,0) -> 0 | AA203: =ROUND($K203*$N203*$Y203,0) -> 0 | AB203: =ROUND($L203*$N203*$Y203,0) -> 0 | AC203: =SUM(Z203:AB203) -> 0 | AE203: =ROUND($J203*$N203*$AD203,0) -> 0 | AF203: =ROUND($K203*$N203*$AD203,0) -> 0 | AG203: =ROUND($L203*$N203*$AD203,0) -> 0 | AH203: =SUM(AE203:AG203) -> 0 | AJ203: =ROUND($N203*AI203,0) -> 0 | BI203: =(P203*(2/3))+ (X203*(1/3))+ (AC203)+ (AH203)+ ((AJ203)/(AZ203+'FEDERAL RATES (HIDDEN)'!$C$20)) -> 0 | BK203: =IF(OR(BJ203=0,BI203=0),0,BI203/BJ203) -> 0 | BL203: =IF(AND(BH203="CONVENTIONAL",$BI203>='MPLH COMPS'!$B$3,$BI203<='MPLH COMPS'!$C$3),'MPLH COMPS'!$D$3&" - "&'MPLH COMPS'!$E$3, IF(AND(BH203="CONVENTIONAL",$BI203>='MPLH COMPS'!$B$4,$BI203<='MPLH COMPS'!$C$4),'MPLH COMPS'!$D$4&" - "&'MPLH COMPS'!$E$4, IF(AND(BH203="CONVENTIONAL",$BI203>='MPLH COMPS'!$B$5,$BI203<='MPLH COMPS'!$C$5),'MPLH COMPS'!$D$5&" - "&'MPLH COMPS'!$E$5, IF(AND(BH203="CONVENTIONAL",$BI203>='MPLH COMPS'!$B$6,$BI203<='MPLH COMPS'!$C$6),'MPLH COMPS'!$D$6&" - "&'MPLH COMPS'!$E$6, IF(AND(BH203="CONVENTIONAL",$BI203>='MPLH COMPS'!$B$7,$BI203<='MPLH COMPS'!$C$7),'MPLH COMPS'!$D$7&" - "&'MPLH COMPS'!$E$7, IF(AND(BH203="CONVENTIONAL",$BI203>='MPLH COMPS'!$B$8,$BI203<='MPLH COMPS'!$C$8),'MPLH COMPS'!$D$8&" - "&'MPLH COMPS'!$E$8, IF(AND(BH203="CONVENTIONAL",$BI203>='MPLH COMPS'!$B$9,$BI203<='MPLH COMPS'!$C$9),'MPLH COMPS'!$D$9&" - "&'MPLH COMPS'!$E$9, IF(AND(BH203="CONVENTIONAL",$BI203>='MPLH COMPS'!$B$10,$BI203<='MPLH COMPS'!$C$10),'MPLH COMPS'!$D$10&" - "&'MPLH COMPS'!$E$10, IF(AND(BH203="CONVENTIONAL",$BI203>='MPLH COMPS'!$B$11,$BI203<='MPLH COMPS'!$C$11),'MPLH COMPS'!$D$11&" - "&'MPLH COMPS'!$E$11, IF(AND(BH203="CONVENTIONAL",$BI203>='MPLH COMPS'!$B$12,$BI203<='MPLH COMPS'!$C$12),'MPLH COMPS'!$D$12&" - "&'MPLH COMPS'!$E$12, IF(AND(BH203="CONVENTIONAL",$BI203>='MPLH COMPS'!$B$13,$BI203<='MPLH COMPS'!$C$13),'MPLH COMPS'!$D$13&" - "&'MPLH COMPS'!$E$13, IF(AND(BH203="CONVENIENCE",$BI203>='MPLH COMPS'!$B$3,$BI203<='MPLH COMPS'!$C$3),'MPLH COMPS'!$F$3&" - "&'MPLH COMPS'!$G$3, IF(AND(BH203="CONVENIENCE",$BI203>='MPLH COMPS'!$B$4,$BI203<='MPLH COMPS'!$C$4),'MPLH COMPS'!$F$4&" - "&'MPLH COMPS'!$G$4, IF(AND(BH203="CONVENIENCE",$BI203>='MPLH COMPS'!$B$5,$BI203<='MPLH COMPS'!$C$5),'MPLH COMPS'!$F$5&" - "&'MPLH COMPS'!$G$5, IF(AND(BH203="CONVENIENCE",$BI203>='MPLH COMPS'!$B$6,$BI203<='MPLH COMPS'!$C$6),'MPLH COMPS'!$F$6&" - "&'MPLH COMPS'!$G$6, IF(AND(BH203="CONVENIENCE",$BI203>='MPLH COMPS'!$B$7,$BI203<='MPLH COMPS'!$C$7),'MPLH COMPS'!$F$7&" - "&'MPLH COMPS'!$G$7, IF(AND(BH203="CONVENIENCE",$BI203>='MPLH COMPS'!$B$8,$BI203<='MPLH COMPS'!$C$8),'MPLH COMPS'!$F$8&" - "&'MPLH COMPS'!$G$8, IF(AND(BH203="CONVENIENCE",$BI203>='MPLH COMPS'!$B$9,$BI203<='MPLH COMPS'!$C$9),'MPLH COMPS'!$F$9&" - "&'MPLH COMPS'!$G$9, IF(AND(BH203="CONVENIENCE",$BI203>='MPLH COMPS'!$B$10,$BI203<='MPLH COMPS'!$C$10),'MPLH COMPS'!$F$10&" - "&'MPLH COMPS'!$G$10, IF(AND(BH203="CONVENIENCE",$BI203>='MPLH COMPS'!$B$11,$BI203<='MPLH COMPS'!$C$11),'MPLH COMPS'!$F$11&" - "&'MPLH COMPS'!$G$11, IF(AND(BH203="CONVENIENCE",$BI203>='MPLH COMPS'!$B$12,$BI203<='MPLH COMPS'!$C$12),'MPLH COMPS'!$F$12&" - "&'MPLH COMPS'!$G$12, IF(AND(BH203="CONVENIENCE",$BI203>='MPLH COMPS'!$B$13,$BI203<='MPLH COMPS'!$C$13),'MPLH COMPS'!$F$13&" - "&'MPLH COMPS'!$G$13, "")))))))))))))))))))))) | BO203: =(($P203*$AK203)+($Q203*$AL203)+($R203*$AM203))*$E203 -> 0 | BP203: =(($U203*$AN203)+($V203*$AO203)+($W203*$AP203))*$E203 -> 0 | BQ203: =(($Z203*$AQ203)+($AA203*$AR203)+($AB203*$AS203))*$E203 -> 0 | BR203: =(($AE203*$AT203)+($AF203*$AU203)+($AG203*$AV203))*$E203 -> 0 | BS203: =IF($B203=FALSE,(($Q203*$AW203)+($R203*$AX203))*$E203,0) -> 0 | BT203: =IF($B203=FALSE,(($AA203*$AY203)+($AB203*$AZ203))*$E203,0) -> 0 | BU203: =AJ203*BA203*$E203 -> 0 | BV203: =($S203*(1+$BG203)*$BB203*$E203)+ ($X203*(1+$BG203)*$BC203*$E203)+ ($AC203*(1+$BG203)*$BD203*$E203)+ ($AH203*(1+$BG203)*$BE203*$E203)+ ($AJ203*(1+$BG203)*$BF203*$E203) -> 0 | BW203: =(($BJ203*$BM203)+($BJ203*$BM203*$BN203))*$E203 -> 0 | BX203: =BV203+BW203 -> 0 | BY203: =SUM(BO203:BU203)-BX203 -> 0

Sheet DISTRICT-LEVEL EXPENSES
B1: DISTRICT EXPENSES
B2: ADMINISTRATIVE LABOR EXPENSES
B3: FOOD SERVICE DIRECTOR ANNUAL SALARY | C3: 0
B4: OTHER ADMINISTRATIVE WAGES | C4: 0
B5: FICA / PAYROLL TAX % | C5: 0
B6: BENEFITS % | C6: 0
B7: TOTAL ADMINISTRATIVE LABOR EXPENSES | C7: =SUM($C$3:$C$4)+(SUM($C$3:$C$4)*$C$5)+(SUM($C$3:$C$4)*$C$6) -> 0
B9: OTHER EXPENSES
B10: ANNUAL UNPAID STUDENT LUNCH DEBT (NON-CEP SCHOOLS ONLY) | C10: 0
B11: FOOD SERVICE MANAGEMENT FEES | C11: 0
B12: PROPERTY, PLANT, AND EQUIPMENT MAINTENANCE EXPENSES | C12: 0
B13: UTILITIES | C13: 0
B14: DISTRICT OVERHEAD & INDIRECT CHARGES | C14: 0
B15: OTHER EXPENSE | C15: 0
B16: OTHER EXPENSE | C16: 0
B17: OTHER EXPENSE | C17: 0
B18: OTHER EXPENSE | C18: 0
B19: TOTAL OTHER EXPENSES | C19: =SUM(C10:C18) -> 0

Sheet INCOME STATEMENT
B1: REVENUES
B2: NON-CEP GROUP
B3: BREAKFAST | C3: =SUMIFS('SCHOOL WORKSHEET'!$BO:$BO,'SCHOOL WORKSHEET'!$B:$B,FALSE)+SUMIFS('SCHOOL WORKSHEET'!$BS:$BS,'SCHOOL WORKSHEET'!$B:$B,FALSE) -> 0
B4: SNACK | C4: =SUMIFS('SCHOOL WORKSHEET'!$BP:$BP,'SCHOOL WORKSHEET'!$B:$B,FALSE) -> 0
B5: LUNCH | C5: =SUMIFS('SCHOOL WORKSHEET'!$BQ:$BQ,'SCHOOL WORKSHEET'!$B:$B,FALSE)+SUMIFS('SCHOOL WORKSHEET'!$BT:$BT,'SCHOOL WORKSHEET'!$B:$B,FALSE) -> 0
B6: SUPPER | C6: =SUMIFS('SCHOOL WORKSHEET'!$BR:$BR,'SCHOOL WORKSHEET'!$B:$B,FALSE) -> 0
B7: ALA CARTE | C7: =SUMIFS('SCHOOL WORKSHEET'!$BU:$BU,'SCHOOL WORKSHEET'!$B:$B,FALSE) -> 0
B8: NON-CEP GROUP SUBTOTAL | C8: =SUM(C3:C7) -> 0
B9: CEP GROUPS
B10: BREAKFAST | C10: =SUMIFS('SCHOOL WORKSHEET'!$BO:$BO,'SCHOOL WORKSHEET'!$B:$B,TRUE) -> 0
B11: SNACK | C11: =SUMIFS('SCHOOL WORKSHEET'!$BP:$BP,'SCHOOL WORKSHEET'!$B:$B,TRUE) -> 0
B12: LUNCH | C12: =SUMIFS('SCHOOL WORKSHEET'!$BQ:$BQ,'SCHOOL WORKSHEET'!$B:$B,TRUE) -> 0
B13: SUPPER | C13: =SUMIFS('SCHOOL WORKSHEET'!$BR:$BR,'SCHOOL WORKSHEET'!$B:$B,TRUE) -> 0
B14: ALA CARTE | C14: =SUMIFS('SCHOOL WORKSHEET'!$BU:$BU,'SCHOOL WORKSHEET'!$B:$B,TRUE) -> 0
B15: CEP GROUPS SUBTOTAL | C15: =SUM(C10:C14) -> 0
B16: TOTAL REVENUES | C16: =C8+C15 -> 0
B17: EXPENSES
B18: NON-CEP GROUP
B19: FOOD | C19: =SUMIFS('SCHOOL WORKSHEET'!$BV:$BV,'SCHOOL WORKSHEET'!B:B,FALSE) -> 0
B20: DIRECT LABOR | C20: =SUMIFS('SCHOOL WORKSHEET'!$BW:$BW,'SCHOOL WORKSHEET'!B:B,FALSE) -> 0
B21: BAD DEBT | C21: ='DISTRICT-LEVEL EXPENSES'!$C$10 -> 0
B22: NON-CEP GROUP SUBTOTAL | C22: =SUM(C19:C21) -> 0
B23: CEP GROUPS
B24: FOOD | C24: =SUMIFS('SCHOOL WORKSHEET'!$BV:$BV,'SCHOOL WORKSHEET'!$B:$B,TRUE) -> 0
B25: DIRECT LABOR | C25: =SUMIFS('SCHOOL WORKSHEET'!$BW:$BW,'SCHOOL WORKSHEET'!$B:$B,TRUE) -> 0
B26: CEP GROUP SUBTOTAL | C26: =SUM(C24:C25) -> 0
B27: DISTRICT-LEVEL EXPENSES
B28: ADMINISTRATIVE LABOR | C28: ='DISTRICT-LEVEL EXPENSES'!C7 -> 0
B29: FOOD SERVICE MANAGEMENT FEES | C29: ='DISTRICT-LEVEL EXPENSES'!C11 -> 0
B30: PROPERTY, PLANT, AND EQUIPMENT MAINTENANCE EXPENSES | C30: ='DISTRICT-LEVEL EXPENSES'!C12 -> 0
B31: UTILITIES | C31: ='DISTRICT-LEVEL EXPENSES'!C13 -> 0
B32: DISTRICT OVERHEAD & INDIRECT CHARGES | C32: ='DISTRICT-LEVEL EXPENSES'!C14 -> 0
B33: OTHER EXPENSES | C33: =SUM('DISTRICT-LEVEL EXPENSES'!C15:C18) -> 0
B34: DISTRICT-LEVEL EXPENSE SUBTOTAL | C34: =SUM(C28:C33) -> 0
B35: TOTAL EXPENSES | C35: =C22+C26+C34 -> 0
B37: NET INCOME | C37: =C16-C35 -> 0

Sheet OVERVIEW BY GROUP
B1: GROUP | C1: TOTAL SCHOOLS | D1: TOTAL STUDENTS | E1: REIMBURSEMENT % | H1: PARTICIPATION | M1: REVENUES | S1: EXPENSES | V1: GROUP CONTRIBUTION MARGIN
E2: FREE | F2: REDUCED | G2: PAID | H2: BFAST | I2: SNACK | J2: LUNCH | K2: SUPPER | L2: ALA CARTE | M2: BREAKFAST | N2: SNACK | O2: LUNCH | P2: SUPPER | Q2: ALA CARTE | R2: TOTAL | S2: FOOD | T2: LABOR | U2: TOTAL
B3: NON-CEP SCHOOLS | C3: =COUNTIFS('SCHOOL WORKSHEET'!$B:$B,FALSE,'SCHOOL WORKSHEET'!$I:$I,">0") -> 0 | D3: =SUMIFS('SCHOOL WORKSHEET'!$I:$I,'SCHOOL WORKSHEET'!$B:$B,FALSE) -> 0 | E3: =IF(SUMIFS('SCHOOL WORKSHEET'!$F:$F,'SCHOOL WORKSHEET'!$B:$B,FALSE)=0,0,SUMIFS('SCHOOL WORKSHEET'!$F:$F,'SCHOOL WORKSHEET'!$B:$B,FALSE)/SUMIFS('SCHOOL WORKSHEET'!$I:$I,'SCHOOL WORKSHEET'!$B:$B,FALSE)) -> 0 | F3: =IF(SUMIFS('SCHOOL WORKSHEET'!$G:$G,'SCHOOL WORKSHEET'!$B:$B,FALSE)=0,0,SUMIFS('SCHOOL WORKSHEET'!$G:$G,'SCHOOL WORKSHEET'!$B:$B,FALSE)/SUMIFS('SCHOOL WORKSHEET'!$I:$I,'SCHOOL WORKSHEET'!$B:$B,FALSE)) -> 0 | G3: =IF(SUMIFS('SCHOOL WORKSHEET'!$H:$H,'SCHOOL WORKSHEET'!$B:$B,FALSE)=0,0,SUMIFS('SCHOOL WORKSHEET'!$H:$H,'SCHOOL WORKSHEET'!$B:$B,FALSE)/SUMIFS('SCHOOL WORKSHEET'!$I:$I,'SCHOOL WORKSHEET'!$B:$B,FALSE)) -> 0 | H3: =IF($C3=0,0,SUMIFS('SCHOOL WORKSHEET'!$S:$S,'SCHOOL WORKSHEET'!$B:$B,FALSE)/SUMIFS('SCHOOL WORKSHEET'!$N:$N,'SCHOOL WORKSHEET'!$B:$B,FALSE)) -> 0 | I3: =IF($C3=0,0,SUMIFS('SCHOOL WORKSHEET'!$X:$X,'SCHOOL WORKSHEET'!$B:$B,FALSE)/SUMIFS('SCHOOL WORKSHEET'!$N:$N,'SCHOOL WORKSHEET'!$B:$B,FALSE)) -> 0 | J3: =IF($C3=0,0,SUMIFS('SCHOOL WORKSHEET'!$AC:$AC,'SCHOOL WORKSHEET'!$B:$B,FALSE)/SUMIFS('SCHOOL WORKSHEET'!$N:$N,'SCHOOL WORKSHEET'!$B:$B,FALSE)) -> 0 | K3: =IF($C3=0,0,SUMIFS('SCHOOL WORKSHEET'!$AH:$AH,'SCHOOL WORKSHEET'!$B:$B,FALSE)/SUMIFS('SCHOOL WORKSHEET'!$N:$N,'SCHOOL WORKSHEET'!$B:$B,FALSE)) -> 0 | L3: =IF($C3=0,0,SUMIFS('SCHOOL WORKSHEET'!$AJ:$AJ,'SCHOOL WORKSHEET'!$B:$B,FALSE)/SUMIFS('SCHOOL WORKSHEET'!$N:$N,'SCHOOL WORKSHEET'!$B:$B,FALSE)) -> 0 | M3: =SUMIFS('SCHOOL WORKSHEET'!$BO:$BO,'SCHOOL WORKSHEET'!$B:$B,FALSE)+SUMIFS('SCHOOL WORKSHEET'!$BS:$BS,'SCHOOL WORKSHEET'!$B:$B,FALSE) -> 0 | N3: =SUMIFS('SCHOOL WORKSHEET'!$BP:$BP,'SCHOOL WORKSHEET'!$B:$B,FALSE) -> 0 | O3: =SUMIFS('SCHOOL WORKSHEET'!$BQ:$BQ,'SCHOOL WORKSHEET'!$B:$B,FALSE)+SUMIFS('SCHOOL WORKSHEET'!$BT:$BT,'SCHOOL WORKSHEET'!$B:$B,FALSE) -> 0 | P3: =SUMIFS('SCHOOL WORKSHEET'!$BR:$BR,'SCHOOL WORKSHEET'!$B:$B,FALSE) -> 0 | Q3: =SUMIFS('SCHOOL WORKSHEET'!$BU:$BU,'SCHOOL WORKSHEET'!$B:$B,FALSE) -> 0 | R3: =SUM(M3:Q3) -> 0 | S3: =SUMIFS('SCHOOL WORKSHEET'!$BV:$BV,'SCHOOL WORKSHEET'!$B:$B,FALSE) -> 0 | T3: =SUMIFS('SCHOOL WORKSHEET'!$BW:$BW,'SCHOOL WORKSHEET'!$B:$B,FALSE) -> 0 | U3: =SUM(S3:T3) -> 0 | V3: =R3-U3 -> 0
A4: 1 | B4: GROUP 1 | C4: =COUNTIFS('SCHOOL WORKSHEET'!B:B,TRUE,'SCHOOL WORKSHEET'!C:C,A4) -> 0 | D4: =SUMIFS('SCHOOL WORKSHEET'!$I:$I,'SCHOOL WORKSHEET'!$B:$B,TRUE,'SCHOOL WORKSHEET'!$C:$C,$A4) -> 0 | E4: =IF(SUMIFS('SCHOOL WORKSHEET'!$F:$F,'SCHOOL WORKSHEET'!$B:$B,TRUE,'SCHOOL WORKSHEET'!$C:$C,$A4)=0,0, IF(ROUND(SUMIFS('SCHOOL WORKSHEET'!$F:$F,'SCHOOL WORKSHEET'!$B:$B,TRUE,'SCHOOL WORKSHEET'!$C:$C,$A4)/SUMIFS('SCHOOL WORKSHEET'!$I:$I,'SCHOOL WORKSHEET'!$B:$B,TRUE,'SCHOOL WORKSHEET'!$C:$C,$A4),4)>=0.4, MIN(1,ROUND(SUMIFS('SCHOOL WORKSHEET'!$F:$F,'SCHOOL WORKSHEET'!$B:$B,TRUE,'SCHOOL WORKSHEET'!$C:$C,$A4)/SUMIFS('SCHOOL WORKSHEET'!$I:$I,'SCHOOL WORKSHEET'!$B:$B,TRUE,'SCHOOL WORKSHEET'!$C:$C,$A4)*'FEDERAL RATES (HIDDEN)'!$C$2,4)), ROUND(SUMIFS('SCHOOL WORKSHEET'!$F:$F,'SCHOOL WORKSHEET'!$B:$B,TRUE,'SCHOOL WORKSHEET'!$C:$C,$A4)/SUMIFS('SCHOOL WORKSHEET'!$I:$I,'SCHOOL WORKSHEET'!$B:$B,TRUE,'SCHOOL WORKSHEET'!$C:$C,$A4),4))) -> 0 | G4: =IF(SUMIFS('SCHOOL WORKSHEET'!$H:$H,'SCHOOL WORKSHEET'!$B:$B,TRUE,'SCHOOL WORKSHEET'!$C:$C,$A4)=0,0,1-$E4) -> 0 | H4: =IF($C4=0,0,SUMIFS('SCHOOL WORKSHEET'!$S:$S,'SCHOOL WORKSHEET'!$B:$B,TRUE,'SCHOOL WORKSHEET'!$C:$C,$A4)/SUMIFS('SCHOOL WORKSHEET'!$N:$N,'SCHOOL WORKSHEET'!$B:$B,TRUE,'SCHOOL WORKSHEET'!$C:$C,$A4)) -> 0 | I4: =IF($C4=0,0,SUMIFS('SCHOOL WORKSHEET'!$X:$X,'SCHOOL WORKSHEET'!$B:$B,TRUE,'SCHOOL WORKSHEET'!$C:$C,$A4)/SUMIFS('SCHOOL WORKSHEET'!$N:$N,'SCHOOL WORKSHEET'!$B:$B,TRUE,'SCHOOL WORKSHEET'!$C:$C,$A4)) -> 0 | J4: =IF($C4=0,0,SUMIFS('SCHOOL WORKSHEET'!$AC:$AC,'SCHOOL WORKSHEET'!$B:$B,TRUE,'SCHOOL WORKSHEET'!$C:$C,$A4)/SUMIFS('SCHOOL WORKSHEET'!$N:$N,'SCHOOL WORKSHEET'!$B:$B,TRUE,'SCHOOL WORKSHEET'!$C:$C,$A4)) -> 0 | K4: =IF($C4=0,0,SUMIFS('SCHOOL WORKSHEET'!$AH:$AH,'SCHOOL WORKSHEET'!$B:$B,TRUE,'SCHOOL WORKSHEET'!$C:$C,$A4)/SUMIFS('SCHOOL WORKSHEET'!$N:$N,'SCHOOL WORKSHEET'!$B:$B,TRUE,'SCHOOL WORKSHEET'!$C:$C,$A4)) -> 0 | L4: =IF($C4=0,0,SUMIFS('SCHOOL WORKSHEET'!$AJ:$AJ,'SCHOOL WORKSHEET'!$B:$B,TRUE,'SCHOOL WORKSHEET'!$C:$C,$A4)/SUMIFS('SCHOOL WORKSHEET'!$N:$N,'SCHOOL WORKSHEET'!$B:$B,TRUE,'SCHOOL WORKSHEET'!$C:$C,$A4)) -> 0 | M4: =SUMIFS('SCHOOL WORKSHEET'!$BO:$BO,'SCHOOL WORKSHEET'!$B:$B,TRUE,'SCHOOL WORKSHEET'!$C:$C,$A4)+SUMIFS('SCHOOL WORKSHEET'!$BS:$BS,'SCHOOL WORKSHEET'!$B:$B,TRUE,'SCHOOL WORKSHEET'!$C:$C,$A4) -> 0 | N4: =SUMIFS('SCHOOL WORKSHEET'!$BP:$BP,'SCHOOL WORKSHEET'!$B:$B,TRUE,'SCHOOL WORKSHEET'!$C:$C,$A4) -> 0 | O4: =SUMIFS('SCHOOL WORKSHEET'!$BQ:$BQ,'SCHOOL WORKSHEET'!$B:$B,TRUE,'SCHOOL WORKSHEET'!$C:$C,$A4)+SUMIFS('SCHOOL WORKSHEET'!$BT:$BT,'SCHOOL WORKSHEET'!$B:$B,TRUE,'SCHOOL WORKSHEET'!$C:$C,$A4) -> 0 | P4: =SUMIFS('SCHOOL WORKSHEET'!$BR:$BR,'SCHOOL WORKSHEET'!$B:$B,TRUE,'SCHOOL WORKSHEET'!$C:$C,$A4) -> 0 | Q4: =SUMIFS('SCHOOL WORKSHEET'!$BU:$BU,'SCHOOL WORKSHEET'!$B:$B,TRUE,'SCHOOL WORKSHEET'!$C:$C,$A4)+SUMIFS('SCHOOL WORKSHEET'!$BS:$BS,'SCHOOL WORKSHEET'!$B:$B,TRUE,'SCHOOL WORKSHEET'!$C:$C,$A4) -> 0 | R4: =SUM(M4:Q4) -> 0 | S4: =SUMIFS('SCHOOL WORKSHEET'!$BV:$BV,'SCHOOL WORKSHEET'!$B:$B,TRUE,'SCHOOL WORKSHEET'!$C:$C,$A4) -> 0 | T4: =SUMIFS('SCHOOL WORKSHEET'!$BW:$BW,'SCHOOL WORKSHEET'!$B:$B,TRUE,'SCHOOL WORKSHEET'!$C:$C,$A4) -> 0 | U4: =SUM(S4:T4) -> 0 | V4: =R4-U4 -> 0
A5: 2 | B5: GROUP 2 | C5: =COUNTIFS('SCHOOL WORKSHEET'!B:B,TRUE,'SCHOOL WORKSHEET'!C:C,A5) -> 0 | D5: =SUMIFS('SCHOOL WORKSHEET'!$I:$I,'SCHOOL WORKSHEET'!$B:$B,TRUE,'SCHOOL WORKSHEET'!$C:$C,$A5) -> 0 | E5: =IF(SUMIFS('SCHOOL WORKSHEET'!$F:$F,'SCHOOL WORKSHEET'!$B:$B,TRUE,'SCHOOL WORKSHEET'!$C:$C,$A5)=0,0, IF(ROUND(SUMIFS('SCHOOL WORKSHEET'!$F:$F,'SCHOOL WORKSHEET'!$B:$B,TRUE,'SCHOOL WORKSHEET'!$C:$C,$A5)/SUMIFS('SCHOOL WORKSHEET'!$I:$I,'SCHOOL WORKSHEET'!$B:$B,TRUE,'SCHOOL WORKSHEET'!$C:$C,$A5),4)>=0.4, MIN(1,ROUND(SUMIFS('SCHOOL WORKSHEET'!$F:$F,'SCHOOL WORKSHEET'!$B:$B,TRUE,'SCHOOL WORKSHEET'!$C:$C,$A5)/SUMIFS('SCHOOL WORKSHEET'!$I:$I,'SCHOOL WORKSHEET'!$B:$B,TRUE,'SCHOOL WORKSHEET'!$C:$C,$A5)*'FEDERAL RATES (HIDDEN)'!$C$2,4)), ROUND(SUMIFS('SCHOOL WORKSHEET'!$F:$F,'SCHOOL WORKSHEET'!$B:$B,TRUE,'SCHOOL WORKSHEET'!$C:$C,$A5)/SUMIFS('SCHOOL WORKSHEET'!$I:$I,'SCHOOL WORKSHEET'!$B:$B,TRUE,'SCHOOL WORKSHEET'!$C:$C,$A5),4))) -> 0 | G5: =IF(SUMIFS('SCHOOL WORKSHEET'!$H:$H,'SCHOOL WORKSHEET'!$B:$B,TRUE,'SCHOOL WORKSHEET'!$C:$C,$A5)=0,0,1-$E5) -> 0 | H5: =IF($C5=0,0,SUMIFS('SCHOOL WORKSHEET'!$S:$S,'SCHOOL WORKSHEET'!$B:$B,TRUE,'SCHOOL WORKSHEET'!$C:$C,$A5)/SUMIFS('SCHOOL WORKSHEET'!$N:$N,'SCHOOL WORKSHEET'!$B:$B,TRUE,'SCHOOL WORKSHEET'!$C:$C,$A5)) -> 0 | I5: =IF($C5=0,0,SUMIFS('SCHOOL WORKSHEET'!$X:$X,'SCHOOL WORKSHEET'!$B:$B,TRUE,'SCHOOL WORKSHEET'!$C:$C,$A5)/SUMIFS('SCHOOL WORKSHEET'!$N:$N,'SCHOOL WORKSHEET'!$B:$B,TRUE,'SCHOOL WORKSHEET'!$C:$C,$A5)) -> 0 | J5: =IF($C5=0,0,SUMIFS('SCHOOL WORKSHEET'!$AC:$AC,'SCHOOL WORKSHEET'!$B:$B,TRUE,'SCHOOL WORKSHEET'!$C:$C,$A5)/SUMIFS('SCHOOL WORKSHEET'!$N:$N,'SCHOOL WORKSHEET'!$B:$B,TRUE,'SCHOOL WORKSHEET'!$C:$C,$A5)) -> 0 | K5: =IF($C5=0,0,SUMIFS('SCHOOL WORKSHEET'!$AH:$AH,'SCHOOL WORKSHEET'!$B:$B,TRUE,'SCHOOL WORKSHEET'!$C:$C,$A5)/SUMIFS('SCHOOL WORKSHEET'!$N:$N,'SCHOOL WORKSHEET'!$B:$B,TRUE,'SCHOOL WORKSHEET'!$C:$C,$A5)) -> 0 | L5: =IF($C5=0,0,SUMIFS('SCHOOL WORKSHEET'!$AJ:$AJ,'SCHOOL WORKSHEET'!$B:$B,TRUE,'SCHOOL WORKSHEET'!$C:$C,$A5)/SUMIFS('SCHOOL WORKSHEET'!$N:$N,'SCHOOL WORKSHEET'!$B:$B,TRUE,'SCHOOL WORKSHEET'!$C:$C,$A5)) -> 0 | M5: =SUMIFS('SCHOOL WORKSHEET'!$BO:$BO,'SCHOOL WORKSHEET'!$B:$B,TRUE,'SCHOOL WORKSHEET'!$C:$C,$A5)+SUMIFS('SCHOOL WORKSHEET'!$BS:$BS,'SCHOOL WORKSHEET'!$B:$B,TRUE,'SCHOOL WORKSHEET'!$C:$C,$A5) -> 0 | N5: =SUMIFS('SCHOOL WORKSHEET'!$BP:$BP,'SCHOOL WORKSHEET'!$B:$B,TRUE,'SCHOOL WORKSHEET'!$C:$C,$A5) -> 0 | O5: =SUMIFS('SCHOOL WORKSHEET'!$BQ:$BQ,'SCHOOL WORKSHEET'!$B:$B,TRUE,'SCHOOL WORKSHEET'!$C:$C,$A5)+SUMIFS('SCHOOL WORKSHEET'!$BT:$BT,'SCHOOL WORKSHEET'!$B:$B,TRUE,'SCHOOL WORKSHEET'!$C:$C,$A5) -> 0 | P5: =SUMIFS('SCHOOL WORKSHEET'!$BR:$BR,'SCHOOL WORKSHEET'!$B:$B,TRUE,'SCHOOL WORKSHEET'!$C:$C,$A5) -> 0 | Q5: =SUMIFS('SCHOOL WORKSHEET'!$BU:$BU,'SCHOOL WORKSHEET'!$B:$B,TRUE,'SCHOOL WORKSHEET'!$C:$C,$A5)+SUMIFS('SCHOOL WORKSHEET'!$BS:$BS,'SCHOOL WORKSHEET'!$B:$B,TRUE,'SCHOOL WORKSHEET'!$C:$C,$A5) -> 0 | R5: =SUM(M5:Q5) -> 0 | S5: =SUMIFS('SCHOOL WORKSHEET'!$BV:$BV,'SCHOOL WORKSHEET'!$B:$B,TRUE,'SCHOOL WORKSHEET'!$C:$C,$A5) -> 0 | T5: =SUMIFS('SCHOOL WORKSHEET'!$BW:$BW,'SCHOOL WORKSHEET'!$B:$B,TRUE,'SCHOOL WORKSHEET'!$C:$C,$A5) -> 0 | U5: =SUM(S5:T5) -> 0 | V5: =R5-U5 -> 0
A6: 3 | B6: GROUP 3 | C6: =COUNTIFS('SCHOOL WORKSHEET'!B:B,TRUE,'SCHOOL WORKSHEET'!C:C,A6) -> 0 | D6: =SUMIFS('SCHOOL WORKSHEET'!$I:$I,'SCHOOL WORKSHEET'!$B:$B,TRUE,'SCHOOL WORKSHEET'!$C:$C,$A6) -> 0 | E6: =IF(SUMIFS('SCHOOL WORKSHEET'!$F:$F,'SCHOOL WORKSHEET'!$B:$B,TRUE,'SCHOOL WORKSHEET'!$C:$C,$A6)=0,0, IF(ROUND(SUMIFS('SCHOOL WORKSHEET'!$F:$F,'SCHOOL WORKSHEET'!$B:$B,TRUE,'SCHOOL WORKSHEET'!$C:$C,$A6)/SUMIFS('SCHOOL WORKSHEET'!$I:$I,'SCHOOL WORKSHEET'!$B:$B,TRUE,'SCHOOL WORKSHEET'!$C:$C,$A6),4)>=0.4, MIN(1,ROUND(SUMIFS('SCHOOL WORKSHEET'!$F:$F,'SCHOOL WORKSHEET'!$B:$B,TRUE,'SCHOOL WORKSHEET'!$C:$C,$A6)/SUMIFS('SCHOOL WORKSHEET'!$I:$I,'SCHOOL WORKSHEET'!$B:$B,TRUE,'SCHOOL WORKSHEET'!$C:$C,$A6)*'FEDERAL RATES (HIDDEN)'!$C$2,4)), ROUND(SUMIFS('SCHOOL WORKSHEET'!$F:$F,'SCHOOL WORKSHEET'!$B:$B,TRUE,'SCHOOL WORKSHEET'!$C:$C,$A6)/SUMIFS('SCHOOL WORKSHEET'!$I:$I,'SCHOOL WORKSHEET'!$B:$B,TRUE,'SCHOOL WORKSHEET'!$C:$C,$A6),4))) -> 0 | G6: =IF(SUMIFS('SCHOOL WORKSHEET'!$H:$H,'SCHOOL WORKSHEET'!$B:$B,TRUE,'SCHOOL WORKSHEET'!$C:$C,$A6)=0,0,1-$E6) -> 0 | H6: =IF($C6=0,0,SUMIFS('SCHOOL WORKSHEET'!$S:$S,'SCHOOL WORKSHEET'!$B:$B,TRUE,'SCHOOL WORKSHEET'!$C:$C,$A6)/SUMIFS('SCHOOL WORKSHEET'!$N:$N,'SCHOOL WORKSHEET'!$B:$B,TRUE,'SCHOOL WORKSHEET'!$C:$C,$A6)) -> 0 | I6: =IF($C6=0,0,SUMIFS('SCHOOL WORKSHEET'!$X:$X,'SCHOOL WORKSHEET'!$B:$B,TRUE,'SCHOOL WORKSHEET'!$C:$C,$A6)/SUMIFS('SCHOOL WORKSHEET'!$N:$N,'SCHOOL WORKSHEET'!$B:$B,TRUE,'SCHOOL WORKSHEET'!$C:$C,$A6)) -> 0 | J6: =IF($C6=0,0,SUMIFS('SCHOOL WORKSHEET'!$AC:$AC,'SCHOOL WORKSHEET'!$B:$B,TRUE,'SCHOOL WORKSHEET'!$C:$C,$A6)/SUMIFS('SCHOOL WORKSHEET'!$N:$N,'SCHOOL WORKSHEET'!$B:$B,TRUE,'SCHOOL WORKSHEET'!$C:$C,$A6)) -> 0 | K6: =IF($C6=0,0,SUMIFS('SCHOOL WORKSHEET'!$AH:$AH,'SCHOOL WORKSHEET'!$B:$B,TRUE,'SCHOOL WORKSHEET'!$C:$C,$A6)/SUMIFS('SCHOOL WORKSHEET'!$N:$N,'SCHOOL WORKSHEET'!$B:$B,TRUE,'SCHOOL WORKSHEET'!$C:$C,$A6)) -> 0 | L6: =IF($C6=0,0,SUMIFS('SCHOOL WORKSHEET'!$AJ:$AJ,'SCHOOL WORKSHEET'!$B:$B,TRUE,'SCHOOL WORKSHEET'!$C:$C,$A6)/SUMIFS('SCHOOL WORKSHEET'!$N:$N,'SCHOOL WORKSHEET'!$B:$B,TRUE,'SCHOOL WORKSHEET'!$C:$C,$A6)) -> 0 | M6: =SUMIFS('SCHOOL WORKSHEET'!$BO:$BO,'SCHOOL WORKSHEET'!$B:$B,TRUE,'SCHOOL WORKSHEET'!$C:$C,$A6)+SUMIFS('SCHOOL WORKSHEET'!$BS:$BS,'SCHOOL WORKSHEET'!$B:$B,TRUE,'SCHOOL WORKSHEET'!$C:$C,$A6) -> 0 | N6: =SUMIFS('SCHOOL WORKSHEET'!$BP:$BP,'SCHOOL WORKSHEET'!$B:$B,TRUE,'SCHOOL WORKSHEET'!$C:$C,$A6) -> 0 | O6: =SUMIFS('SCHOOL WORKSHEET'!$BQ:$BQ,'SCHOOL WORKSHEET'!$B:$B,TRUE,'SCHOOL WORKSHEET'!$C:$C,$A6)+SUMIFS('SCHOOL WORKSHEET'!$BT:$BT,'SCHOOL WORKSHEET'!$B:$B,TRUE,'SCHOOL WORKSHEET'!$C:$C,$A6) -> 0 | P6: =SUMIFS('SCHOOL WORKSHEET'!$BR:$BR,'SCHOOL WORKSHEET'!$B:$B,TRUE,'SCHOOL WORKSHEET'!$C:$C,$A6) -> 0 | Q6: =SUMIFS('SCHOOL WORKSHEET'!$BU:$BU,'SCHOOL WORKSHEET'!$B:$B,TRUE,'SCHOOL WORKSHEET'!$C:$C,$A6)+SUMIFS('SCHOOL WORKSHEET'!$BS:$BS,'SCHOOL WORKSHEET'!$B:$B,TRUE,'SCHOOL WORKSHEET'!$C:$C,$A6) -> 0 | R6: =SUM(M6:Q6) -> 0 | S6: =SUMIFS('SCHOOL WORKSHEET'!$BV:$BV,'SCHOOL WORKSHEET'!$B:$B,TRUE,'SCHOOL WORKSHEET'!$C:$C,$A6) -> 0 | T6: =SUMIFS('SCHOOL WORKSHEET'!$BW:$BW,'SCHOOL WORKSHEET'!$B:$B,TRUE,'SCHOOL WORKSHEET'!$C:$C,$A6) -> 0 | U6: =SUM(S6:T6) -> 0 | V6: =R6-U6 -> 0
A7: 4 | B7: GROUP 4 | C7: =COUNTIFS('SCHOOL WORKSHEET'!B:B,TRUE,'SCHOOL WORKSHEET'!C:C,A7) -> 0 | D7: =SUMIFS('SCHOOL WORKSHEET'!$I:$I,'SCHOOL WORKSHEET'!$B:$B,TRUE,'SCHOOL WORKSHEET'!$C:$C,$A7) -> 0 | E7: =IF(SUMIFS('SCHOOL WORKSHEET'!$F:$F,'SCHOOL WORKSHEET'!$B:$B,TRUE,'SCHOOL WORKSHEET'!$C:$C,$A7)=0,0, IF(ROUND(SUMIFS('SCHOOL WORKSHEET'!$F:$F,'SCHOOL WORKSHEET'!$B:$B,TRUE,'SCHOOL WORKSHEET'!$C:$C,$A7)/SUMIFS('SCHOOL WORKSHEET'!$I:$I,'SCHOOL WORKSHEET'!$B:$B,TRUE,'SCHOOL WORKSHEET'!$C:$C,$A7),4)>=0.4, MIN(1,ROUND(SUMIFS('SCHOOL WORKSHEET'!$F:$F,'SCHOOL WORKSHEET'!$B:$B,TRUE,'SCHOOL WORKSHEET'!$C:$C,$A7)/SUMIFS('SCHOOL WORKSHEET'!$I:$I,'SCHOOL WORKSHEET'!$B:$B,TRUE,'SCHOOL WORKSHEET'!$C:$C,$A7)*'FEDERAL RATES (HIDDEN)'!$C$2,4)), ROUND(SUMIFS('SCHOOL WORKSHEET'!$F:$F,'SCHOOL WORKSHEET'!$B:$B,TRUE,'SCHOOL WORKSHEET'!$C:$C,$A7)/SUMIFS('SCHOOL WORKSHEET'!$I:$I,'SCHOOL WORKSHEET'!$B:$B,TRUE,'SCHOOL WORKSHEET'!$C:$C,$A7),4))) -> 0 | G7: =IF(SUMIFS('SCHOOL WORKSHEET'!$H:$H,'SCHOOL WORKSHEET'!$B:$B,TRUE,'SCHOOL WORKSHEET'!$C:$C,$A7)=0,0,1-$E7) -> 0 | H7: =IF($C7=0,0,SUMIFS('SCHOOL WORKSHEET'!$S:$S,'SCHOOL WORKSHEET'!$B:$B,TRUE,'SCHOOL WORKSHEET'!$C:$C,$A7)/SUMIFS('SCHOOL WORKSHEET'!$N:$N,'SCHOOL WORKSHEET'!$B:$B,TRUE,'SCHOOL WORKSHEET'!$C:$C,$A7)) -> 0 | I7: =IF($C7=0,0,SUMIFS('SCHOOL WORKSHEET'!$X:$X,'SCHOOL WORKSHEET'!$B:$B,TRUE,'SCHOOL WORKSHEET'!$C:$C,$A7)/SUMIFS('SCHOOL WORKSHEET'!$N:$N,'SCHOOL WORKSHEET'!$B:$B,TRUE,'SCHOOL WORKSHEET'!$C:$C,$A7)) -> 0 | J7: =IF($C7=0,0,SUMIFS('SCHOOL WORKSHEET'!$AC:$AC,'SCHOOL WORKSHEET'!$B:$B,TRUE,'SCHOOL WORKSHEET'!$C:$C,$A7)/SUMIFS('SCHOOL WORKSHEET'!$N:$N,'SCHOOL WORKSHEET'!$B:$B,TRUE,'SCHOOL WORKSHEET'!$C:$C,$A7)) -> 0 | K7: =IF($C7=0,0,SUMIFS('SCHOOL WORKSHEET'!$AH:$AH,'SCHOOL WORKSHEET'!$B:$B,TRUE,'SCHOOL WORKSHEET'!$C:$C,$A7)/SUMIFS('SCHOOL WORKSHEET'!$N:$N,'SCHOOL WORKSHEET'!$B:$B,TRUE,'SCHOOL WORKSHEET'!$C:$C,$A7)) -> 0 | L7: =IF($C7=0,0,SUMIFS('SCHOOL WORKSHEET'!$AJ:$AJ,'SCHOOL WORKSHEET'!$B:$B,TRUE,'SCHOOL WORKSHEET'!$C:$C,$A7)/SUMIFS('SCHOOL WORKSHEET'!$N:$N,'SCHOOL WORKSHEET'!$B:$B,TRUE,'SCHOOL WORKSHEET'!$C:$C,$A7)) -> 0 | M7: =SUMIFS('SCHOOL WORKSHEET'!$BO:$BO,'SCHOOL WORKSHEET'!$B:$B,TRUE,'SCHOOL WORKSHEET'!$C:$C,$A7)+SUMIFS('SCHOOL WORKSHEET'!$BS:$BS,'SCHOOL WORKSHEET'!$B:$B,TRUE,'SCHOOL WORKSHEET'!$C:$C,$A7) -> 0 | N7: =SUMIFS('SCHOOL WORKSHEET'!$BP:$BP,'SCHOOL WORKSHEET'!$B:$B,TRUE,'SCHOOL WORKSHEET'!$C:$C,$A7) -> 0 | O7: =SUMIFS('SCHOOL WORKSHEET'!$BQ:$BQ,'SCHOOL WORKSHEET'!$B:$B,TRUE,'SCHOOL WORKSHEET'!$C:$C,$A7)+SUMIFS('SCHOOL WORKSHEET'!$BT:$BT,'SCHOOL WORKSHEET'!$B:$B,TRUE,'SCHOOL WORKSHEET'!$C:$C,$A7) -> 0 | P7: =SUMIFS('SCHOOL WORKSHEET'!$BR:$BR,'SCHOOL WORKSHEET'!$B:$B,TRUE,'SCHOOL WORKSHEET'!$C:$C,$A7) -> 0 | Q7: =SUMIFS('SCHOOL WORKSHEET'!$BU:$BU,'SCHOOL WORKSHEET'!$B:$B,TRUE,'SCHOOL WORKSHEET'!$C:$C,$A7)+SUMIFS('SCHOOL WORKSHEET'!$BS:$BS,'SCHOOL WORKSHEET'!$B:$B,TRUE,'SCHOOL WORKSHEET'!$C:$C,$A7) -> 0 | R7: =SUM(M7:Q7) -> 0 | S7: =SUMIFS('SCHOOL WORKSHEET'!$BV:$BV,'SCHOOL WORKSHEET'!$B:$B,TRUE,'SCHOOL WORKSHEET'!$C:$C,$A7) -> 0 | T7: =SUMIFS('SCHOOL WORKSHEET'!$BW:$BW,'SCHOOL WORKSHEET'!$B:$B,TRUE,'SCHOOL WORKSHEET'!$C:$C,$A7) -> 0 | U7: =SUM(S7:T7) -> 0 | V7: =R7-U7 -> 0
A8: 5 | B8: GROUP 5 | C8: =COUNTIFS('SCHOOL WORKSHEET'!B:B,TRUE,'SCHOOL WORKSHEET'!C:C,A8) -> 0 | D8: =SUMIFS('SCHOOL WORKSHEET'!$I:$I,'SCHOOL WORKSHEET'!$B:$B,TRUE,'SCHOOL WORKSHEET'!$C:$C,$A8) -> 0 | E8: =IF(SUMIFS('SCHOOL WORKSHEET'!$F:$F,'SCHOOL WORKSHEET'!$B:$B,TRUE,'SCHOOL WORKSHEET'!$C:$C,$A8)=0,0, IF(ROUND(SUMIFS('SCHOOL WORKSHEET'!$F:$F,'SCHOOL WORKSHEET'!$B:$B,TRUE,'SCHOOL WORKSHEET'!$C:$C,$A8)/SUMIFS('SCHOOL WORKSHEET'!$I:$I,'SCHOOL WORKSHEET'!$B:$B,TRUE,'SCHOOL WORKSHEET'!$C:$C,$A8),4)>=0.4, MIN(1,ROUND(SUMIFS('SCHOOL WORKSHEET'!$F:$F,'SCHOOL WORKSHEET'!$B:$B,TRUE,'SCHOOL WORKSHEET'!$C:$C,$A8)/SUMIFS('SCHOOL WORKSHEET'!$I:$I,'SCHOOL WORKSHEET'!$B:$B,TRUE,'SCHOOL WORKSHEET'!$C:$C,$A8)*'FEDERAL RATES (HIDDEN)'!$C$2,4)), ROUND(SUMIFS('SCHOOL WORKSHEET'!$F:$F,'SCHOOL WORKSHEET'!$B:$B,TRUE,'SCHOOL WORKSHEET'!$C:$C,$A8)/SUMIFS('SCHOOL WORKSHEET'!$I:$I,'SCHOOL WORKSHEET'!$B:$B,TRUE,'SCHOOL WORKSHEET'!$C:$C,$A8),4))) -> 0 | G8: =IF(SUMIFS('SCHOOL WORKSHEET'!$H:$H,'SCHOOL WORKSHEET'!$B:$B,TRUE,'SCHOOL WORKSHEET'!$C:$C,$A8)=0,0,1-$E8) -> 0 | H8: =IF($C8=0,0,SUMIFS('SCHOOL WORKSHEET'!$S:$S,'SCHOOL WORKSHEET'!$B:$B,TRUE,'SCHOOL WORKSHEET'!$C:$C,$A8)/SUMIFS('SCHOOL WORKSHEET'!$N:$N,'SCHOOL WORKSHEET'!$B:$B,TRUE,'SCHOOL WORKSHEET'!$C:$C,$A8)) -> 0 | I8: =IF($C8=0,0,SUMIFS('SCHOOL WORKSHEET'!$X:$X,'SCHOOL WORKSHEET'!$B:$B,TRUE,'SCHOOL WORKSHEET'!$C:$C,$A8)/SUMIFS('SCHOOL WORKSHEET'!$N:$N,'SCHOOL WORKSHEET'!$B:$B,TRUE,'SCHOOL WORKSHEET'!$C:$C,$A8)) -> 0 | J8: =IF($C8=0,0,SUMIFS('SCHOOL WORKSHEET'!$AC:$AC,'SCHOOL WORKSHEET'!$B:$B,TRUE,'SCHOOL WORKSHEET'!$C:$C,$A8)/SUMIFS('SCHOOL WORKSHEET'!$N:$N,'SCHOOL WORKSHEET'!$B:$B,TRUE,'SCHOOL WORKSHEET'!$C:$C,$A8)) -> 0 | K8: =IF($C8=0,0,SUMIFS('SCHOOL WORKSHEET'!$AH:$AH,'SCHOOL WORKSHEET'!$B:$B,TRUE,'SCHOOL WORKSHEET'!$C:$C,$A8)/SUMIFS('SCHOOL WORKSHEET'!$N:$N,'SCHOOL WORKSHEET'!$B:$B,TRUE,'SCHOOL WORKSHEET'!$C:$C,$A8)) -> 0 | L8: =IF($C8=0,0,SUMIFS('SCHOOL WORKSHEET'!$AJ:$AJ,'SCHOOL WORKSHEET'!$B:$B,TRUE,'SCHOOL WORKSHEET'!$C:$C,$A8)/SUMIFS('SCHOOL WORKSHEET'!$N:$N,'SCHOOL WORKSHEET'!$B:$B,TRUE,'SCHOOL WORKSHEET'!$C:$C,$A8)) -> 0 | M8: =SUMIFS('SCHOOL WORKSHEET'!$BO:$BO,'SCHOOL WORKSHEET'!$B:$B,TRUE,'SCHOOL WORKSHEET'!$C:$C,$A8)+SUMIFS('SCHOOL WORKSHEET'!$BS:$BS,'SCHOOL WORKSHEET'!$B:$B,TRUE,'SCHOOL WORKSHEET'!$C:$C,$A8) -> 0 | N8: =SUMIFS('SCHOOL WORKSHEET'!$BP:$BP,'SCHOOL WORKSHEET'!$B:$B,TRUE,'SCHOOL WORKSHEET'!$C:$C,$A8) -> 0 | O8: =SUMIFS('SCHOOL WORKSHEET'!$BQ:$BQ,'SCHOOL WORKSHEET'!$B:$B,TRUE,'SCHOOL WORKSHEET'!$C:$C,$A8)+SUMIFS('SCHOOL WORKSHEET'!$BT:$BT,'SCHOOL WORKSHEET'!$B:$B,TRUE,'SCHOOL WORKSHEET'!$C:$C,$A8) -> 0 | P8: =SUMIFS('SCHOOL WORKSHEET'!$BR:$BR,'SCHOOL WORKSHEET'!$B:$B,TRUE,'SCHOOL WORKSHEET'!$C:$C,$A8) -> 0 | Q8: =SUMIFS('SCHOOL WORKSHEET'!$BU:$BU,'SCHOOL WORKSHEET'!$B:$B,TRUE,'SCHOOL WORKSHEET'!$C:$C,$A8)+SUMIFS('SCHOOL WORKSHEET'!$BS:$BS,'SCHOOL WORKSHEET'!$B:$B,TRUE,'SCHOOL WORKSHEET'!$C:$C,$A8) -> 0 | R8: =SUM(M8:Q8) -> 0 | S8: =SUMIFS('SCHOOL WORKSHEET'!$BV:$BV,'SCHOOL WORKSHEET'!$B:$B,TRUE,'SCHOOL WORKSHEET'!$C:$C,$A8) -> 0 | T8: =SUMIFS('SCHOOL WORKSHEET'!$BW:$BW,'SCHOOL WORKSHEET'!$B:$B,TRUE,'SCHOOL WORKSHEET'!$C:$C,$A8) -> 0 | U8: =SUM(S8:T8) -> 0 | V8: =R8-U8 -> 0
A9: 6 | B9: GROUP 6 | C9: =COUNTIFS('SCHOOL WORKSHEET'!B:B,TRUE,'SCHOOL WORKSHEET'!C:C,A9) -> 0 | D9: =SUMIFS('SCHOOL WORKSHEET'!$I:$I,'SCHOOL WORKSHEET'!$B:$B,TRUE,'SCHOOL WORKSHEET'!$C:$C,$A9) -> 0 | E9: =IF(SUMIFS('SCHOOL WORKSHEET'!$F:$F,'SCHOOL WORKSHEET'!$B:$B,TRUE,'SCHOOL WORKSHEET'!$C:$C,$A9)=0,0, IF(ROUND(SUMIFS('SCHOOL WORKSHEET'!$F:$F,'SCHOOL WORKSHEET'!$B:$B,TRUE,'SCHOOL WORKSHEET'!$C:$C,$A9)/SUMIFS('SCHOOL WORKSHEET'!$I:$I,'SCHOOL WORKSHEET'!$B:$B,TRUE,'SCHOOL WORKSHEET'!$C:$C,$A9),4)>=0.4, MIN(1,ROUND(SUMIFS('SCHOOL WORKSHEET'!$F:$F,'SCHOOL WORKSHEET'!$B:$B,TRUE,'SCHOOL WORKSHEET'!$C:$C,$A9)/SUMIFS('SCHOOL WORKSHEET'!$I:$I,'SCHOOL WORKSHEET'!$B:$B,TRUE,'SCHOOL WORKSHEET'!$C:$C,$A9)*'FEDERAL RATES (HIDDEN)'!$C$2,4)), ROUND(SUMIFS('SCHOOL WORKSHEET'!$F:$F,'SCHOOL WORKSHEET'!$B:$B,TRUE,'SCHOOL WORKSHEET'!$C:$C,$A9)/SUMIFS('SCHOOL WORKSHEET'!$I:$I,'SCHOOL WORKSHEET'!$B:$B,TRUE,'SCHOOL WORKSHEET'!$C:$C,$A9),4))) -> 0 | G9: =IF(SUMIFS('SCHOOL WORKSHEET'!$H:$H,'SCHOOL WORKSHEET'!$B:$B,TRUE,'SCHOOL WORKSHEET'!$C:$C,$A9)=0,0,1-$E9) -> 0 | H9: =IF($C9=0,0,SUMIFS('SCHOOL WORKSHEET'!$S:$S,'SCHOOL WORKSHEET'!$B:$B,TRUE,'SCHOOL WORKSHEET'!$C:$C,$A9)/SUMIFS('SCHOOL WORKSHEET'!$N:$N,'SCHOOL WORKSHEET'!$B:$B,TRUE,'SCHOOL WORKSHEET'!$C:$C,$A9)) -> 0 | I9: =IF($C9=0,0,SUMIFS('SCHOOL WORKSHEET'!$X:$X,'SCHOOL WORKSHEET'!$B:$B,TRUE,'SCHOOL WORKSHEET'!$C:$C,$A9)/SUMIFS('SCHOOL WORKSHEET'!$N:$N,'SCHOOL WORKSHEET'!$B:$B,TRUE,'SCHOOL WORKSHEET'!$C:$C,$A9)) -> 0 | J9: =IF($C9=0,0,SUMIFS('SCHOOL WORKSHEET'!$AC:$AC,'SCHOOL WORKSHEET'!$B:$B,TRUE,'SCHOOL WORKSHEET'!$C:$C,$A9)/SUMIFS('SCHOOL WORKSHEET'!$N:$N,'SCHOOL WORKSHEET'!$B:$B,TRUE,'SCHOOL WORKSHEET'!$C:$C,$A9)) -> 0 | K9: =IF($C9=0,0,SUMIFS('SCHOOL WORKSHEET'!$AH:$AH,'SCHOOL WORKSHEET'!$B:$B,TRUE,'SCHOOL WORKSHEET'!$C:$C,$A9)/SUMIFS('SCHOOL WORKSHEET'!$N:$N,'SCHOOL WORKSHEET'!$B:$B,TRUE,'SCHOOL WORKSHEET'!$C:$C,$A9)) -> 0 | L9: =IF($C9=0,0,SUMIFS('SCHOOL WORKSHEET'!$AJ:$AJ,'SCHOOL WORKSHEET'!$B:$B,TRUE,'SCHOOL WORKSHEET'!$C:$C,$A9)/SUMIFS('SCHOOL WORKSHEET'!$N:$N,'SCHOOL WORKSHEET'!$B:$B,TRUE,'SCHOOL WORKSHEET'!$C:$C,$A9)) -> 0 | M9: =SUMIFS('SCHOOL WORKSHEET'!$BO:$BO,'SCHOOL WORKSHEET'!$B:$B,TRUE,'SCHOOL WORKSHEET'!$C:$C,$A9)+SUMIFS('SCHOOL WORKSHEET'!$BS:$BS,'SCHOOL WORKSHEET'!$B:$B,TRUE,'SCHOOL WORKSHEET'!$C:$C,$A9) -> 0 | N9: =SUMIFS('SCHOOL WORKSHEET'!$BP:$BP,'SCHOOL WORKSHEET'!$B:$B,TRUE,'SCHOOL WORKSHEET'!$C:$C,$A9) -> 0 | O9: =SUMIFS('SCHOOL WORKSHEET'!$BQ:$BQ,'SCHOOL WORKSHEET'!$B:$B,TRUE,'SCHOOL WORKSHEET'!$C:$C,$A9)+SUMIFS('SCHOOL WORKSHEET'!$BT:$BT,'SCHOOL WORKSHEET'!$B:$B,TRUE,'SCHOOL WORKSHEET'!$C:$C,$A9) -> 0 | P9: =SUMIFS('SCHOOL WORKSHEET'!$BR:$BR,'SCHOOL WORKSHEET'!$B:$B,TRUE,'SCHOOL WORKSHEET'!$C:$C,$A9) -> 0 | Q9: =SUMIFS('SCHOOL WORKSHEET'!$BU:$BU,'SCHOOL WORKSHEET'!$B:$B,TRUE,'SCHOOL WORKSHEET'!$C:$C,$A9)+SUMIFS('SCHOOL WORKSHEET'!$BS:$BS,'SCHOOL WORKSHEET'!$B:$B,TRUE,'SCHOOL WORKSHEET'!$C:$C,$A9) -> 0 | R9: =SUM(M9:Q9) -> 0 | S9: =SUMIFS('SCHOOL WORKSHEET'!$BV:$BV,'SCHOOL WORKSHEET'!$B:$B,TRUE,'SCHOOL WORKSHEET'!$C:$C,$A9) -> 0 | T9: =SUMIFS('SCHOOL WORKSHEET'!$BW:$BW,'SCHOOL WORKSHEET'!$B:$B,TRUE,'SCHOOL WORKSHEET'!$C:$C,$A9) -> 0 | U9: =SUM(S9:T9) -> 0 | V9: =R9-U9 -> 0
A10: 7 | B10: GROUP 7 | C10: =COUNTIFS('SCHOOL WORKSHEET'!B:B,TRUE,'SCHOOL WORKSHEET'!C:C,A10) -> 0 | D10: =SUMIFS('SCHOOL WORKSHEET'!$I:$I,'SCHOOL WORKSHEET'!$B:$B,TRUE,'SCHOOL WORKSHEET'!$C:$C,$A10) -> 0 | E10: =IF(SUMIFS('SCHOOL WORKSHEET'!$F:$F,'SCHOOL WORKSHEET'!$B:$B,TRUE,'SCHOOL WORKSHEET'!$C:$C,$A10)=0,0, IF(ROUND(SUMIFS('SCHOOL WORKSHEET'!$F:$F,'SCHOOL WORKSHEET'!$B:$B,TRUE,'SCHOOL WORKSHEET'!$C:$C,$A10)/SUMIFS('SCHOOL WORKSHEET'!$I:$I,'SCHOOL WORKSHEET'!$B:$B,TRUE,'SCHOOL WORKSHEET'!$C:$C,$A10),4)>=0.4, MIN(1,ROUND(SUMIFS('SCHOOL WORKSHEET'!$F:$F,'SCHOOL WORKSHEET'!$B:$B,TRUE,'SCHOOL WORKSHEET'!$C:$C,$A10)/SUMIFS('SCHOOL WORKSHEET'!$I:$I,'SCHOOL WORKSHEET'!$B:$B,TRUE,'SCHOOL WORKSHEET'!$C:$C,$A10)*'FEDERAL RATES (HIDDEN)'!$C$2,4)), ROUND(SUMIFS('SCHOOL WORKSHEET'!$F:$F,'SCHOOL WORKSHEET'!$B:$B,TRUE,'SCHOOL WORKSHEET'!$C:$C,$A10)/SUMIFS('SCHOOL WORKSHEET'!$I:$I,'SCHOOL WORKSHEET'!$B:$B,TRUE,'SCHOOL WORKSHEET'!$C:$C,$A10),4))) -> 0 | G10: =IF(SUMIFS('SCHOOL WORKSHEET'!$H:$H,'SCHOOL WORKSHEET'!$B:$B,TRUE,'SCHOOL WORKSHEET'!$C:$C,$A10)=0,0,1-$E10) -> 0 | H10: =IF($C10=0,0,SUMIFS('SCHOOL WORKSHEET'!$S:$S,'SCHOOL WORKSHEET'!$B:$B,TRUE,'SCHOOL WORKSHEET'!$C:$C,$A10)/SUMIFS('SCHOOL WORKSHEET'!$N:$N,'SCHOOL WORKSHEET'!$B:$B,TRUE,'SCHOOL WORKSHEET'!$C:$C,$A10)) -> 0 | I10: =IF($C10=0,0,SUMIFS('SCHOOL WORKSHEET'!$X:$X,'SCHOOL WORKSHEET'!$B:$B,TRUE,'SCHOOL WORKSHEET'!$C:$C,$A10)/SUMIFS('SCHOOL WORKSHEET'!$N:$N,'SCHOOL WORKSHEET'!$B:$B,TRUE,'SCHOOL WORKSHEET'!$C:$C,$A10)) -> 0 | J10: =IF($C10=0,0,SUMIFS('SCHOOL WORKSHEET'!$AC:$AC,'SCHOOL WORKSHEET'!$B:$B,TRUE,'SCHOOL WORKSHEET'!$C:$C,$A10)/SUMIFS('SCHOOL WORKSHEET'!$N:$N,'SCHOOL WORKSHEET'!$B:$B,TRUE,'SCHOOL WORKSHEET'!$C:$C,$A10)) -> 0 | K10: =IF($C10=0,0,SUMIFS('SCHOOL WORKSHEET'!$AH:$AH,'SCHOOL WORKSHEET'!$B:$B,TRUE,'SCHOOL WORKSHEET'!$C:$C,$A10)/SUMIFS('SCHOOL WORKSHEET'!$N:$N,'SCHOOL WORKSHEET'!$B:$B,TRUE,'SCHOOL WORKSHEET'!$C:$C,$A10)) -> 0 | L10: =IF($C10=0,0,SUMIFS('SCHOOL WORKSHEET'!$AJ:$AJ,'SCHOOL WORKSHEET'!$B:$B,TRUE,'SCHOOL WORKSHEET'!$C:$C,$A10)/SUMIFS('SCHOOL WORKSHEET'!$N:$N,'SCHOOL WORKSHEET'!$B:$B,TRUE,'SCHOOL WORKSHEET'!$C:$C,$A10)) -> 0 | M10: =SUMIFS('SCHOOL WORKSHEET'!$BO:$BO,'SCHOOL WORKSHEET'!$B:$B,TRUE,'SCHOOL WORKSHEET'!$C:$C,$A10)+SUMIFS('SCHOOL WORKSHEET'!$BS:$BS,'SCHOOL WORKSHEET'!$B:$B,TRUE,'SCHOOL WORKSHEET'!$C:$C,$A10) -> 0 | N10: =SUMIFS('SCHOOL WORKSHEET'!$BP:$BP,'SCHOOL WORKSHEET'!$B:$B,TRUE,'SCHOOL WORKSHEET'!$C:$C,$A10) -> 0 | O10: =SUMIFS('SCHOOL WORKSHEET'!$BQ:$BQ,'SCHOOL WORKSHEET'!$B:$B,TRUE,'SCHOOL WORKSHEET'!$C:$C,$A10)+SUMIFS('SCHOOL WORKSHEET'!$BT:$BT,'SCHOOL WORKSHEET'!$B:$B,TRUE,'SCHOOL WORKSHEET'!$C:$C,$A10) -> 0 | P10: =SUMIFS('SCHOOL WORKSHEET'!$BR:$BR,'SCHOOL WORKSHEET'!$B:$B,TRUE,'SCHOOL WORKSHEET'!$C:$C,$A10) -> 0 | Q10: =SUMIFS('SCHOOL WORKSHEET'!$BU:$BU,'SCHOOL WORKSHEET'!$B:$B,TRUE,'SCHOOL WORKSHEET'!$C:$C,$A10)+SUMIFS('SCHOOL WORKSHEET'!$BS:$BS,'SCHOOL WORKSHEET'!$B:$B,TRUE,'SCHOOL WORKSHEET'!$C:$C,$A10) -> 0 | R10: =SUM(M10:Q10) -> 0 | S10: =SUMIFS('SCHOOL WORKSHEET'!$BV:$BV,'SCHOOL WORKSHEET'!$B:$B,TRUE,'SCHOOL WORKSHEET'!$C:$C,$A10) -> 0 | T10: =SUMIFS('SCHOOL WORKSHEET'!$BW:$BW,'SCHOOL WORKSHEET'!$B:$B,TRUE,'SCHOOL WORKSHEET'!$C:$C,$A10) -> 0 | U10: =SUM(S10:T10) -> 0 | V10: =R10-U10 -> 0
A11: 8 | B11: GROUP 8 | C11: =COUNTIFS('SCHOOL WORKSHEET'!B:B,TRUE,'SCHOOL WORKSHEET'!C:C,A11) -> 0 | D11: =SUMIFS('SCHOOL WORKSHEET'!$I:$I,'SCHOOL WORKSHEET'!$B:$B,TRUE,'SCHOOL WORKSHEET'!$C:$C,$A11) -> 0 | E11: =IF(SUMIFS('SCHOOL WORKSHEET'!$F:$F,'SCHOOL WORKSHEET'!$B:$B,TRUE,'SCHOOL WORKSHEET'!$C:$C,$A11)=0,0, IF(ROUND(SUMIFS('SCHOOL WORKSHEET'!$F:$F,'SCHOOL WORKSHEET'!$B:$B,TRUE,'SCHOOL WORKSHEET'!$C:$C,$A11)/SUMIFS('SCHOOL WORKSHEET'!$I:$I,'SCHOOL WORKSHEET'!$B:$B,TRUE,'SCHOOL WORKSHEET'!$C:$C,$A11),4)>=0.4, MIN(1,ROUND(SUMIFS('SCHOOL WORKSHEET'!$F:$F,'SCHOOL WORKSHEET'!$B:$B,TRUE,'SCHOOL WORKSHEET'!$C:$C,$A11)/SUMIFS('SCHOOL WORKSHEET'!$I:$I,'SCHOOL WORKSHEET'!$B:$B,TRUE,'SCHOOL WORKSHEET'!$C:$C,$A11)*'FEDERAL RATES (HIDDEN)'!$C$2,4)), ROUND(SUMIFS('SCHOOL WORKSHEET'!$F:$F,'SCHOOL WORKSHEET'!$B:$B,TRUE,'SCHOOL WORKSHEET'!$C:$C,$A11)/SUMIFS('SCHOOL WORKSHEET'!$I:$I,'SCHOOL WORKSHEET'!$B:$B,TRUE,'SCHOOL WORKSHEET'!$C:$C,$A11),4))) -> 0 | G11: =IF(SUMIFS('SCHOOL WORKSHEET'!$H:$H,'SCHOOL WORKSHEET'!$B:$B,TRUE,'SCHOOL WORKSHEET'!$C:$C,$A11)=0,0,1-$E11) -> 0 | H11: =IF($C11=0,0,SUMIFS('SCHOOL WORKSHEET'!$S:$S,'SCHOOL WORKSHEET'!$B:$B,TRUE,'SCHOOL WORKSHEET'!$C:$C,$A11)/SUMIFS('SCHOOL WORKSHEET'!$N:$N,'SCHOOL WORKSHEET'!$B:$B,TRUE,'SCHOOL WORKSHEET'!$C:$C,$A11)) -> 0 | I11: =IF($C11=0,0,SUMIFS('SCHOOL WORKSHEET'!$X:$X,'SCHOOL WORKSHEET'!$B:$B,TRUE,'SCHOOL WORKSHEET'!$C:$C,$A11)/SUMIFS('SCHOOL WORKSHEET'!$N:$N,'SCHOOL WORKSHEET'!$B:$B,TRUE,'SCHOOL WORKSHEET'!$C:$C,$A11)) -> 0 | J11: =IF($C11=0,0,SUMIFS('SCHOOL WORKSHEET'!$AC:$AC,'SCHOOL WORKSHEET'!$B:$B,TRUE,'SCHOOL WORKSHEET'!$C:$C,$A11)/SUMIFS('SCHOOL WORKSHEET'!$N:$N,'SCHOOL WORKSHEET'!$B:$B,TRUE,'SCHOOL WORKSHEET'!$C:$C,$A11)) -> 0 | K11: =IF($C11=0,0,SUMIFS('SCHOOL WORKSHEET'!$AH:$AH,'SCHOOL WORKSHEET'!$B:$B,TRUE,'SCHOOL WORKSHEET'!$C:$C,$A11)/SUMIFS('SCHOOL WORKSHEET'!$N:$N,'SCHOOL WORKSHEET'!$B:$B,TRUE,'SCHOOL WORKSHEET'!$C:$C,$A11)) -> 0 | L11: =IF($C11=0,0,SUMIFS('SCHOOL WORKSHEET'!$AJ:$AJ,'SCHOOL WORKSHEET'!$B:$B,TRUE,'SCHOOL WORKSHEET'!$C:$C,$A11)/SUMIFS('SCHOOL WORKSHEET'!$N:$N,'SCHOOL WORKSHEET'!$B:$B,TRUE,'SCHOOL WORKSHEET'!$C:$C,$A11)) -> 0 | M11: =SUMIFS('SCHOOL WORKSHEET'!$BO:$BO,'SCHOOL WORKSHEET'!$B:$B,TRUE,'SCHOOL WORKSHEET'!$C:$C,$A11)+SUMIFS('SCHOOL WORKSHEET'!$BS:$BS,'SCHOOL WORKSHEET'!$B:$B,TRUE,'SCHOOL WORKSHEET'!$C:$C,$A11) -> 0 | N11: =SUMIFS('SCHOOL WORKSHEET'!$BP:$BP,'SCHOOL WORKSHEET'!$B:$B,TRUE,'SCHOOL WORKSHEET'!$C:$C,$A11) -> 0 | O11: =SUMIFS('SCHOOL WORKSHEET'!$BQ:$BQ,'SCHOOL WORKSHEET'!$B:$B,TRUE,'SCHOOL WORKSHEET'!$C:$C,$A11)+SUMIFS('SCHOOL WORKSHEET'!$BT:$BT,'SCHOOL WORKSHEET'!$B:$B,TRUE,'SCHOOL WORKSHEET'!$C:$C,$A11) -> 0 | P11: =SUMIFS('SCHOOL WORKSHEET'!$BR:$BR,'SCHOOL WORKSHEET'!$B:$B,TRUE,'SCHOOL WORKSHEET'!$C:$C,$A11) -> 0 | Q11: =SUMIFS('SCHOOL WORKSHEET'!$BU:$BU,'SCHOOL WORKSHEET'!$B:$B,TRUE,'SCHOOL WORKSHEET'!$C:$C,$A11)+SUMIFS('SCHOOL WORKSHEET'!$BS:$BS,'SCHOOL WORKSHEET'!$B:$B,TRUE,'SCHOOL WORKSHEET'!$C:$C,$A11) -> 0 | R11: =SUM(M11:Q11) -> 0 | S11: =SUMIFS('SCHOOL WORKSHEET'!$BV:$BV,'SCHOOL WORKSHEET'!$B:$B,TRUE,'SCHOOL WORKSHEET'!$C:$C,$A11) -> 0 | T11: =SUMIFS('SCHOOL WORKSHEET'!$BW:$BW,'SCHOOL WORKSHEET'!$B:$B,TRUE,'SCHOOL WORKSHEET'!$C:$C,$A11) -> 0 | U11: =SUM(S11:T11) -> 0 | V11: =R11-U11 -> 0
A12: 9 | B12: GROUP 9 | C12: =COUNTIFS('SCHOOL WORKSHEET'!B:B,TRUE,'SCHOOL WORKSHEET'!C:C,A12) -> 0 | D12: =SUMIFS('SCHOOL WORKSHEET'!$I:$I,'SCHOOL WORKSHEET'!$B:$B,TRUE,'SCHOOL WORKSHEET'!$C:$C,$A12) -> 0 | E12: =IF(SUMIFS('SCHOOL WORKSHEET'!$F:$F,'SCHOOL WORKSHEET'!$B:$B,TRUE,'SCHOOL WORKSHEET'!$C:$C,$A12)=0,0, IF(ROUND(SUMIFS('SCHOOL WORKSHEET'!$F:$F,'SCHOOL WORKSHEET'!$B:$B,TRUE,'SCHOOL WORKSHEET'!$C:$C,$A12)/SUMIFS('SCHOOL WORKSHEET'!$I:$I,'SCHOOL WORKSHEET'!$B:$B,TRUE,'SCHOOL WORKSHEET'!$C:$C,$A12),4)>=0.4, MIN(1,ROUND(SUMIFS('SCHOOL WORKSHEET'!$F:$F,'SCHOOL WORKSHEET'!$B:$B,TRUE,'SCHOOL WORKSHEET'!$C:$C,$A12)/SUMIFS('SCHOOL WORKSHEET'!$I:$I,'SCHOOL WORKSHEET'!$B:$B,TRUE,'SCHOOL WORKSHEET'!$C:$C,$A12)*'FEDERAL RATES (HIDDEN)'!$C$2,4)), ROUND(SUMIFS('SCHOOL WORKSHEET'!$F:$F,'SCHOOL WORKSHEET'!$B:$B,TRUE,'SCHOOL WORKSHEET'!$C:$C,$A12)/SUMIFS('SCHOOL WORKSHEET'!$I:$I,'SCHOOL WORKSHEET'!$B:$B,TRUE,'SCHOOL WORKSHEET'!$C:$C,$A12),4))) -> 0 | G12: =IF(SUMIFS('SCHOOL WORKSHEET'!$H:$H,'SCHOOL WORKSHEET'!$B:$B,TRUE,'SCHOOL WORKSHEET'!$C:$C,$A12)=0,0,1-$E12) -> 0 | H12: =IF($C12=0,0,SUMIFS('SCHOOL WORKSHEET'!$S:$S,'SCHOOL WORKSHEET'!$B:$B,TRUE,'SCHOOL WORKSHEET'!$C:$C,$A12)/SUMIFS('SCHOOL WORKSHEET'!$N:$N,'SCHOOL WORKSHEET'!$B:$B,TRUE,'SCHOOL WORKSHEET'!$C:$C,$A12)) -> 0 | I12: =IF($C12=0,0,SUMIFS('SCHOOL WORKSHEET'!$X:$X,'SCHOOL WORKSHEET'!$B:$B,TRUE,'SCHOOL WORKSHEET'!$C:$C,$A12)/SUMIFS('SCHOOL WORKSHEET'!$N:$N,'SCHOOL WORKSHEET'!$B:$B,TRUE,'SCHOOL WORKSHEET'!$C:$C,$A12)) -> 0 | J12: =IF($C12=0,0,SUMIFS('SCHOOL WORKSHEET'!$AC:$AC,'SCHOOL WORKSHEET'!$B:$B,TRUE,'SCHOOL WORKSHEET'!$C:$C,$A12)/SUMIFS('SCHOOL WORKSHEET'!$N:$N,'SCHOOL WORKSHEET'!$B:$B,TRUE,'SCHOOL WORKSHEET'!$C:$C,$A12)) -> 0 | K12: =IF($C12=0,0,SUMIFS('SCHOOL WORKSHEET'!$AH:$AH,'SCHOOL WORKSHEET'!$B:$B,TRUE,'SCHOOL WORKSHEET'!$C:$C,$A12)/SUMIFS('SCHOOL WORKSHEET'!$N:$N,'SCHOOL WORKSHEET'!$B:$B,TRUE,'SCHOOL WORKSHEET'!$C:$C,$A12)) -> 0 | L12: =IF($C12=0,0,SUMIFS('SCHOOL WORKSHEET'!$AJ:$AJ,'SCHOOL WORKSHEET'!$B:$B,TRUE,'SCHOOL WORKSHEET'!$C:$C,$A12)/SUMIFS('SCHOOL WORKSHEET'!$N:$N,'SCHOOL WORKSHEET'!$B:$B,TRUE,'SCHOOL WORKSHEET'!$C:$C,$A12)) -> 0 | M12: =SUMIFS('SCHOOL WORKSHEET'!$BO:$BO,'SCHOOL WORKSHEET'!$B:$B,TRUE,'SCHOOL WORKSHEET'!$C:$C,$A12)+SUMIFS('SCHOOL WORKSHEET'!$BS:$BS,'SCHOOL WORKSHEET'!$B:$B,TRUE,'SCHOOL WORKSHEET'!$C:$C,$A12) -> 0 | N12: =SUMIFS('SCHOOL WORKSHEET'!$BP:$BP,'SCHOOL WORKSHEET'!$B:$B,TRUE,'SCHOOL WORKSHEET'!$C:$C,$A12) -> 0 | O12: =SUMIFS('SCHOOL WORKSHEET'!$BQ:$BQ,'SCHOOL WORKSHEET'!$B:$B,TRUE,'SCHOOL WORKSHEET'!$C:$C,$A12)+SUMIFS('SCHOOL WORKSHEET'!$BT:$BT,'SCHOOL WORKSHEET'!$B:$B,TRUE,'SCHOOL WORKSHEET'!$C:$C,$A12) -> 0 | P12: =SUMIFS('SCHOOL WORKSHEET'!$BR:$BR,'SCHOOL WORKSHEET'!$B:$B,TRUE,'SCHOOL WORKSHEET'!$C:$C,$A12) -> 0 | Q12: =SUMIFS('SCHOOL WORKSHEET'!$BU:$BU,'SCHOOL WORKSHEET'!$B:$B,TRUE,'SCHOOL WORKSHEET'!$C:$C,$A12)+SUMIFS('SCHOOL WORKSHEET'!$BS:$BS,'SCHOOL WORKSHEET'!$B:$B,TRUE,'SCHOOL WORKSHEET'!$C:$C,$A12) -> 0 | R12: =SUM(M12:Q12) -> 0 | S12: =SUMIFS('SCHOOL WORKSHEET'!$BV:$BV,'SCHOOL WORKSHEET'!$B:$B,TRUE,'SCHOOL WORKSHEET'!$C:$C,$A12) -> 0 | T12: =SUMIFS('SCHOOL WORKSHEET'!$BW:$BW,'SCHOOL WORKSHEET'!$B:$B,TRUE,'SCHOOL WORKSHEET'!$C:$C,$A12) -> 0 | U12: =SUM(S12:T12) -> 0 | V12: =R12-U12 -> 0
A13: 10 | B13: GROUP 10 | C13: =COUNTIFS('SCHOOL WORKSHEET'!B:B,TRUE,'SCHOOL WORKSHEET'!C:C,A13) -> 0 | D13: =SUMIFS('SCHOOL WORKSHEET'!$I:$I,'SCHOOL WORKSHEET'!$B:$B,TRUE,'SCHOOL WORKSHEET'!$C:$C,$A13) -> 0 | E13: =IF(SUMIFS('SCHOOL WORKSHEET'!$F:$F,'SCHOOL WORKSHEET'!$B:$B,TRUE,'SCHOOL WORKSHEET'!$C:$C,$A13)=0,0, IF(ROUND(SUMIFS('SCHOOL WORKSHEET'!$F:$F,'SCHOOL WORKSHEET'!$B:$B,TRUE,'SCHOOL WORKSHEET'!$C:$C,$A13)/SUMIFS('SCHOOL WORKSHEET'!$I:$I,'SCHOOL WORKSHEET'!$B:$B,TRUE,'SCHOOL WORKSHEET'!$C:$C,$A13),4)>=0.4, MIN(1,ROUND(SUMIFS('SCHOOL WORKSHEET'!$F:$F,'SCHOOL WORKSHEET'!$B:$B,TRUE,'SCHOOL WORKSHEET'!$C:$C,$A13)/SUMIFS('SCHOOL WORKSHEET'!$I:$I,'SCHOOL WORKSHEET'!$B:$B,TRUE,'SCHOOL WORKSHEET'!$C:$C,$A13)*'FEDERAL RATES (HIDDEN)'!$C$2,4)), ROUND(SUMIFS('SCHOOL WORKSHEET'!$F:$F,'SCHOOL WORKSHEET'!$B:$B,TRUE,'SCHOOL WORKSHEET'!$C:$C,$A13)/SUMIFS('SCHOOL WORKSHEET'!$I:$I,'SCHOOL WORKSHEET'!$B:$B,TRUE,'SCHOOL WORKSHEET'!$C:$C,$A13),4))) -> 0 | G13: =IF(SUMIFS('SCHOOL WORKSHEET'!$H:$H,'SCHOOL WORKSHEET'!$B:$B,TRUE,'SCHOOL WORKSHEET'!$C:$C,$A13)=0,0,1-$E13) -> 0 | H13: =IF($C13=0,0,SUMIFS('SCHOOL WORKSHEET'!$S:$S,'SCHOOL WORKSHEET'!$B:$B,TRUE,'SCHOOL WORKSHEET'!$C:$C,$A13)/SUMIFS('SCHOOL WORKSHEET'!$N:$N,'SCHOOL WORKSHEET'!$B:$B,TRUE,'SCHOOL WORKSHEET'!$C:$C,$A13)) -> 0 | I13: =IF($C13=0,0,SUMIFS('SCHOOL WORKSHEET'!$X:$X,'SCHOOL WORKSHEET'!$B:$B,TRUE,'SCHOOL WORKSHEET'!$C:$C,$A13)/SUMIFS('SCHOOL WORKSHEET'!$N:$N,'SCHOOL WORKSHEET'!$B:$B,TRUE,'SCHOOL WORKSHEET'!$C:$C,$A13)) -> 0 | J13: =IF($C13=0,0,SUMIFS('SCHOOL WORKSHEET'!$AC:$AC,'SCHOOL WORKSHEET'!$B:$B,TRUE,'SCHOOL WORKSHEET'!$C:$C,$A13)/SUMIFS('SCHOOL WORKSHEET'!$N:$N,'SCHOOL WORKSHEET'!$B:$B,TRUE,'SCHOOL WORKSHEET'!$C:$C,$A13)) -> 0 | K13: =IF($C13=0,0,SUMIFS('SCHOOL WORKSHEET'!$AH:$AH,'SCHOOL WORKSHEET'!$B:$B,TRUE,'SCHOOL WORKSHEET'!$C:$C,$A13)/SUMIFS('SCHOOL WORKSHEET'!$N:$N,'SCHOOL WORKSHEET'!$B:$B,TRUE,'SCHOOL WORKSHEET'!$C:$C,$A13)) -> 0 | L13: =IF($C13=0,0,SUMIFS('SCHOOL WORKSHEET'!$AJ:$AJ,'SCHOOL WORKSHEET'!$B:$B,TRUE,'SCHOOL WORKSHEET'!$C:$C,$A13)/SUMIFS('SCHOOL WORKSHEET'!$N:$N,'SCHOOL WORKSHEET'!$B:$B,TRUE,'SCHOOL WORKSHEET'!$C:$C,$A13)) -> 0 | M13: =SUMIFS('SCHOOL WORKSHEET'!$BO:$BO,'SCHOOL WORKSHEET'!$B:$B,TRUE,'SCHOOL WORKSHEET'!$C:$C,$A13)+SUMIFS('SCHOOL WORKSHEET'!$BS:$BS,'SCHOOL WORKSHEET'!$B:$B,TRUE,'SCHOOL WORKSHEET'!$C:$C,$A13) -> 0 | N13: =SUMIFS('SCHOOL WORKSHEET'!$BP:$BP,'SCHOOL WORKSHEET'!$B:$B,TRUE,'SCHOOL WORKSHEET'!$C:$C,$A13) -> 0 | O13: =SUMIFS('SCHOOL WORKSHEET'!$BQ:$BQ,'SCHOOL WORKSHEET'!$B:$B,TRUE,'SCHOOL WORKSHEET'!$C:$C,$A13)+SUMIFS('SCHOOL WORKSHEET'!$BT:$BT,'SCHOOL WORKSHEET'!$B:$B,TRUE,'SCHOOL WORKSHEET'!$C:$C,$A13) -> 0 | P13: =SUMIFS('SCHOOL WORKSHEET'!$BR:$BR,'SCHOOL WORKSHEET'!$B:$B,TRUE,'SCHOOL WORKSHEET'!$C:$C,$A13) -> 0 | Q13: =SUMIFS('SCHOOL WORKSHEET'!$BU:$BU,'SCHOOL WORKSHEET'!$B:$B,TRUE,'SCHOOL WORKSHEET'!$C:$C,$A13)+SUMIFS('SCHOOL WORKSHEET'!$BS:$BS,'SCHOOL WORKSHEET'!$B:$B,TRUE,'SCHOOL WORKSHEET'!$C:$C,$A13) -> 0 | R13: =SUM(M13:Q13) -> 0 | S13: =SUMIFS('SCHOOL WORKSHEET'!$BV:$BV,'SCHOOL WORKSHEET'!$B:$B,TRUE,'SCHOOL WORKSHEET'!$C:$C,$A13) -> 0 | T13: =SUMIFS('SCHOOL WORKSHEET'!$BW:$BW,'SCHOOL WORKSHEET'!$B:$B,TRUE,'SCHOOL WORKSHEET'!$C:$C,$A13) -> 0 | U13: =SUM(S13:T13) -> 0 | V13: =R13-U13 -> 0
A14: 11 | B14: GROUP 11 | C14: =COUNTIFS('SCHOOL WORKSHEET'!B:B,TRUE,'SCHOOL WORKSHEET'!C:C,A14) -> 0 | D14: =SUMIFS('SCHOOL WORKSHEET'!$I:$I,'SCHOOL WORKSHEET'!$B:$B,TRUE,'SCHOOL WORKSHEET'!$C:$C,$A14) -> 0 | E14: =IF(SUMIFS('SCHOOL WORKSHEET'!$F:$F,'SCHOOL WORKSHEET'!$B:$B,TRUE,'SCHOOL WORKSHEET'!$C:$C,$A14)=0,0, IF(ROUND(SUMIFS('SCHOOL WORKSHEET'!$F:$F,'SCHOOL WORKSHEET'!$B:$B,TRUE,'SCHOOL WORKSHEET'!$C:$C,$A14)/SUMIFS('SCHOOL WORKSHEET'!$I:$I,'SCHOOL WORKSHEET'!$B:$B,TRUE,'SCHOOL WORKSHEET'!$C:$C,$A14),4)>=0.4, MIN(1,ROUND(SUMIFS('SCHOOL WORKSHEET'!$F:$F,'SCHOOL WORKSHEET'!$B:$B,TRUE,'SCHOOL WORKSHEET'!$C:$C,$A14)/SUMIFS('SCHOOL WORKSHEET'!$I:$I,'SCHOOL WORKSHEET'!$B:$B,TRUE,'SCHOOL WORKSHEET'!$C:$C,$A14)*'FEDERAL RATES (HIDDEN)'!$C$2,4)), ROUND(SUMIFS('SCHOOL WORKSHEET'!$F:$F,'SCHOOL WORKSHEET'!$B:$B,TRUE,'SCHOOL WORKSHEET'!$C:$C,$A14)/SUMIFS('SCHOOL WORKSHEET'!$I:$I,'SCHOOL WORKSHEET'!$B:$B,TRUE,'SCHOOL WORKSHEET'!$C:$C,$A14),4))) -> 0 | G14: =IF(SUMIFS('SCHOOL WORKSHEET'!$H:$H,'SCHOOL WORKSHEET'!$B:$B,TRUE,'SCHOOL WORKSHEET'!$C:$C,$A14)=0,0,1-$E14) -> 0 | H14: =IF($C14=0,0,SUMIFS('SCHOOL WORKSHEET'!$S:$S,'SCHOOL WORKSHEET'!$B:$B,TRUE,'SCHOOL WORKSHEET'!$C:$C,$A14)/SUMIFS('SCHOOL WORKSHEET'!$N:$N,'SCHOOL WORKSHEET'!$B:$B,TRUE,'SCHOOL WORKSHEET'!$C:$C,$A14)) -> 0 | I14: =IF($C14=0,0,SUMIFS('SCHOOL WORKSHEET'!$X:$X,'SCHOOL WORKSHEET'!$B:$B,TRUE,'SCHOOL WORKSHEET'!$C:$C,$A14)/SUMIFS('SCHOOL WORKSHEET'!$N:$N,'SCHOOL WORKSHEET'!$B:$B,TRUE,'SCHOOL WORKSHEET'!$C:$C,$A14)) -> 0 | J14: =IF($C14=0,0,SUMIFS('SCHOOL WORKSHEET'!$AC:$AC,'SCHOOL WORKSHEET'!$B:$B,TRUE,'SCHOOL WORKSHEET'!$C:$C,$A14)/SUMIFS('SCHOOL WORKSHEET'!$N:$N,'SCHOOL WORKSHEET'!$B:$B,TRUE,'SCHOOL WORKSHEET'!$C:$C,$A14)) -> 0 | K14: =IF($C14=0,0,SUMIFS('SCHOOL WORKSHEET'!$AH:$AH,'SCHOOL WORKSHEET'!$B:$B,TRUE,'SCHOOL WORKSHEET'!$C:$C,$A14)/SUMIFS('SCHOOL WORKSHEET'!$N:$N,'SCHOOL WORKSHEET'!$B:$B,TRUE,'SCHOOL WORKSHEET'!$C:$C,$A14)) -> 0 | L14: =IF($C14=0,0,SUMIFS('SCHOOL WORKSHEET'!$AJ:$AJ,'SCHOOL WORKSHEET'!$B:$B,TRUE,'SCHOOL WORKSHEET'!$C:$C,$A14)/SUMIFS('SCHOOL WORKSHEET'!$N:$N,'SCHOOL WORKSHEET'!$B:$B,TRUE,'SCHOOL WORKSHEET'!$C:$C,$A14)) -> 0 | M14: =SUMIFS('SCHOOL WORKSHEET'!$BO:$BO,'SCHOOL WORKSHEET'!$B:$B,TRUE,'SCHOOL WORKSHEET'!$C:$C,$A14)+SUMIFS('SCHOOL WORKSHEET'!$BS:$BS,'SCHOOL WORKSHEET'!$B:$B,TRUE,'SCHOOL WORKSHEET'!$C:$C,$A14) -> 0 | N14: =SUMIFS('SCHOOL WORKSHEET'!$BP:$BP,'SCHOOL WORKSHEET'!$B:$B,TRUE,'SCHOOL WORKSHEET'!$C:$C,$A14) -> 0 | O14: =SUMIFS('SCHOOL WORKSHEET'!$BQ:$BQ,'SCHOOL WORKSHEET'!$B:$B,TRUE,'SCHOOL WORKSHEET'!$C:$C,$A14)+SUMIFS('SCHOOL WORKSHEET'!$BT:$BT,'SCHOOL WORKSHEET'!$B:$B,TRUE,'SCHOOL WORKSHEET'!$C:$C,$A14) -> 0 | P14: =SUMIFS('SCHOOL WORKSHEET'!$BR:$BR,'SCHOOL WORKSHEET'!$B:$B,TRUE,'SCHOOL WORKSHEET'!$C:$C,$A14) -> 0 | Q14: =SUMIFS('SCHOOL WORKSHEET'!$BU:$BU,'SCHOOL WORKSHEET'!$B:$B,TRUE,'SCHOOL WORKSHEET'!$C:$C,$A14)+SUMIFS('SCHOOL WORKSHEET'!$BS:$BS,'SCHOOL WORKSHEET'!$B:$B,TRUE,'SCHOOL WORKSHEET'!$C:$C,$A14) -> 0 | R14: =SUM(M14:Q14) -> 0 | S14: =SUMIFS('SCHOOL WORKSHEET'!$BV:$BV,'SCHOOL WORKSHEET'!$B:$B,TRUE,'SCHOOL WORKSHEET'!$C:$C,$A14) -> 0 | T14: =SUMIFS('SCHOOL WORKSHEET'!$BW:$BW,'SCHOOL WORKSHEET'!$B:$B,TRUE,'SCHOOL WORKSHEET'!$C:$C,$A14) -> 0 | U14: =SUM(S14:T14) -> 0 | V14: =R14-U14 -> 0
A15: 12 | B15: GROUP 12 | C15: =COUNTIFS('SCHOOL WORKSHEET'!B:B,TRUE,'SCHOOL WORKSHEET'!C:C,A15) -> 0 | D15: =SUMIFS('SCHOOL WORKSHEET'!$I:$I,'SCHOOL WORKSHEET'!$B:$B,TRUE,'SCHOOL WORKSHEET'!$C:$C,$A15) -> 0 | E15: =IF(SUMIFS('SCHOOL WORKSHEET'!$F:$F,'SCHOOL WORKSHEET'!$B:$B,TRUE,'SCHOOL WORKSHEET'!$C:$C,$A15)=0,0, IF(ROUND(SUMIFS('SCHOOL WORKSHEET'!$F:$F,'SCHOOL WORKSHEET'!$B:$B,TRUE,'SCHOOL WORKSHEET'!$C:$C,$A15)/SUMIFS('SCHOOL WORKSHEET'!$I:$I,'SCHOOL WORKSHEET'!$B:$B,TRUE,'SCHOOL WORKSHEET'!$C:$C,$A15),4)>=0.4, MIN(1,ROUND(SUMIFS('SCHOOL WORKSHEET'!$F:$F,'SCHOOL WORKSHEET'!$B:$B,TRUE,'SCHOOL WORKSHEET'!$C:$C,$A15)/SUMIFS('SCHOOL WORKSHEET'!$I:$I,'SCHOOL WORKSHEET'!$B:$B,TRUE,'SCHOOL WORKSHEET'!$C:$C,$A15)*'FEDERAL RATES (HIDDEN)'!$C$2,4)), ROUND(SUMIFS('SCHOOL WORKSHEET'!$F:$F,'SCHOOL WORKSHEET'!$B:$B,TRUE,'SCHOOL WORKSHEET'!$C:$C,$A15)/SUMIFS('SCHOOL WORKSHEET'!$I:$I,'SCHOOL WORKSHEET'!$B:$B,TRUE,'SCHOOL WORKSHEET'!$C:$C,$A15),4))) -> 0 | G15: =IF(SUMIFS('SCHOOL WORKSHEET'!$H:$H,'SCHOOL WORKSHEET'!$B:$B,TRUE,'SCHOOL WORKSHEET'!$C:$C,$A15)=0,0,1-$E15) -> 0 | H15: =IF($C15=0,0,SUMIFS('SCHOOL WORKSHEET'!$S:$S,'SCHOOL WORKSHEET'!$B:$B,TRUE,'SCHOOL WORKSHEET'!$C:$C,$A15)/SUMIFS('SCHOOL WORKSHEET'!$N:$N,'SCHOOL WORKSHEET'!$B:$B,TRUE,'SCHOOL WORKSHEET'!$C:$C,$A15)) -> 0 | I15: =IF($C15=0,0,SUMIFS('SCHOOL WORKSHEET'!$X:$X,'SCHOOL WORKSHEET'!$B:$B,TRUE,'SCHOOL WORKSHEET'!$C:$C,$A15)/SUMIFS('SCHOOL WORKSHEET'!$N:$N,'SCHOOL WORKSHEET'!$B:$B,TRUE,'SCHOOL WORKSHEET'!$C:$C,$A15)) -> 0 | J15: =IF($C15=0,0,SUMIFS('SCHOOL WORKSHEET'!$AC:$AC,'SCHOOL WORKSHEET'!$B:$B,TRUE,'SCHOOL WORKSHEET'!$C:$C,$A15)/SUMIFS('SCHOOL WORKSHEET'!$N:$N,'SCHOOL WORKSHEET'!$B:$B,TRUE,'SCHOOL WORKSHEET'!$C:$C,$A15)) -> 0 | K15: =IF($C15=0,0,SUMIFS('SCHOOL WORKSHEET'!$AH:$AH,'SCHOOL WORKSHEET'!$B:$B,TRUE,'SCHOOL WORKSHEET'!$C:$C,$A15)/SUMIFS('SCHOOL WORKSHEET'!$N:$N,'SCHOOL WORKSHEET'!$B:$B,TRUE,'SCHOOL WORKSHEET'!$C:$C,$A15)) -> 0 | L15: =IF($C15=0,0,SUMIFS('SCHOOL WORKSHEET'!$AJ:$AJ,'SCHOOL WORKSHEET'!$B:$B,TRUE,'SCHOOL WORKSHEET'!$C:$C,$A15)/SUMIFS('SCHOOL WORKSHEET'!$N:$N,'SCHOOL WORKSHEET'!$B:$B,TRUE,'SCHOOL WORKSHEET'!$C:$C,$A15)) -> 0 | M15: =SUMIFS('SCHOOL WORKSHEET'!$BO:$BO,'SCHOOL WORKSHEET'!$B:$B,TRUE,'SCHOOL WORKSHEET'!$C:$C,$A15)+SUMIFS('SCHOOL WORKSHEET'!$BS:$BS,'SCHOOL WORKSHEET'!$B:$B,TRUE,'SCHOOL WORKSHEET'!$C:$C,$A15) -> 0 | N15: =SUMIFS('SCHOOL WORKSHEET'!$BP:$BP,'SCHOOL WORKSHEET'!$B:$B,TRUE,'SCHOOL WORKSHEET'!$C:$C,$A15) -> 0 | O15: =SUMIFS('SCHOOL WORKSHEET'!$BQ:$BQ,'SCHOOL WORKSHEET'!$B:$B,TRUE,'SCHOOL WORKSHEET'!$C:$C,$A15)+SUMIFS('SCHOOL WORKSHEET'!$BT:$BT,'SCHOOL WORKSHEET'!$B:$B,TRUE,'SCHOOL WORKSHEET'!$C:$C,$A15) -> 0 | P15: =SUMIFS('SCHOOL WORKSHEET'!$BR:$BR,'SCHOOL WORKSHEET'!$B:$B,TRUE,'SCHOOL WORKSHEET'!$C:$C,$A15) -> 0 | Q15: =SUMIFS('SCHOOL WORKSHEET'!$BU:$BU,'SCHOOL WORKSHEET'!$B:$B,TRUE,'SCHOOL WORKSHEET'!$C:$C,$A15)+SUMIFS('SCHOOL WORKSHEET'!$BS:$BS,'SCHOOL WORKSHEET'!$B:$B,TRUE,'SCHOOL WORKSHEET'!$C:$C,$A15) -> 0 | R15: =SUM(M15:Q15) -> 0 | S15: =SUMIFS('SCHOOL WORKSHEET'!$BV:$BV,'SCHOOL WORKSHEET'!$B:$B,TRUE,'SCHOOL WORKSHEET'!$C:$C,$A15) -> 0 | T15: =SUMIFS('SCHOOL WORKSHEET'!$BW:$BW,'SCHOOL WORKSHEET'!$B:$B,TRUE,'SCHOOL WORKSHEET'!$C:$C,$A15) -> 0 | U15: =SUM(S15:T15) -> 0 | V15: =R15-U15 -> 0
... A203: 200 | B203: GROUP 200 | C203: =COUNTIFS('SCHOOL WORKSHEET'!B:B,TRUE,'SCHOOL WORKSHEET'!C:C,A203) -> 0 | D203: =SUMIFS('SCHOOL WORKSHEET'!$I:$I,'SCHOOL WORKSHEET'!$B:$B,TRUE,'SCHOOL WORKSHEET'!$C:$C,$A203) -> 0 | E203: =IF(SUMIFS('SCHOOL WORKSHEET'!$F:$F,'SCHOOL WORKSHEET'!$B:$B,TRUE,'SCHOOL WORKSHEET'!$C:$C,$A203)=0,0, IF(ROUND(SUMIFS('SCHOOL WORKSHEET'!$F:$F,'SCHOOL WORKSHEET'!$B:$B,TRUE,'SCHOOL WORKSHEET'!$C:$C,$A203)/SUMIFS('SCHOOL WORKSHEET'!$I:$I,'SCHOOL WORKSHEET'!$B:$B,TRUE,'SCHOOL WORKSHEET'!$C:$C,$A203),4)>=0.4, MIN(1,ROUND(SUMIFS('SCHOOL WORKSHEET'!$F:$F,'SCHOOL WORKSHEET'!$B:$B,TRUE,'SCHOOL WORKSHEET'!$C:$C,$A203)/SUMIFS('SCHOOL WORKSHEET'!$I:$I,'SCHOOL WORKSHEET'!$B:$B,TRUE,'SCHOOL WORKSHEET'!$C:$C,$A203)*'FEDERAL RATES (HIDDEN)'!$C$2,4)), ROUND(SUMIFS('SCHOOL WORKSHEET'!$F:$F,'SCHOOL WORKSHEET'!$B:$B,TRUE,'SCHOOL WORKSHEET'!$C:$C,$A203)/SUMIFS('SCHOOL WORKSHEET'!$I:$I,'SCHOOL WORKSHEET'!$B:$B,TRUE,'SCHOOL WORKSHEET'!$C:$C,$A203),4))) -> 0 | G203: =IF(SUMIFS('SCHOOL WORKSHEET'!$H:$H,'SCHOOL WORKSHEET'!$B:$B,TRUE,'SCHOOL WORKSHEET'!$C:$C,$A203)=0,0,1-$E203) -> 0 | H203: =IF($C203=0,0,SUMIFS('SCHOOL WORKSHEET'!$S:$S,'SCHOOL WORKSHEET'!$B:$B,TRUE,'SCHOOL WORKSHEET'!$C:$C,$A203)/SUMIFS('SCHOOL WORKSHEET'!$N:$N,'SCHOOL WORKSHEET'!$B:$B,TRUE,'SCHOOL WORKSHEET'!$C:$C,$A203)) -> 0 | I203: =IF($C203=0,0,SUMIFS('SCHOOL WORKSHEET'!$X:$X,'SCHOOL WORKSHEET'!$B:$B,TRUE,'SCHOOL WORKSHEET'!$C:$C,$A203)/SUMIFS('SCHOOL WORKSHEET'!$N:$N,'SCHOOL WORKSHEET'!$B:$B,TRUE,'SCHOOL WORKSHEET'!$C:$C,$A203)) -> 0 | J203: =IF($C203=0,0,SUMIFS('SCHOOL WORKSHEET'!$AC:$AC,'SCHOOL WORKSHEET'!$B:$B,TRUE,'SCHOOL WORKSHEET'!$C:$C,$A203)/SUMIFS('SCHOOL WORKSHEET'!$N:$N,'SCHOOL WORKSHEET'!$B:$B,TRUE,'SCHOOL WORKSHEET'!$C:$C,$A203)) -> 0 | K203: =IF($C203=0,0,SUMIFS('SCHOOL WORKSHEET'!$AH:$AH,'SCHOOL WORKSHEET'!$B:$B,TRUE,'SCHOOL WORKSHEET'!$C:$C,$A203)/SUMIFS('SCHOOL WORKSHEET'!$N:$N,'SCHOOL WORKSHEET'!$B:$B,TRUE,'SCHOOL WORKSHEET'!$C:$C,$A203)) -> 0 | L203: =IF($C203=0,0,SUMIFS('SCHOOL WORKSHEET'!$AJ:$AJ,'SCHOOL WORKSHEET'!$B:$B,TRUE,'SCHOOL WORKSHEET'!$C:$C,$A203)/SUMIFS('SCHOOL WORKSHEET'!$N:$N,'SCHOOL WORKSHEET'!$B:$B,TRUE,'SCHOOL WORKSHEET'!$C:$C,$A203)) -> 0 | M203: =SUMIFS('SCHOOL WORKSHEET'!$BO:$BO,'SCHOOL WORKSHEET'!$B:$B,TRUE,'SCHOOL WORKSHEET'!$C:$C,$A203)+SUMIFS('SCHOOL WORKSHEET'!$BS:$BS,'SCHOOL WORKSHEET'!$B:$B,TRUE,'SCHOOL WORKSHEET'!$C:$C,$A203) -> 0 | N203: =SUMIFS('SCHOOL WORKSHEET'!$BP:$BP,'SCHOOL WORKSHEET'!$B:$B,TRUE,'SCHOOL WORKSHEET'!$C:$C,$A203) -> 0 | O203: =SUMIFS('SCHOOL WORKSHEET'!$BQ:$BQ,'SCHOOL WORKSHEET'!$B:$B,TRUE,'SCHOOL WORKSHEET'!$C:$C,$A203)+SUMIFS('SCHOOL WORKSHEET'!$BT:$BT,'SCHOOL WORKSHEET'!$B:$B,TRUE,'SCHOOL WORKSHEET'!$C:$C,$A203) -> 0 | P203: =SUMIFS('SCHOOL WORKSHEET'!$BR:$BR,'SCHOOL WORKSHEET'!$B:$B,TRUE,'SCHOOL WORKSHEET'!$C:$C,$A203) -> 0 | Q203: =SUMIFS('SCHOOL WORKSHEET'!$BU:$BU,'SCHOOL WORKSHEET'!$B:$B,TRUE,'SCHOOL WORKSHEET'!$C:$C,$A203)+SUMIFS('SCHOOL WORKSHEET'!$BS:$BS,'SCHOOL WORKSHEET'!$B:$B,TRUE,'SCHOOL WORKSHEET'!$C:$C,$A203) -> 0 | R203: =SUM(M203:Q203) -> 0 | S203: =SUMIFS('SCHOOL WORKSHEET'!$BV:$BV,'SCHOOL WORKSHEET'!$B:$B,TRUE,'SCHOOL WORKSHEET'!$C:$C,$A203) -> 0 | T203: =SUMIFS('SCHOOL WORKSHEET'!$BW:$BW,'SCHOOL WORKSHEET'!$B:$B,TRUE,'SCHOOL WORKSHEET'!$C:$C,$A203) -> 0 | U203: =SUM(S203:T203) -> 0 | V203: =R203-U203 -> 0

Sheet LIST
B1: 1
B2: 2
B3: 3
B4: 4
B5: 5
B6: 6
B7: 7
B8: 8
B9: 9
B10: 10
B11: 11
B12: 12
... B200: 200
